Workbook

Sheet PRINCIPAL
B4: ESCOLHA O MÊS PARA ANALISAR
B12: COMO PREENCHER A PLANILHA
B14: 1 | D14: 2 | F14: 3 | H14: 4
B15: Preencha apenas os campos marcados em CINZA. | D15: Você deverá iniciar o preenchimento pela aba abaixo ORÇAMENTO PESSOAL, onde você terá a sua visão planejada para 1 ano. | F15: No preenchimento do campo investimentos, os valores deverão estar consolidados conforme suas metas. As aplicações são inseridas com sinal positivo e os resgates com sinal negativo. | H15: No balanço do mês, a sobra do mês anterior, corresponde a eventuais saldos em conta no último dia do mês, que não foram investidos.
B18: 5 | D18: 6 | F18: 7 | H18: 8
B19: No item Saldo de Investimentos, você terá o valor acumulado em cada um dos seus objetivos. Caso já possua algum valor investido para esses objetivos, deverá acrescentar o valor como RECEITAS e nos INVESTIMENTOS, do mês de início da planilha. | D19: Ao concluir o Orçamento Anual, você deverá selecionar o mês que será monitorado no MENU acima. Agora você já tem os limites estabelecidos para cada despesa. | F19: As abas de ACOMPANHAMENTO MENSAL, estão divididas conforme o mês, sendo possível já registrar nos meses subsequentes os gastos parcelados (Coluna Gasto Atual). | H19: Ao longo do mês, você preencherá a coluna Gasto Atual e poderá acompanhar quanto há disponível ao longo do mês em cada tipo de despesa.
B21: 9 | D21: 10 | F21: 11
B22: Ao finalizar o mês, o seu orçamento realizado, será composto pelos valores que constam na coluna Gasto Atual, você deverá então, levar essa visão do realizado para o seu ORÇAMENTO PESSOAL anual e realizar eventuais ajustes para o meses seguintes. | D22: Na aba DISTRIBUIÇÃO DO ORÇAMENTO você terá o cálculo do valor sugerido para sua reserva de emergência. Para essa conta foi considerado o seu custo de vida médio, com base no preenchimento dos 12 meses de despesas do seu ORÇAMENTO PESSOAL. | F22: Na aba DISTRIBUIÇÃO DO ORÇAMENTO você ainda terá como verificar a distribuição sugerida para o seu orçamento. Ela é preenchida no padrão 50/30/20, mas você poderá alterar com base nas sugestões, conforme faixas de renda sugeridas. Dessa forma, você terá uma referência para ajustar o seu ORÇAMENTO PESSOAL.

Sheet ORÇAMENTO PESSOAL
A1: Orçamento Pessoal
A2: Meses | E2: Janeiro | F2: Fevereiro | G2: Março | H2: Abril | I2: Maio | J2: Junho | K2: Julho | L2: Agosto | M2: Setembro | N2: Outubro | O2: Novembro | P2: Dezembro | Q2: Total Ano
E3: Valor | F3: Valor | G3: Valor | H3: Valor | I3: Valor | J3: Valor | K3: Valor | L3: Valor | M3: Valor | N3: Valor | O3: Valor | P3: Valor
A4: RECEITAS | D4: Salário | Q4: =SUM(E4:P4) -> 0
D5: Pró-labore | Q5: =SUM(E5:P5) -> 0
D6: Comissão | Q6: =SUM(E6:P6) -> 0
D7: Vale Refeição e Alimentação | Q7: =SUM(E7:P7) -> 0
D8: Bônus e Extras | Q8: =SUM(E8:P8) -> 0
D9: 13º Salário | Q9: =SUM(E9:P9) -> 0
D10: Férias | Q10: =SUM(E10:P10) -> 0
D11: Dividendos | Q11: =SUM(E11:P11) -> 0
D12: Aluguel | Q12: =SUM(E12:P12) -> 0
D13: Renda Extra | Q13: =SUM(E13:P13) -> 0
D14: Outros | Q14: =SUM(E14:P14) -> 0
D15: Total | E15: =SUM(E4:E14) -> 0 | F15: =SUM(F4:F14) -> 0 | G15: =SUM(G4:G14) -> 0 | H15: =SUM(H4:H14) -> 0 | I15: =SUM(I4:I14) -> 0 | J15: =SUM(J4:J14) -> 0 | K15: =SUM(K4:K14) -> 0 | L15: =SUM(L4:L14) -> 0 | ... P15: =SUM(P4:P14) -> 0 | Q15: =SUM(E15:P15) -> 0
A17: INVESTIMENTOS Insira aqui o montante mensal que você destinará aos seus investimentos | D17: Meta 1 | Q17: =SUM(E17:P17) -> 0
D18: Meta 2 | Q18: =SUM(E18:P18) -> 0
D19: Reserva de Emergência | Q19: =SUM(E19:P19) -> 0
D20: Aposentadoria/ Independência Financeira | Q20: =SUM(E20:P20) -> 0
D21: Outros | Q21: =SUM(E21:P21) -> 0
D22: Total | E22: =SUM(E17:E21) -> 0 | F22: =SUM(F17:F21) -> 0 | G22: =SUM(G17:G21) -> 0 | H22: =SUM(H17:H21) -> 0 | I22: =SUM(I17:I21) -> 0 | J22: =SUM(J17:J21) -> 0 | K22: =SUM(K17:K21) -> 0 | L22: =SUM(L17:L21) -> 0 | ... Q22: =SUM(Q17:Q21) -> 0
D23: % sobre Receita | E23: =E22/E15 -> #DIV/0! | F23: =F22/F15 -> #DIV/0! | G23: =G22/G15 -> #DIV/0! | H23: =H22/H15 -> #DIV/0! | I23: =I22/I15 -> #DIV/0! | J23: =J22/J15 -> #DIV/0! | K23: =K22/K15 -> #DIV/0! | L23: =L22/L15 -> #DIV/0! | ... Q23: =Q22/Q15 -> #DIV/0!
A25: NECESSIDADES / ESSENCIAIS | B25: DESPESAS FIXAS Aquelas que têm o mesmo valor mensalmente. e DESPESAS VARIÁVEIS Aquelas que acontecem todos os meses, podem variar de valor e podemos tentar reduzir. | C25: Habitação | D25: Aluguel | Q25: =SUM(E25:P25) -> 0
D26: Condomínio | Q26: =SUM(E26:P26) -> 0
D27: Prestação da Casa | Q27: =SUM(E27:P27) -> 0
D28: Diarista/Mensalista | Q28: =SUM(E28:P28) -> 0
D29: Luz | Q29: =SUM(E29:P29) -> 0
D30: Água | Q30: =SUM(E30:P30) -> 0
D31: Telefone | Q31: =SUM(E31:P31) -> 0
D32: Gás | Q32: =SUM(E32:P32) -> 0
D33: Internet | Q33: =SUM(E33:P33) -> 0
D34: Outros | Q34: =SUM(E34:P34) -> 0
C35: Transporte | D35: Prestação do Carro | Q35: =SUM(E35:P35) -> 0
D36: Seguro do Carro | Q36: =SUM(E36:P36) -> 0
D37: Combustível | Q37: =SUM(E37:P37) -> 0
D38: Metrô/Ônibus | Q38: =SUM(E38:P38) -> 0
D39: Taxi/Uber | Q39: =SUM(E39:P39) -> 0
D40: Estacionamento | Q40: =SUM(E40:P40) -> 0
D41: Outros | Q41: =SUM(E41:P41) -> 0
C42: Saúde | D42: Plano de Saúde | Q42: =SUM(E42:P42) -> 0
D43: Medicamentos | Q43: =SUM(E43:P43) -> 0
D44: Outros | Q44: =SUM(E44:P44) -> 0
C45: Alimentação | D45: Supermercado | Q45: =SUM(E45:P45) -> 0
D46: Feira | Q46: =SUM(E46:P46) -> 0
D47: Padaria | Q47: =SUM(E47:P47) -> 0
D48: Outros | Q48: =SUM(E48:P48) -> 0
C49: Educação | D49: Mensalidade | Q49: =SUM(E49:P49) -> 0
D50: Transporte Escolar | Q50: =SUM(E50:P50) -> 0
D51: Outros | Q51: =SUM(E51:P51) -> 0
C52: Animais de Estimação | D52: Ração | Q52: =SUM(E52:P52) -> 0
D53: Banho/Tosa | Q53: =SUM(E53:P53) -> 0
D54: Veterinário/Plano Pet | Q54: =SUM(E54:P54) -> 0
C55: Outros | D55: Seguro de Vida | Q55: =SUM(E55:P55) -> 0
D56: Tarifas Bancárias | Q56: =SUM(E56:P56) -> 0
D57: Empréstimos/Financiamentos | Q57: =SUM(E57:P57) -> 0
D58: Outros | Q58: =SUM(E58:P58) -> 0
B59: EVENTUAIS São as despesas que não acontecem com periodicidade definida ou são extraordinárias, para as quais precisamos estar preparadas quando acontecerem. | C59: Saúde | D59: Médico | Q59: =SUM(E59:P59) -> 0
D60: Dentista | Q60: =SUM(E60:P60) -> 0
D61: Outros | Q61: =SUM(E61:P61) -> 0
C62: Impostos | D62: IPTU | Q62: =SUM(E62:P62) -> 0
D63: IPVA | Q63: =SUM(E63:P63) -> 0
D64: IR | Q64: =SUM(E64:P64) -> 0
D65: Outros | Q65: =SUM(E65:P65) -> 0
C66: Educação | D66: Material Escolar | Q66: =SUM(E66:P66) -> 0
D67: Uniforme | Q67: =SUM(E67:P67) -> 0
D68: Outros | Q68: =SUM(E68:P68) -> 0
C69: Outros | D69: Manutenção do Carro | Q69: =SUM(E69:P69) -> 0
D70: Manutenção do Casa | Q70: =SUM(E70:P70) -> 0
D71: Outros | Q71: =SUM(E71:P71) -> 0
C72: Total NECESSIDADES | E72: =SUM(E25:E71) -> 0 | F72: =SUM(F25:F71) -> 0 | G72: =SUM(G25:G71) -> 0 | H72: =SUM(H25:H71) -> 0 | I72: =SUM(I25:I71) -> 0 | J72: =SUM(J25:J71) -> 0 | K72: =SUM(K25:K71) -> 0 | L72: =SUM(L25:L71) -> 0 | ... P72: =SUM(P25:P71) -> 0 | Q72: =SUM(E72:P72) -> 0
C73: % sobre Receita | E73: =E72/E15 -> #DIV/0! | F73: =F72/F15 -> #DIV/0! | G73: =G72/G15 -> #DIV/0! | H73: =H72/H15 -> #DIV/0! | I73: =I72/I15 -> #DIV/0! | J73: =J72/J15 -> #DIV/0! | K73: =K72/K15 -> #DIV/0! | L73: =L72/L15 -> #DIV/0! | ... Q73: =Q72/Q15 -> #DIV/0!
A74: VONTADES | B74: ADICIONAIS Aquelas que não precisam acontecer todos os meses, são variáveis e fazem parte do estilo de vida. | C74: Lazer | D74: Viagens/Passeios | Q74: =SUM(E74:P74) -> 0
D75: Restaurantes/Bares | Q75: =SUM(E75:P75) -> 0
D76: Apps de Comida | Q76: =SUM(E76:P76) -> 0
D77: Cinema/Teatro / Show | Q77: =SUM(E77:P77) -> 0
D78: Assinaturas Mensais | Q78: =SUM(E78:P78) -> 0
D79: Outros | Q79: =SUM(E79:P79) -> 0
C80: Vestuário | D80: Roupas | Q80: =SUM(E80:P80) -> 0
D81: Calçados | Q81: =SUM(E81:P81) -> 0
D82: Acessórios | Q82: =SUM(E82:P82) -> 0
C83: Cuidados Pessoais | D83: Beleza | Q83: =SUM(E83:P83) -> 0
D84: Cosméticos | Q84: =SUM(E84:P84) -> 0
D85: Academia | Q85: =SUM(E85:P85) -> 0
D86: Outros | Q86: =SUM(E86:P86) -> 0
C87: Outros | D87: Presentes | Q87: =SUM(E87:P87) -> 0
D88: Utilidades Domésticas e Decoração | Q88: =SUM(E88:P88) -> 0
D89: Cursos/Livros | Q89: =SUM(E89:P89) -> 0
D90: Despesas não identificadas | Q90: =SUM(E90:P90) -> 0
D91: Doações/Dízimos | Q91: =SUM(E91:P91) -> 0
D92: Outros | Q92: =SUM(E92:P92) -> 0
C93: Total VONTADES | E93: =SUM(E74:E92) -> 0 | F93: =SUM(F74:F92) -> 0 | G93: =SUM(G74:G92) -> 0 | H93: =SUM(H74:H92) -> 0 | I93: =SUM(I74:I92) -> 0 | J93: =SUM(J74:J92) -> 0 | K93: =SUM(K74:K92) -> 0 | L93: =SUM(L74:L92) -> 0 | ... P93: =SUM(P74:P92) -> 0 | Q93: =SUM(E93:P93) -> 0
C94: % sobre Receita | E94: =E93/E15 -> #DIV/0! | F94: =F93/F15 -> #DIV/0! | G94: =G93/G15 -> #DIV/0! | H94: =H93/H15 -> #DIV/0! | I94: =I93/I15 -> #DIV/0! | J94: =J93/J15 -> #DIV/0! | K94: =K93/K15 -> #DIV/0! | L94: =L93/L15 -> #DIV/0! | ... Q94: =Q93/Q15 -> #DIV/0!
A96: Totais | D96: Receita | E96: =E15 -> 0 | F96: =F15 -> 0 | G96: =G15 -> 0 | H96: =H15 -> 0 | I96: =I15 -> 0 | J96: =J15 -> 0 | K96: =K15 -> 0 | L96: =L15 -> 0 | ... P96: =P15 -> 0
D97: Investimentos | E97: =E22 -> 0 | F97: =F22 -> 0 | G97: =G22 -> 0 | H97: =H22 -> 0 | I97: =I22 -> 0 | J97: =J22 -> 0 | K97: =K22 -> 0 | L97: =L22 -> 0 | ... P97: =P22 -> 0
D98: Despesas com NECESSIDADES | E98: =E72 -> 0 | F98: =F72 -> 0 | G98: =G72 -> 0 | H98: =H72 -> 0 | I98: =I72 -> 0 | J98: =J72 -> 0 | K98: =K72 -> 0 | L98: =L72 -> 0 | ... P98: =P72 -> 0
D99: Despesas com VONTADES | E99: =E93 -> 0 | F99: =F93 -> 0 | G99: =G93 -> 0 | H99: =H93 -> 0 | I99: =I93 -> 0 | J99: =J93 -> 0 | K99: =K93 -> 0 | L99: =L93 -> 0 | ... P99: =P93 -> 0
A100: Balanço do Mês | D100: Saldo Disponível no Mês | E100: =E96-E98-E99 -> 0 | F100: =F96-F98-F99 -> 0 | G100: =G96-G98-G99 -> 0 | H100: =H96-H98-H99 -> 0 | I100: =I96-I98-I99 -> 0 | J100: =J96-J98-J99 -> 0 | K100: =K96-K98-K99 -> 0 | L100: =L96-L98-L99 -> 0 | ... P100: =P96-P98-P99 -> 0
D101: Sobra do Mês Anterior (em Conta Corrente)
D102: Saldo Após Investimentos | E102: =E100+E101-E97 -> 0 | F102: =F100+F101-F97 -> 0 | G102: =G100+G101-G97 -> 0 | H102: =H100+H101-H97 -> 0 | I102: =I100+I101-I97 -> 0 | J102: =J100+J101-J97 -> 0 | K102: =K100+K101-K97 -> 0 | L102: =L100+L101-L97 -> 0 | ... P102: =P100+P101-P97 -> 0
A103: Saldo Investimentos | D103: Meta 1 | E103: =E17 -> 0 | F103: =E103+F17 -> 0 | G103: =F103+G17 -> 0 | H103: =G103+H17 -> 0 | I103: =H103+I17 -> 0 | J103: =I103+J17 -> 0 | K103: =J103+K17 -> 0 | L103: =K103+L17 -> 0 | M103: =L103+M17 -> 0 | ... P103: =O103+P17 -> 0
...

Sheet DISTRIBUIÇÃO DO ORÇAMENTO
A1: Distribuição do Orçamento
D2: Distribuição do Orçamento | Q2: Sugestões de Distribuição por Faixa de Renda
A3: Renda Líquida (Mensal)
Q4: Renda de R$ 1.500 | R4: % | S4: R$
A5: Categorias | B5: % | C5: R$ | Q5: Necessidades | R5: 0.7 | S5: =$B$3*R5 -> 0
A6: Necessidades | B6: 0.5 | C6: =$B$3*B6 -> 0 | Q6: Vontades | R6: 0.15 | S6: =$B$3*R6 -> 0
A7: Vontades | B7: 0.3 | C7: =$B$3*B7 -> 0 | Q7: Metas (Médio e Longo Prazo) | R7: 0.05 | S7: =$B$3*R7 -> 0
A8: Metas (Médio e Longo Prazo) | B8: 0.05 | C8: =$B$3*B8 -> 0 | Q8: Reserva de Emergência | R8: 0.05 | S8: =$B$3*R8 -> 0
A9: Reserva de Emergência | B9: 0.05 | C9: =$B$3*B9 -> 0 | Q9: Aposentadoria/Independência Financeira | R9: 0.05 | S9: =$B$3*R9 -> 0
A10: Aposentadoria/Independência Financeira | B10: 0.1 | C10: =$B$3*B10 -> 0 | R10: =SUM(R5:R9) -> 1 | S10: =SUM(S5:S9) -> 0
B11: =SUM(B6:B10) -> 1 | C11: =SUM(C6:C10) -> 0
Q12: Renda de R$ 2.500 | R12: % | S12: R$
A13: Reserva de Emergência Sugerida | B13: Custo de Vida | C13: Valor da Reserva | Q13: Necessidades | R13: 0.65 | S13: =$B$3*R13 -> 0
A14: CLT | B14: =('ORÇAMENTO PESSOAL'!Q72+'ORÇAMENTO PESSOAL'!Q93)/12 -> 0 | C14: =B14*6 -> 0 | Q14: Vontades | R14: 0.2 | S14: =$B$3*R14 -> 0
A15: Autônomo | B15: =('ORÇAMENTO PESSOAL'!Q72+'ORÇAMENTO PESSOAL'!Q93)/12 -> 0 | C15: =B15*12 -> 0 | Q15: Metas (Médio e Longo Prazo) | R15: 0.05 | S15: =$B$3*R15 -> 0
Q16: Reserva de Emergência | R16: 0.05 | S16: =$B$3*R16 -> 0
Q17: Aposentadoria/Independência Financeira | R17: 0.05 | S17: =$B$3*R17 -> 0
R18: =SUM(R13:R17) -> 1 | S18: =SUM(S13:S17) -> 0
Q20: Renda de R$ 3.000 | R20: % | S20: R$
Q21: Necessidades | R21: 0.6 | S21: =$B$3*R21 -> 0
Q22: Vontades | R22: 0.25 | S22: =$B$3*R22 -> 0
Q23: Metas (Médio e Longo Prazo) | R23: 0.05 | S23: =$B$3*R23 -> 0
Q24: Reserva de Emergência | R24: 0.05 | S24: =$B$3*R24 -> 0
Q25: Aposentadoria/Independência Financeira | R25: 0.05 | S25: =$B$3*R25 -> 0
R26: =SUM(R21:R25) -> 1 | S26: =SUM(S21:S25) -> 0
Q28: Renda de R$ 4.000 | R28: % | S28: R$
Q29: Necessidades | R29: 0.55 | S29: =$B$3*R29 -> 0
Q30: Vontades | R30: 0.25 | S30: =$B$3*R30 -> 0
Q31: Metas (Médio e Longo Prazo) | R31: 0.1 | S31: =$B$3*R31 -> 0
Q32: Reserva de Emergência | R32: 0.05 | S32: =$B$3*R32 -> 0
Q33: Aposentadoria/Independência Financeira | R33: 0.05 | S33: =$B$3*R33 -> 0
R34: =SUM(R29:R33) -> 1 | S34: =SUM(S29:S33) -> 0
Q36: Renda de R$ 5.000 | R36: % | S36: R$
Q37: Necessidades | R37: 0.5 | S37: =$B$3*R37 -> 0
Q38: Vontades | R38: 0.3 | S38: =$B$3*R38 -> 0
Q39: Metas (Médio e Longo Prazo) | R39: 0.1 | S39: =$B$3*R39 -> 0
Q40: Reserva de Emergência | R40: 0.05 | S40: =$B$3*R40 -> 0
Q41: Aposentadoria/Independência Financeira | R41: 0.05 | S41: =$B$3*R41 -> 0
R42: =SUM(R37:R41) -> 1 | S42: =SUM(S37:S41) -> 0

Sheet JANEIRO
A1: Acompanhamento Mensal
C2: JANEIRO | E2: Orçamento Previsto | F2: Gasto Atual | G2: Disponível | I2: RESUMO | K2: Orçamento Previsto | L2: Gasto Atual | M2: Disponível
A3: INVESTIMENTOS Insira aqui o montante mensal que você destinará aos seus investimentos. | D3: Meta 1 | E3: =HLOOKUP($C$2,'ORÇAMENTO PESSOAL'!$E$2:$P$92,16,FALSE) -> 0 | G3: =E3-F3 -> 0 | I3: Necessidades | K3: =E57 -> 0 | L3: =F57 -> 0 | M3: =K3-L3 -> 0
D4: Meta 2 | E4: =HLOOKUP($C$2,'ORÇAMENTO PESSOAL'!$E$2:$P$92,17,FALSE) -> 0 | G4: =E4-F4 -> 0 | I4: Vontades | K4: =E77 -> 0 | L4: =F77 -> 0 | M4: =K4-L4 -> 0
D5: Reserva de Emergência | E5: =HLOOKUP($C$2,'ORÇAMENTO PESSOAL'!$E$2:$P$92,18,FALSE) -> 0 | G5: =E5-F5 -> 0 | I5: Metas (Médio e Longo Prazo) | K5: =E3+E4+E7 -> 0 | L5: =F3+F4+F7 -> 0 | M5: =K5-L5 -> 0
D6: Aposentadoria/Independência Financeira | E6: =HLOOKUP($C$2,'ORÇAMENTO PESSOAL'!$E$2:$P$92,19,FALSE) -> 0 | G6: =E6-F6 -> 0 | I6: Reserva de Emergência | K6: =E5 -> 0 | L6: =F5 -> 0 | M6: =K6-L6 -> 0
D7: Outros | E7: =HLOOKUP($C$2,'ORÇAMENTO PESSOAL'!$E$2:$P$92,20,FALSE) -> 0 | G7: =E7-F7 -> 0 | I7: Aposentadoria/Independência Fin. | K7: =E6 -> 0 | L7: =F6 -> 0 | M7: =K7-L7 -> 0
D8: Total | E8: =SUM(E3:E7) -> 0 | F8: =SUM(F3:F7) -> 0 | G8: =SUM(G3:G7) -> 0 | I8: Total | K8: =SUM(K3:K7) -> 0 | L8: =SUM(L3:L7) -> 0 | M8: =K8-L8 -> 0
A10: NECESSIDADES / ESSENCIAIS | B10: DESPESAS FIXAS Aquelas que têm o mesmo valor mensalmente. e DESPESAS VARIÁVEIS Aquelas que acontecem todos os meses, podem variar de valor e podemos tentar reduzir. | C10: Habitação | D10: Aluguel | E10: =HLOOKUP($C$2,'ORÇAMENTO PESSOAL'!$E$2:$P$92,24,FALSE) -> 0 | G10: =E10-F10 -> 0
D11: Condomínio | E11: =HLOOKUP($C$2,'ORÇAMENTO PESSOAL'!$E$2:$P$92,25,FALSE) -> 0 | G11: =E11-F11 -> 0
D12: Prestação da Casa | E12: =HLOOKUP($C$2,'ORÇAMENTO PESSOAL'!$E$2:$P$92,26,FALSE) -> 0 | G12: =E12-F12 -> 0
D13: Diarista/Mensalista | E13: =HLOOKUP($C$2,'ORÇAMENTO PESSOAL'!$E$2:$P$92,27,FALSE) -> 0 | G13: =E13-F13 -> 0
D14: Luz | E14: =HLOOKUP($C$2,'ORÇAMENTO PESSOAL'!$E$2:$P$92,28,FALSE) -> 0 | G14: =E14-F14 -> 0
D15: Água | E15: =HLOOKUP($C$2,'ORÇAMENTO PESSOAL'!$E$2:$P$92,29,FALSE) -> 0 | G15: =E15-F15 -> 0
D16: Telefone | E16: =HLOOKUP($C$2,'ORÇAMENTO PESSOAL'!$E$2:$P$92,30,FALSE) -> 0 | G16: =E16-F16 -> 0
D17: Gás | E17: =HLOOKUP($C$2,'ORÇAMENTO PESSOAL'!$E$2:$P$92,31,FALSE) -> 0 | G17: =E17-F17 -> 0
D18: Internet | E18: =HLOOKUP($C$2,'ORÇAMENTO PESSOAL'!$E$2:$P$92,32,FALSE) -> 0 | G18: =E18-F18 -> 0
D19: Outros | E19: =HLOOKUP($C$2,'ORÇAMENTO PESSOAL'!$E$2:$P$92,33,FALSE) -> 0 | G19: =E19-F19 -> 0
C20: Transporte | D20: Prestação do Carro | E20: =HLOOKUP($C$2,'ORÇAMENTO PESSOAL'!$E$2:$P$92,34,FALSE) -> 0 | G20: =E20-F20 -> 0
D21: Seguro do Carro | E21: =HLOOKUP($C$2,'ORÇAMENTO PESSOAL'!$E$2:$P$92,35,FALSE) -> 0 | G21: =E21-F21 -> 0
D22: Combustível | E22: =HLOOKUP($C$2,'ORÇAMENTO PESSOAL'!$E$2:$P$92,36,FALSE) -> 0 | G22: =E22-F22 -> 0
D23: Metrô/Ônibus | E23: =HLOOKUP($C$2,'ORÇAMENTO PESSOAL'!$E$2:$P$92,37,FALSE) -> 0 | G23: =E23-F23 -> 0
D24: Taxi/Uber | E24: =HLOOKUP($C$2,'ORÇAMENTO PESSOAL'!$E$2:$P$92,38,FALSE) -> 0 | G24: =E24-F24 -> 0
D25: Estacionamento | E25: =HLOOKUP($C$2,'ORÇAMENTO PESSOAL'!$E$2:$P$92,39,FALSE) -> 0 | G25: =E25-F25 -> 0
D26: Outros | E26: =HLOOKUP($C$2,'ORÇAMENTO PESSOAL'!$E$2:$P$92,40,FALSE) -> 0 | G26: =E26-F26 -> 0
C27: Saúde | D27: Plano de Saúde | E27: =HLOOKUP($C$2,'ORÇAMENTO PESSOAL'!$E$2:$P$92,41,FALSE) -> 0 | G27: =E27-F27 -> 0
D28: Medicamentos | E28: =HLOOKUP($C$2,'ORÇAMENTO PESSOAL'!$E$2:$P$92,42,FALSE) -> 0 | G28: =E28-F28 -> 0
D29: Outros | E29: =HLOOKUP($C$2,'ORÇAMENTO PESSOAL'!$E$2:$P$92,43,FALSE) -> 0 | G29: =E29-F29 -> 0
C30: Alimentação | D30: Supermercado | E30: =HLOOKUP($C$2,'ORÇAMENTO PESSOAL'!$E$2:$P$92,44,FALSE) -> 0 | G30: =E30-F30 -> 0
D31: Feira | E31: =HLOOKUP($C$2,'ORÇAMENTO PESSOAL'!$E$2:$P$92,45,FALSE) -> 0 | G31: =E31-F31 -> 0
D32: Padaria | E32: =HLOOKUP($C$2,'ORÇAMENTO PESSOAL'!$E$2:$P$92,46,FALSE) -> 0 | G32: =E32-F32 -> 0
D33: Outros | E33: =HLOOKUP($C$2,'ORÇAMENTO PESSOAL'!$E$2:$P$92,47,FALSE) -> 0 | G33: =E33-F33 -> 0
C34: Educação | D34: Mensalidade | E34: =HLOOKUP($C$2,'ORÇAMENTO PESSOAL'!$E$2:$P$92,48,FALSE) -> 0 | G34: =E34-F34 -> 0
D35: Transporte Escolar | E35: =HLOOKUP($C$2,'ORÇAMENTO PESSOAL'!$E$2:$P$92,49,FALSE) -> 0 | G35: =E35-F35 -> 0
D36: Outros | E36: =HLOOKUP($C$2,'ORÇAMENTO PESSOAL'!$E$2:$P$92,50,FALSE) -> 0 | G36: =E36-F36 -> 0
C37: Animais de Estimação | D37: Ração | E37: =HLOOKUP($C$2,'ORÇAMENTO PESSOAL'!$E$2:$P$92,51,FALSE) -> 0 | G37: =E37-F37 -> 0
D38: Banho/Tosa | E38: =HLOOKUP($C$2,'ORÇAMENTO PESSOAL'!$E$2:$P$92,52,FALSE) -> 0 | G38: =E38-F38 -> 0
D39: Veterinário/Plano Pet | E39: =HLOOKUP($C$2,'ORÇAMENTO PESSOAL'!$E$2:$P$92,53,FALSE) -> 0 | G39: =E39-F39 -> 0
C40: Outros | D40: Seguro de Vida | E40: =HLOOKUP($C$2,'ORÇAMENTO PESSOAL'!$E$2:$P$92,54,FALSE) -> 0 | G40: =E40-F40 -> 0
D41: Tarifas Bancárias | E41: =HLOOKUP($C$2,'ORÇAMENTO PESSOAL'!$E$2:$P$92,55,FALSE) -> 0 | G41: =E41-F41 -> 0
D42: Empréstimos/Financiamentos | E42: =HLOOKUP($C$2,'ORÇAMENTO PESSOAL'!$E$2:$P$92,56,FALSE) -> 0 | G42: =E42-F42 -> 0
D43: Outros | E43: =HLOOKUP($C$2,'ORÇAMENTO PESSOAL'!$E$2:$P$92,57,FALSE) -> 0 | G43: =E43-F43 -> 0
B44: EVENTUAIS São as despesas que não acontecem com periodicidade definida ou são extraordinárias, para as quais precisamos estar preparadas quando acontecerem. | C44: Saúde | D44: Médico/Terapia | E44: =HLOOKUP($C$2,'ORÇAMENTO PESSOAL'!$E$2:$P$92,58,FALSE) -> 0 | G44: =E44-F44 -> 0
D45: Dentista | E45: =HLOOKUP($C$2,'ORÇAMENTO PESSOAL'!$E$2:$P$92,59,FALSE) -> 0 | G45: =E45-F45 -> 0
D46: Outros | E46: =HLOOKUP($C$2,'ORÇAMENTO PESSOAL'!$E$2:$P$92,60,FALSE) -> 0 | G46: =E46-F46 -> 0
C47: Impostos | D47: IPTU | E47: =HLOOKUP($C$2,'ORÇAMENTO PESSOAL'!$E$2:$P$92,61,FALSE) -> 0 | G47: =E47-F47 -> 0
D48: IPVA | E48: =HLOOKUP($C$2,'ORÇAMENTO PESSOAL'!$E$2:$P$92,62,FALSE) -> 0 | G48: =E48-F48 -> 0
D49: IR | E49: =HLOOKUP($C$2,'ORÇAMENTO PESSOAL'!$E$2:$P$92,63,FALSE) -> 0 | G49: =E49-F49 -> 0
D50: Outros | E50: =HLOOKUP($C$2,'ORÇAMENTO PESSOAL'!$E$2:$P$92,64,FALSE) -> 0 | G50: =E50-F50 -> 0
C51: Educação | D51: Material Escolar | E51: =HLOOKUP($C$2,'ORÇAMENTO PESSOAL'!$E$2:$P$92,65,FALSE) -> 0 | G51: =E51-F51 -> 0
D52: Uniforme | E52: =HLOOKUP($C$2,'ORÇAMENTO PESSOAL'!$E$2:$P$92,66,FALSE) -> 0 | G52: =E52-F52 -> 0
D53: Outros | E53: =HLOOKUP($C$2,'ORÇAMENTO PESSOAL'!$E$2:$P$92,67,FALSE) -> 0 | G53: =E53-F53 -> 0
C54: Outros | D54: Manutenção do Carro | E54: =HLOOKUP($C$2,'ORÇAMENTO PESSOAL'!$E$2:$P$92,68,FALSE) -> 0 | G54: =E54-F54 -> 0
D55: Manutenção da Casa | E55: =HLOOKUP($C$2,'ORÇAMENTO PESSOAL'!$E$2:$P$92,69,FALSE) -> 0 | G55: =E55-F55 -> 0
D56: Outros | E56: =HLOOKUP($C$2,'ORÇAMENTO PESSOAL'!$E$2:$P$92,70,FALSE) -> 0 | G56: =E56-F56 -> 0
C57: Total NECESSIDADES | E57: =SUM(E10:E56) -> 0 | F57: =SUM(F10:F56) -> 0 | G57: =E57-F57 -> 0
A58: VONTADES | B58: ADICIONAIS Aquelas que não precisam acontecer todos os meses, são variáveis e fazem parte do estilo de vida. | C58: Lazer | D58: Viagens/Passeios | E58: =HLOOKUP($C$2,'ORÇAMENTO PESSOAL'!$E$2:$P$92,73,FALSE) -> 0 | G58: =E58-F58 -> 0
D59: Restaurantes/Bares | E59: =HLOOKUP($C$2,'ORÇAMENTO PESSOAL'!$E$2:$P$92,74,FALSE) -> 0 | G59: =E59-F59 -> 0
D60: Apps de Comida | E60: =HLOOKUP($C$2,'ORÇAMENTO PESSOAL'!$E$2:$P$92,75,FALSE) -> 0 | G60: =E60-F60 -> 0
D61: Cinemas/Teatros/Shows | E61: =HLOOKUP($C$2,'ORÇAMENTO PESSOAL'!$E$2:$P$92,76,FALSE) -> 0 | G61: =E61-F61 -> 0
D62: Assinaturas Mensais | E62: =HLOOKUP($C$2,'ORÇAMENTO PESSOAL'!$E$2:$P$92,77,FALSE) -> 0 | G62: =E62-F62 -> 0
D63: Outros | E63: =HLOOKUP($C$2,'ORÇAMENTO PESSOAL'!$E$2:$P$92,78,FALSE) -> 0 | G63: =E63-F63 -> 0
C64: Vestuário | D64: Roupas | E64: =HLOOKUP($C$2,'ORÇAMENTO PESSOAL'!$E$2:$P$92,79,FALSE) -> 0 | G64: =E64-F64 -> 0
D65: Calçados | E65: =HLOOKUP($C$2,'ORÇAMENTO PESSOAL'!$E$2:$P$92,80,FALSE) -> 0 | G65: =E65-F65 -> 0
D66: Acessórios | E66: =HLOOKUP($C$2,'ORÇAMENTO PESSOAL'!$E$2:$P$92,81,FALSE) -> 0 | G66: =E66-F66 -> 0
C67: Cuidados Pessoais | D67: Beleza | E67: =HLOOKUP($C$2,'ORÇAMENTO PESSOAL'!$E$2:$P$92,82,FALSE) -> 0 | G67: =E67-F67 -> 0
D68: Cosméticos | E68: =HLOOKUP($C$2,'ORÇAMENTO PESSOAL'!$E$2:$P$92,83,FALSE) -> 0 | G68: =E68-F68 -> 0
D69: Academia | E69: =HLOOKUP($C$2,'ORÇAMENTO PESSOAL'!$E$2:$P$92,84,FALSE) -> 0 | G69: =E69-F69 -> 0
D70: Outros | E70: =HLOOKUP($C$2,'ORÇAMENTO PESSOAL'!$E$2:$P$92,85,FALSE) -> 0 | G70: =E70-F70 -> 0
C71: Outros | D71: Presentes | E71: =HLOOKUP($C$2,'ORÇAMENTO PESSOAL'!$E$2:$P$92,86,FALSE) -> 0 | G71: =E71-F71 -> 0
D72: Utilidades Doméstica e Decoração | E72: =HLOOKUP($C$2,'ORÇAMENTO PESSOAL'!$E$2:$P$92,87,FALSE) -> 0 | G72: =E72-F72 -> 0
D73: Cursos/Livros | E73: =HLOOKUP($C$2,'ORÇAMENTO PESSOAL'!$E$2:$P$92,88,FALSE) -> 0 | G73: =E73-F73 -> 0
D74: Despesas Não Identificadas | E74: =HLOOKUP($C$2,'ORÇAMENTO PESSOAL'!$E$2:$P$92,89,FALSE) -> 0 | G74: =E74-F74 -> 0
D75: Doações/Dízimos | E75: =HLOOKUP($C$2,'ORÇAMENTO PESSOAL'!$E$2:$P$92,90,FALSE) -> 0 | G75: =E75-F75 -> 0
D76: Outros | E76: =HLOOKUP($C$2,'ORÇAMENTO PESSOAL'!$E$2:$P$93,91,FALSE) -> 0 | G76: =E76-F76 -> 0
C77: Total VONTADES | E77: =SUM(E58:E76) -> 0 | F77: =SUM(F58:F76) -> 0 | G77: =E77-F77 -> 0

Sheet FEVEREIRO
A1: Acompanhamento Mensal
C2: FEVEREIRO | E2: Orçamento Previsto | F2: Gasto Atual | G2: Disponível | I2: RESUMO | K2: Orçamento Previsto | L2: Gasto Atual | M2: Disponível
A3: INVESTIMENTOS Insira aqui o montante mensal que você destinará aos seus investimentos. | D3: Meta 1 | E3: =HLOOKUP($C$2,'ORÇAMENTO PESSOAL'!$E$2:$P$92,16,FALSE) -> 0 | G3: =E3-F3 -> 0 | I3: Necessidades | K3: =E57 -> 0 | L3: =F57 -> 0 | M3: =K3-L3 -> 0
D4: Meta 2 | E4: =HLOOKUP($C$2,'ORÇAMENTO PESSOAL'!$E$2:$P$92,17,FALSE) -> 0 | G4: =E4-F4 -> 0 | I4: Vontades | K4: =E77 -> 0 | L4: =F77 -> 0 | M4: =K4-L4 -> 0
D5: Reserva de Emergência | E5: =HLOOKUP($C$2,'ORÇAMENTO PESSOAL'!$E$2:$P$92,18,FALSE) -> 0 | G5: =E5-F5 -> 0 | I5: Metas (Médio e Longo Prazo) | K5: =E3+E4+E7 -> 0 | L5: =F3+F4+F7 -> 0 | M5: =K5-L5 -> 0
D6: Aposentadoria/Independência Financeira | E6: =HLOOKUP($C$2,'ORÇAMENTO PESSOAL'!$E$2:$P$92,19,FALSE) -> 0 | G6: =E6-F6 -> 0 | I6: Reserva de Emergência | K6: =E5 -> 0 | L6: =F5 -> 0 | M6: =K6-L6 -> 0
D7: Outros | E7: =HLOOKUP($C$2,'ORÇAMENTO PESSOAL'!$E$2:$P$92,20,FALSE) -> 0 | G7: =E7-F7 -> 0 | I7: Aposentadoria/Independência Fin. | K7: =E6 -> 0 | L7: =F6 -> 0 | M7: =K7-L7 -> 0
D8: Total | E8: =SUM(E3:E7) -> 0 | F8: =SUM(F3:F7) -> 0 | G8: =SUM(G3:G7) -> 0 | I8: Total | K8: =SUM(K3:K7) -> 0 | L8: =SUM(L3:L7) -> 0 | M8: =K8-L8 -> 0
A10: NECESSIDADES / ESSENCIAIS | B10: DESPESAS FIXAS Aquelas que têm o mesmo valor mensalmente. e DESPESAS VARIÁVEIS Aquelas que acontecem todos os meses, podem variar de valor e podemos tentar reduzir. | C10: Habitação | D10: Aluguel | E10: =HLOOKUP($C$2,'ORÇAMENTO PESSOAL'!$E$2:$P$92,24,FALSE) -> 0 | G10: =E10-F10 -> 0
D11: Condomínio | E11: =HLOOKUP($C$2,'ORÇAMENTO PESSOAL'!$E$2:$P$92,25,FALSE) -> 0 | G11: =E11-F11 -> 0
D12: Prestação da Casa | E12: =HLOOKUP($C$2,'ORÇAMENTO PESSOAL'!$E$2:$P$92,26,FALSE) -> 0 | G12: =E12-F12 -> 0
D13: Diarista/Mensalista | E13: =HLOOKUP($C$2,'ORÇAMENTO PESSOAL'!$E$2:$P$92,27,FALSE) -> 0 | G13: =E13-F13 -> 0
D14: Luz | E14: =HLOOKUP($C$2,'ORÇAMENTO PESSOAL'!$E$2:$P$92,28,FALSE) -> 0 | G14: =E14-F14 -> 0
D15: Água | E15: =HLOOKUP($C$2,'ORÇAMENTO PESSOAL'!$E$2:$P$92,29,FALSE) -> 0 | G15: =E15-F15 -> 0
D16: Telefone | E16: =HLOOKUP($C$2,'ORÇAMENTO PESSOAL'!$E$2:$P$92,30,FALSE) -> 0 | G16: =E16-F16 -> 0
D17: Gás | E17: =HLOOKUP($C$2,'ORÇAMENTO PESSOAL'!$E$2:$P$92,31,FALSE) -> 0 | G17: =E17-F17 -> 0
D18: Internet | E18: =HLOOKUP($C$2,'ORÇAMENTO PESSOAL'!$E$2:$P$92,32,FALSE) -> 0 | G18: =E18-F18 -> 0
D19: Outros | E19: =HLOOKUP($C$2,'ORÇAMENTO PESSOAL'!$E$2:$P$92,33,FALSE) -> 0 | G19: =E19-F19 -> 0
C20: Transporte | D20: Prestação do Carro | E20: =HLOOKUP($C$2,'ORÇAMENTO PESSOAL'!$E$2:$P$92,34,FALSE) -> 0 | G20: =E20-F20 -> 0
D21: Seguro do Carro | E21: =HLOOKUP($C$2,'ORÇAMENTO PESSOAL'!$E$2:$P$92,35,FALSE) -> 0 | G21: =E21-F21 -> 0
D22: Combustível | E22: =HLOOKUP($C$2,'ORÇAMENTO PESSOAL'!$E$2:$P$92,36,FALSE) -> 0 | G22: =E22-F22 -> 0
D23: Metrô/Ônibus | E23: =HLOOKUP($C$2,'ORÇAMENTO PESSOAL'!$E$2:$P$92,37,FALSE) -> 0 | G23: =E23-F23 -> 0
D24: Taxi/Uber | E24: =HLOOKUP($C$2,'ORÇAMENTO PESSOAL'!$E$2:$P$92,38,FALSE) -> 0 | G24: =E24-F24 -> 0
D25: Estacionamento | E25: =HLOOKUP($C$2,'ORÇAMENTO PESSOAL'!$E$2:$P$92,39,FALSE) -> 0 | G25: =E25-F25 -> 0
D26: Outros | E26: =HLOOKUP($C$2,'ORÇAMENTO PESSOAL'!$E$2:$P$92,40,FALSE) -> 0 | G26: =E26-F26 -> 0
C27: Saúde | D27: Plano de Saúde | E27: =HLOOKUP($C$2,'ORÇAMENTO PESSOAL'!$E$2:$P$92,41,FALSE) -> 0 | G27: =E27-F27 -> 0
D28: Medicamentos | E28: =HLOOKUP($C$2,'ORÇAMENTO PESSOAL'!$E$2:$P$92,42,FALSE) -> 0 | G28: =E28-F28 -> 0
D29: Outros | E29: =HLOOKUP($C$2,'ORÇAMENTO PESSOAL'!$E$2:$P$92,43,FALSE) -> 0 | G29: =E29-F29 -> 0
C30: Alimentação | D30: Supermercado | E30: =HLOOKUP($C$2,'ORÇAMENTO PESSOAL'!$E$2:$P$92,44,FALSE) -> 0 | G30: =E30-F30 -> 0
D31: Feira | E31: =HLOOKUP($C$2,'ORÇAMENTO PESSOAL'!$E$2:$P$92,45,FALSE) -> 0 | G31: =E31-F31 -> 0
D32: Padaria | E32: =HLOOKUP($C$2,'ORÇAMENTO PESSOAL'!$E$2:$P$92,46,FALSE) -> 0 | G32: =E32-F32 -> 0
D33: Outros | E33: =HLOOKUP($C$2,'ORÇAMENTO PESSOAL'!$E$2:$P$92,47,FALSE) -> 0 | G33: =E33-F33 -> 0
C34: Educação | D34: Mensalidade | E34: =HLOOKUP($C$2,'ORÇAMENTO PESSOAL'!$E$2:$P$92,48,FALSE) -> 0 | G34: =E34-F34 -> 0
D35: Transporte Escolar | E35: =HLOOKUP($C$2,'ORÇAMENTO PESSOAL'!$E$2:$P$92,49,FALSE) -> 0 | G35: =E35-F35 -> 0
D36: Outros | E36: =HLOOKUP($C$2,'ORÇAMENTO PESSOAL'!$E$2:$P$92,50,FALSE) -> 0 | G36: =E36-F36 -> 0
C37: Animais de Estimação | D37: Ração | E37: =HLOOKUP($C$2,'ORÇAMENTO PESSOAL'!$E$2:$P$92,51,FALSE) -> 0 | G37: =E37-F37 -> 0
D38: Banho/Tosa | E38: =HLOOKUP($C$2,'ORÇAMENTO PESSOAL'!$E$2:$P$92,52,FALSE) -> 0 | G38: =E38-F38 -> 0
D39: Veterinário/Plano Pet | E39: =HLOOKUP($C$2,'ORÇAMENTO PESSOAL'!$E$2:$P$92,53,FALSE) -> 0 | G39: =E39-F39 -> 0
C40: Outros | D40: Seguro de Vida | E40: =HLOOKUP($C$2,'ORÇAMENTO PESSOAL'!$E$2:$P$92,54,FALSE) -> 0 | G40: =E40-F40 -> 0
D41: Tarifas Bancárias | E41: =HLOOKUP($C$2,'ORÇAMENTO PESSOAL'!$E$2:$P$92,55,FALSE) -> 0 | G41: =E41-F41 -> 0
D42: Empréstimos/Financiamentos | E42: =HLOOKUP($C$2,'ORÇAMENTO PESSOAL'!$E$2:$P$92,56,FALSE) -> 0 | G42: =E42-F42 -> 0
D43: Outros | E43: =HLOOKUP($C$2,'ORÇAMENTO PESSOAL'!$E$2:$P$92,57,FALSE) -> 0 | G43: =E43-F43 -> 0
B44: EVENTUAIS São as despesas que não acontecem com periodicidade definida ou são extraordinárias, para as quais precisamos estar preparadas quando acontecerem. | C44: Saúde | D44: Médico/Terapia | E44: =HLOOKUP($C$2,'ORÇAMENTO PESSOAL'!$E$2:$P$92,58,FALSE) -> 0 | G44: =E44-F44 -> 0
D45: Dentista | E45: =HLOOKUP($C$2,'ORÇAMENTO PESSOAL'!$E$2:$P$92,59,FALSE) -> 0 | G45: =E45-F45 -> 0
D46: Outros | E46: =HLOOKUP($C$2,'ORÇAMENTO PESSOAL'!$E$2:$P$92,60,FALSE) -> 0 | G46: =E46-F46 -> 0
C47: Impostos | D47: IPTU | E47: =HLOOKUP($C$2,'ORÇAMENTO PESSOAL'!$E$2:$P$92,61,FALSE) -> 0 | G47: =E47-F47 -> 0
D48: IPVA | E48: =HLOOKUP($C$2,'ORÇAMENTO PESSOAL'!$E$2:$P$92,62,FALSE) -> 0 | G48: =E48-F48 -> 0
D49: IR | E49: =HLOOKUP($C$2,'ORÇAMENTO PESSOAL'!$E$2:$P$92,63,FALSE) -> 0 | G49: =E49-F49 -> 0
D50: Outros | E50: =HLOOKUP($C$2,'ORÇAMENTO PESSOAL'!$E$2:$P$92,64,FALSE) -> 0 | G50: =E50-F50 -> 0
C51: Educação | D51: Material Escolar | E51: =HLOOKUP($C$2,'ORÇAMENTO PESSOAL'!$E$2:$P$92,65,FALSE) -> 0 | G51: =E51-F51 -> 0
D52: Uniforme | E52: =HLOOKUP($C$2,'ORÇAMENTO PESSOAL'!$E$2:$P$92,66,FALSE) -> 0 | G52: =E52-F52 -> 0
D53: Outros | E53: =HLOOKUP($C$2,'ORÇAMENTO PESSOAL'!$E$2:$P$92,67,FALSE) -> 0 | G53: =E53-F53 -> 0
C54: Outros | D54: Manutenção do Carro | E54: =HLOOKUP($C$2,'ORÇAMENTO PESSOAL'!$E$2:$P$92,68,FALSE) -> 0 | G54: =E54-F54 -> 0
D55: Manutenção da Casa | E55: =HLOOKUP($C$2,'ORÇAMENTO PESSOAL'!$E$2:$P$92,69,FALSE) -> 0 | G55: =E55-F55 -> 0
D56: Outros | E56: =HLOOKUP($C$2,'ORÇAMENTO PESSOAL'!$E$2:$P$92,70,FALSE) -> 0 | G56: =E56-F56 -> 0
C57: Total NECESSIDADES | E57: =SUM(E10:E56) -> 0 | F57: =SUM(F10:F56) -> 0 | G57: =E57-F57 -> 0
A58: VONTADES | B58: ADICIONAIS Aquelas que não precisam acontecer todos os meses, são variáveis e fazem parte do estilo de vida. | C58: Lazer | D58: Viagens/Passeios | E58: =HLOOKUP($C$2,'ORÇAMENTO PESSOAL'!$E$2:$P$92,73,FALSE) -> 0 | G58: =E58-F58 -> 0
D59: Restaurantes/Bares | E59: =HLOOKUP($C$2,'ORÇAMENTO PESSOAL'!$E$2:$P$92,74,FALSE) -> 0 | G59: =E59-F59 -> 0
D60: Apps de Comida | E60: =HLOOKUP($C$2,'ORÇAMENTO PESSOAL'!$E$2:$P$92,75,FALSE) -> 0 | G60: =E60-F60 -> 0
D61: Cinemas/Teatros/Shows | E61: =HLOOKUP($C$2,'ORÇAMENTO PESSOAL'!$E$2:$P$92,76,FALSE) -> 0 | G61: =E61-F61 -> 0
D62: Assinaturas Mensais | E62: =HLOOKUP($C$2,'ORÇAMENTO PESSOAL'!$E$2:$P$92,77,FALSE) -> 0 | G62: =E62-F62 -> 0
D63: Outros | E63: =HLOOKUP($C$2,'ORÇAMENTO PESSOAL'!$E$2:$P$92,78,FALSE) -> 0 | G63: =E63-F63 -> 0
C64: Vestuário | D64: Roupas | E64: =HLOOKUP($C$2,'ORÇAMENTO PESSOAL'!$E$2:$P$92,79,FALSE) -> 0 | G64: =E64-F64 -> 0
D65: Calçados | E65: =HLOOKUP($C$2,'ORÇAMENTO PESSOAL'!$E$2:$P$92,80,FALSE) -> 0 | G65: =E65-F65 -> 0
D66: Acessórios | E66: =HLOOKUP($C$2,'ORÇAMENTO PESSOAL'!$E$2:$P$92,81,FALSE) -> 0 | G66: =E66-F66 -> 0
C67: Cuidados Pessoais | D67: Beleza | E67: =HLOOKUP($C$2,'ORÇAMENTO PESSOAL'!$E$2:$P$92,82,FALSE) -> 0 | G67: =E67-F67 -> 0
D68: Cosméticos | E68: =HLOOKUP($C$2,'ORÇAMENTO PESSOAL'!$E$2:$P$92,83,FALSE) -> 0 | G68: =E68-F68 -> 0
D69: Academia | E69: =HLOOKUP($C$2,'ORÇAMENTO PESSOAL'!$E$2:$P$92,84,FALSE) -> 0 | G69: =E69-F69 -> 0
D70: Outros | E70: =HLOOKUP($C$2,'ORÇAMENTO PESSOAL'!$E$2:$P$92,85,FALSE) -> 0 | G70: =E70-F70 -> 0
C71: Outros | D71: Presentes | E71: =HLOOKUP($C$2,'ORÇAMENTO PESSOAL'!$E$2:$P$92,86,FALSE) -> 0 | G71: =E71-F71 -> 0
D72: Utilidades Doméstica e Decoração | E72: =HLOOKUP($C$2,'ORÇAMENTO PESSOAL'!$E$2:$P$92,87,FALSE) -> 0 | G72: =E72-F72 -> 0
D73: Cursos/Livros | E73: =HLOOKUP($C$2,'ORÇAMENTO PESSOAL'!$E$2:$P$92,88,FALSE) -> 0 | G73: =E73-F73 -> 0
D74: Despesas Não Identificadas | E74: =HLOOKUP($C$2,'ORÇAMENTO PESSOAL'!$E$2:$P$92,89,FALSE) -> 0 | G74: =E74-F74 -> 0
D75: Doações/Dízimos | E75: =HLOOKUP($C$2,'ORÇAMENTO PESSOAL'!$E$2:$P$92,90,FALSE) -> 0 | G75: =E75-F75 -> 0
D76: Outros | E76: =HLOOKUP($C$2,'ORÇAMENTO PESSOAL'!$E$2:$P$93,91,FALSE) -> 0 | G76: =E76-F76 -> 0
C77: Total VONTADES | E77: =SUM(E58:E76) -> 0 | F77: =SUM(F58:F76) -> 0 | G77: =E77-F77 -> 0

Sheet MARÇO 
A1: Acompanhamento Mensal
C2: MARÇO | E2: Orçamento Previsto | F2: Gasto Atual | G2: Disponível | I2: RESUMO | K2: Orçamento Previsto | L2: Gasto Atual | M2: Disponível
A3: INVESTIMENTOS Insira aqui o montante mensal que você destinará aos seus investimentos. | D3: Meta 1 | E3: =HLOOKUP($C$2,'ORÇAMENTO PESSOAL'!$E$2:$P$92,16,FALSE) -> 0 | G3: =E3-F3 -> 0 | I3: Necessidades | K3: =E57 -> 0 | L3: =F57 -> 0 | M3: =K3-L3 -> 0
D4: Meta 2 | E4: =HLOOKUP($C$2,'ORÇAMENTO PESSOAL'!$E$2:$P$92,17,FALSE) -> 0 | G4: =E4-F4 -> 0 | I4: Vontades | K4: =E77 -> 0 | L4: =F77 -> 0 | M4: =K4-L4 -> 0
D5: Reserva de Emergência | E5: =HLOOKUP($C$2,'ORÇAMENTO PESSOAL'!$E$2:$P$92,18,FALSE) -> 0 | G5: =E5-F5 -> 0 | I5: Metas (Médio e Longo Prazo) | K5: =E3+E4+E7 -> 0 | L5: =F3+F4+F7 -> 0 | M5: =K5-L5 -> 0
D6: Aposentadoria/Independência Financeira | E6: =HLOOKUP($C$2,'ORÇAMENTO PESSOAL'!$E$2:$P$92,19,FALSE) -> 0 | G6: =E6-F6 -> 0 | I6: Reserva de Emergência | K6: =E5 -> 0 | L6: =F5 -> 0 | M6: =K6-L6 -> 0
D7: Outros | E7: =HLOOKUP($C$2,'ORÇAMENTO PESSOAL'!$E$2:$P$92,20,FALSE) -> 0 | G7: =E7-F7 -> 0 | I7: Aposentadoria/Independência Fin. | K7: =E6 -> 0 | L7: =F6 -> 0 | M7: =K7-L7 -> 0
D8: Total | E8: =SUM(E3:E7) -> 0 | F8: =SUM(F3:F7) -> 0 | G8: =SUM(G3:G7) -> 0 | I8: Total | K8: =SUM(K3:K7) -> 0 | L8: =SUM(L3:L7) -> 0 | M8: =K8-L8 -> 0
A10: NECESSIDADES / ESSENCIAIS | B10: DESPESAS FIXAS Aquelas que têm o mesmo valor mensalmente. e DESPESAS VARIÁVEIS Aquelas que acontecem todos os meses, podem variar de valor e podemos tentar reduzir. | C10: Habitação | D10: Aluguel | E10: =HLOOKUP($C$2,'ORÇAMENTO PESSOAL'!$E$2:$P$92,24,FALSE) -> 0 | G10: =E10-F10 -> 0
D11: Condomínio | E11: =HLOOKUP($C$2,'ORÇAMENTO PESSOAL'!$E$2:$P$92,25,FALSE) -> 0 | G11: =E11-F11 -> 0
D12: Prestação da Casa | E12: =HLOOKUP($C$2,'ORÇAMENTO PESSOAL'!$E$2:$P$92,26,FALSE) -> 0 | G12: =E12-F12 -> 0
D13: Diarista/Mensalista | E13: =HLOOKUP($C$2,'ORÇAMENTO PESSOAL'!$E$2:$P$92,27,FALSE) -> 0 | G13: =E13-F13 -> 0
D14: Luz | E14: =HLOOKUP($C$2,'ORÇAMENTO PESSOAL'!$E$2:$P$92,28,FALSE) -> 0 | G14: =E14-F14 -> 0
D15: Água | E15: =HLOOKUP($C$2,'ORÇAMENTO PESSOAL'!$E$2:$P$92,29,FALSE) -> 0 | G15: =E15-F15 -> 0
D16: Telefone | E16: =HLOOKUP($C$2,'ORÇAMENTO PESSOAL'!$E$2:$P$92,30,FALSE) -> 0 | G16: =E16-F16 -> 0
D17: Gás | E17: =HLOOKUP($C$2,'ORÇAMENTO PESSOAL'!$E$2:$P$92,31,FALSE) -> 0 | G17: =E17-F17 -> 0
D18: Internet | E18: =HLOOKUP($C$2,'ORÇAMENTO PESSOAL'!$E$2:$P$92,32,FALSE) -> 0 | G18: =E18-F18 -> 0
D19: Outros | E19: =HLOOKUP($C$2,'ORÇAMENTO PESSOAL'!$E$2:$P$92,33,FALSE) -> 0 | G19: =E19-F19 -> 0
C20: Transporte | D20: Prestação do Carro | E20: =HLOOKUP($C$2,'ORÇAMENTO PESSOAL'!$E$2:$P$92,34,FALSE) -> 0 | G20: =E20-F20 -> 0
D21: Seguro do Carro | E21: =HLOOKUP($C$2,'ORÇAMENTO PESSOAL'!$E$2:$P$92,35,FALSE) -> 0 | G21: =E21-F21 -> 0
D22: Combustível | E22: =HLOOKUP($C$2,'ORÇAMENTO PESSOAL'!$E$2:$P$92,36,FALSE) -> 0 | G22: =E22-F22 -> 0
D23: Metrô/Ônibus | E23: =HLOOKUP($C$2,'ORÇAMENTO PESSOAL'!$E$2:$P$92,37,FALSE) -> 0 | G23: =E23-F23 -> 0
D24: Taxi/Uber | E24: =HLOOKUP($C$2,'ORÇAMENTO PESSOAL'!$E$2:$P$92,38,FALSE) -> 0 | G24: =E24-F24 -> 0
D25: Estacionamento | E25: =HLOOKUP($C$2,'ORÇAMENTO PESSOAL'!$E$2:$P$92,39,FALSE) -> 0 | G25: =E25-F25 -> 0
D26: Outros | E26: =HLOOKUP($C$2,'ORÇAMENTO PESSOAL'!$E$2:$P$92,40,FALSE) -> 0 | G26: =E26-F26 -> 0
C27: Saúde | D27: Plano de Saúde | E27: =HLOOKUP($C$2,'ORÇAMENTO PESSOAL'!$E$2:$P$92,41,FALSE) -> 0 | G27: =E27-F27 -> 0
D28: Medicamentos | E28: =HLOOKUP($C$2,'ORÇAMENTO PESSOAL'!$E$2:$P$92,42,FALSE) -> 0 | G28: =E28-F28 -> 0
D29: Outros | E29: =HLOOKUP($C$2,'ORÇAMENTO PESSOAL'!$E$2:$P$92,43,FALSE) -> 0 | G29: =E29-F29 -> 0
C30: Alimentação | D30: Supermercado | E30: =HLOOKUP($C$2,'ORÇAMENTO PESSOAL'!$E$2:$P$92,44,FALSE) -> 0 | G30: =E30-F30 -> 0
D31: Feira | E31: =HLOOKUP($C$2,'ORÇAMENTO PESSOAL'!$E$2:$P$92,45,FALSE) -> 0 | G31: =E31-F31 -> 0
D32: Padaria | E32: =HLOOKUP($C$2,'ORÇAMENTO PESSOAL'!$E$2:$P$92,46,FALSE) -> 0 | G32: =E32-F32 -> 0
D33: Outros | E33: =HLOOKUP($C$2,'ORÇAMENTO PESSOAL'!$E$2:$P$92,47,FALSE) -> 0 | G33: =E33-F33 -> 0
C34: Educação | D34: Mensalidade | E34: =HLOOKUP($C$2,'ORÇAMENTO PESSOAL'!$E$2:$P$92,48,FALSE) -> 0 | G34: =E34-F34 -> 0
D35: Transporte Escolar | E35: =HLOOKUP($C$2,'ORÇAMENTO PESSOAL'!$E$2:$P$92,49,FALSE) -> 0 | G35: =E35-F35 -> 0
D36: Outros | E36: =HLOOKUP($C$2,'ORÇAMENTO PESSOAL'!$E$2:$P$92,50,FALSE) -> 0 | G36: =E36-F36 -> 0
C37: Animais de Estimação | D37: Ração | E37: =HLOOKUP($C$2,'ORÇAMENTO PESSOAL'!$E$2:$P$92,51,FALSE) -> 0 | G37: =E37-F37 -> 0
D38: Banho/Tosa | E38: =HLOOKUP($C$2,'ORÇAMENTO PESSOAL'!$E$2:$P$92,52,FALSE) -> 0 | G38: =E38-F38 -> 0
D39: Veterinário/Plano Pet | E39: =HLOOKUP($C$2,'ORÇAMENTO PESSOAL'!$E$2:$P$92,53,FALSE) -> 0 | G39: =E39-F39 -> 0
C40: Outros | D40: Seguro de Vida | E40: =HLOOKUP($C$2,'ORÇAMENTO PESSOAL'!$E$2:$P$92,54,FALSE) -> 0 | G40: =E40-F40 -> 0
D41: Tarifas Bancárias | E41: =HLOOKUP($C$2,'ORÇAMENTO PESSOAL'!$E$2:$P$92,55,FALSE) -> 0 | G41: =E41-F41 -> 0
D42: Empréstimos/Financiamentos | E42: =HLOOKUP($C$2,'ORÇAMENTO PESSOAL'!$E$2:$P$92,56,FALSE) -> 0 | G42: =E42-F42 -> 0
D43: Outros | E43: =HLOOKUP($C$2,'ORÇAMENTO PESSOAL'!$E$2:$P$92,57,FALSE) -> 0 | G43: =E43-F43 -> 0
B44: EVENTUAIS São as despesas que não acontecem com periodicidade definida ou são extraordinárias, para as quais precisamos estar preparadas quando acontecerem. | C44: Saúde | D44: Médico/Terapia | E44: =HLOOKUP($C$2,'ORÇAMENTO PESSOAL'!$E$2:$P$92,58,FALSE) -> 0 | G44: =E44-F44 -> 0
D45: Dentista | E45: =HLOOKUP($C$2,'ORÇAMENTO PESSOAL'!$E$2:$P$92,59,FALSE) -> 0 | G45: =E45-F45 -> 0
D46: Outros | E46: =HLOOKUP($C$2,'ORÇAMENTO PESSOAL'!$E$2:$P$92,60,FALSE) -> 0 | G46: =E46-F46 -> 0
C47: Impostos | D47: IPTU | E47: =HLOOKUP($C$2,'ORÇAMENTO PESSOAL'!$E$2:$P$92,61,FALSE) -> 0 | G47: =E47-F47 -> 0
D48: IPVA | E48: =HLOOKUP($C$2,'ORÇAMENTO PESSOAL'!$E$2:$P$92,62,FALSE) -> 0 | G48: =E48-F48 -> 0
D49: IR | E49: =HLOOKUP($C$2,'ORÇAMENTO PESSOAL'!$E$2:$P$92,63,FALSE) -> 0 | G49: =E49-F49 -> 0
D50: Outros | E50: =HLOOKUP($C$2,'ORÇAMENTO PESSOAL'!$E$2:$P$92,64,FALSE) -> 0 | G50: =E50-F50 -> 0
C51: Educação | D51: Material Escolar | E51: =HLOOKUP($C$2,'ORÇAMENTO PESSOAL'!$E$2:$P$92,65,FALSE) -> 0 | G51: =E51-F51 -> 0
D52: Uniforme | E52: =HLOOKUP($C$2,'ORÇAMENTO PESSOAL'!$E$2:$P$92,66,FALSE) -> 0 | G52: =E52-F52 -> 0
D53: Outros | E53: =HLOOKUP($C$2,'ORÇAMENTO PESSOAL'!$E$2:$P$92,67,FALSE) -> 0 | G53: =E53-F53 -> 0
C54: Outros | D54: Manutenção do Carro | E54: =HLOOKUP($C$2,'ORÇAMENTO PESSOAL'!$E$2:$P$92,68,FALSE) -> 0 | G54: =E54-F54 -> 0
D55: Manutenção da Casa | E55: =HLOOKUP($C$2,'ORÇAMENTO PESSOAL'!$E$2:$P$92,69,FALSE) -> 0 | G55: =E55-F55 -> 0
D56: Outros | E56: =HLOOKUP($C$2,'ORÇAMENTO PESSOAL'!$E$2:$P$92,70,FALSE) -> 0 | G56: =E56-F56 -> 0
C57: Total NECESSIDADES | E57: =SUM(E10:E56) -> 0 | F57: =SUM(F10:F56) -> 0 | G57: =E57-F57 -> 0
A58: VONTADES | B58: ADICIONAIS Aquelas que não precisam acontecer todos os meses, são variáveis e fazem parte do estilo de vida. | C58: Lazer | D58: Viagens/Passeios | E58: =HLOOKUP($C$2,'ORÇAMENTO PESSOAL'!$E$2:$P$92,73,FALSE) -> 0 | G58: =E58-F58 -> 0
D59: Restaurantes/Bares | E59: =HLOOKUP($C$2,'ORÇAMENTO PESSOAL'!$E$2:$P$92,74,FALSE) -> 0 | G59: =E59-F59 -> 0
D60: Apps de Comida | E60: =HLOOKUP($C$2,'ORÇAMENTO PESSOAL'!$E$2:$P$92,75,FALSE) -> 0 | G60: =E60-F60 -> 0
D61: Cinemas/Teatros/Shows | E61: =HLOOKUP($C$2,'ORÇAMENTO PESSOAL'!$E$2:$P$92,76,FALSE) -> 0 | G61: =E61-F61 -> 0
D62: Assinaturas Mensais | E62: =HLOOKUP($C$2,'ORÇAMENTO PESSOAL'!$E$2:$P$92,77,FALSE) -> 0 | G62: =E62-F62 -> 0
D63: Outros | E63: =HLOOKUP($C$2,'ORÇAMENTO PESSOAL'!$E$2:$P$92,78,FALSE) -> 0 | G63: =E63-F63 -> 0
C64: Vestuário | D64: Roupas | E64: =HLOOKUP($C$2,'ORÇAMENTO PESSOAL'!$E$2:$P$92,79,FALSE) -> 0 | G64: =E64-F64 -> 0
D65: Calçados | E65: =HLOOKUP($C$2,'ORÇAMENTO PESSOAL'!$E$2:$P$92,80,FALSE) -> 0 | G65: =E65-F65 -> 0
D66: Acessórios | E66: =HLOOKUP($C$2,'ORÇAMENTO PESSOAL'!$E$2:$P$92,81,FALSE) -> 0 | G66: =E66-F66 -> 0
C67: Cuidados Pessoais | D67: Beleza | E67: =HLOOKUP($C$2,'ORÇAMENTO PESSOAL'!$E$2:$P$92,82,FALSE) -> 0 | G67: =E67-F67 -> 0
D68: Cosméticos | E68: =HLOOKUP($C$2,'ORÇAMENTO PESSOAL'!$E$2:$P$92,83,FALSE) -> 0 | G68: =E68-F68 -> 0
D69: Academia | E69: =HLOOKUP($C$2,'ORÇAMENTO PESSOAL'!$E$2:$P$92,84,FALSE) -> 0 | G69: =E69-F69 -> 0
D70: Outros | E70: =HLOOKUP($C$2,'ORÇAMENTO PESSOAL'!$E$2:$P$92,85,FALSE) -> 0 | G70: =E70-F70 -> 0
C71: Outros | D71: Presentes | E71: =HLOOKUP($C$2,'ORÇAMENTO PESSOAL'!$E$2:$P$92,86,FALSE) -> 0 | G71: =E71-F71 -> 0
D72: Utilidades Doméstica e Decoração | E72: =HLOOKUP($C$2,'ORÇAMENTO PESSOAL'!$E$2:$P$92,87,FALSE) -> 0 | G72: =E72-F72 -> 0
D73: Cursos/Livros | E73: =HLOOKUP($C$2,'ORÇAMENTO PESSOAL'!$E$2:$P$92,88,FALSE) -> 0 | G73: =E73-F73 -> 0
D74: Despesas Não Identificadas | E74: =HLOOKUP($C$2,'ORÇAMENTO PESSOAL'!$E$2:$P$92,89,FALSE) -> 0 | G74: =E74-F74 -> 0
D75: Doações/Dízimos | E75: =HLOOKUP($C$2,'ORÇAMENTO PESSOAL'!$E$2:$P$92,90,FALSE) -> 0 | G75: =E75-F75 -> 0
D76: Outros | E76: =HLOOKUP($C$2,'ORÇAMENTO PESSOAL'!$E$2:$P$93,91,FALSE) -> 0 | G76: =E76-F76 -> 0
C77: Total VONTADES | E77: =SUM(E58:E76) -> 0 | F77: =SUM(F58:F76) -> 0 | G77: =E77-F77 -> 0

Sheet ABRIL
A1: Acompanhamento Mensal
C2: ABRIL | E2: Orçamento Previsto | F2: Gasto Atual | G2: Disponível | I2: RESUMO | K2: Orçamento Previsto | L2: Gasto Atual | M2: Disponível
A3: INVESTIMENTOS Insira aqui o montante mensal que você destinará aos seus investimentos. | D3: Meta 1 | E3: =HLOOKUP($C$2,'ORÇAMENTO PESSOAL'!$E$2:$P$92,16,FALSE) -> 0 | G3: =E3-F3 -> 0 | I3: Necessidades | K3: =E57 -> 0 | L3: =F57 -> 0 | M3: =K3-L3 -> 0
D4: Meta 2 | E4: =HLOOKUP($C$2,'ORÇAMENTO PESSOAL'!$E$2:$P$92,17,FALSE) -> 0 | G4: =E4-F4 -> 0 | I4: Vontades | K4: =E77 -> 0 | L4: =F77 -> 0 | M4: =K4-L4 -> 0
D5: Reserva de Emergência | E5: =HLOOKUP($C$2,'ORÇAMENTO PESSOAL'!$E$2:$P$92,18,FALSE) -> 0 | G5: =E5-F5 -> 0 | I5: Metas (Médio e Longo Prazo) | K5: =E3+E4+E7 -> 0 | L5: =F3+F4+F7 -> 0 | M5: =K5-L5 -> 0
D6: Aposentadoria/Independência Financeira | E6: =HLOOKUP($C$2,'ORÇAMENTO PESSOAL'!$E$2:$P$92,19,FALSE) -> 0 | G6: =E6-F6 -> 0 | I6: Reserva de Emergência | K6: =E5 -> 0 | L6: =F5 -> 0 | M6: =K6-L6 -> 0
D7: Outros | E7: =HLOOKUP($C$2,'ORÇAMENTO PESSOAL'!$E$2:$P$92,20,FALSE) -> 0 | G7: =E7-F7 -> 0 | I7: Aposentadoria/Independência Fin. | K7: =E6 -> 0 | L7: =F6 -> 0 | M7: =K7-L7 -> 0
D8: Total | E8: =SUM(E3:E7) -> 0 | F8: =SUM(F3:F7) -> 0 | G8: =SUM(G3:G7) -> 0 | I8: Total | K8: =SUM(K3:K7) -> 0 | L8: =SUM(L3:L7) -> 0 | M8: =K8-L8 -> 0
A10: NECESSIDADES / ESSENCIAIS | B10: DESPESAS FIXAS Aquelas que têm o mesmo valor mensalmente. e DESPESAS VARIÁVEIS Aquelas que acontecem todos os meses, podem variar de valor e podemos tentar reduzir. | C10: Habitação | D10: Aluguel | E10: =HLOOKUP($C$2,'ORÇAMENTO PESSOAL'!$E$2:$P$92,24,FALSE) -> 0 | G10: =E10-F10 -> 0
D11: Condomínio | E11: =HLOOKUP($C$2,'ORÇAMENTO PESSOAL'!$E$2:$P$92,25,FALSE) -> 0 | G11: =E11-F11 -> 0
D12: Prestação da Casa | E12: =HLOOKUP($C$2,'ORÇAMENTO PESSOAL'!$E$2:$P$92,26,FALSE) -> 0 | G12: =E12-F12 -> 0
D13: Diarista/Mensalista | E13: =HLOOKUP($C$2,'ORÇAMENTO PESSOAL'!$E$2:$P$92,27,FALSE) -> 0 | G13: =E13-F13 -> 0
D14: Luz | E14: =HLOOKUP($C$2,'ORÇAMENTO PESSOAL'!$E$2:$P$92,28,FALSE) -> 0 | G14: =E14-F14 -> 0
D15: Água | E15: =HLOOKUP($C$2,'ORÇAMENTO PESSOAL'!$E$2:$P$92,29,FALSE) -> 0 | G15: =E15-F15 -> 0
D16: Telefone | E16: =HLOOKUP($C$2,'ORÇAMENTO PESSOAL'!$E$2:$P$92,30,FALSE) -> 0 | G16: =E16-F16 -> 0
D17: Gás | E17: =HLOOKUP($C$2,'ORÇAMENTO PESSOAL'!$E$2:$P$92,31,FALSE) -> 0 | G17: =E17-F17 -> 0
D18: Internet | E18: =HLOOKUP($C$2,'ORÇAMENTO PESSOAL'!$E$2:$P$92,32,FALSE) -> 0 | G18: =E18-F18 -> 0
D19: Outros | E19: =HLOOKUP($C$2,'ORÇAMENTO PESSOAL'!$E$2:$P$92,33,FALSE) -> 0 | G19: =E19-F19 -> 0
C20: Transporte | D20: Prestação do Carro | E20: =HLOOKUP($C$2,'ORÇAMENTO PESSOAL'!$E$2:$P$92,34,FALSE) -> 0 | G20: =E20-F20 -> 0
D21: Seguro do Carro | E21: =HLOOKUP($C$2,'ORÇAMENTO PESSOAL'!$E$2:$P$92,35,FALSE) -> 0 | G21: =E21-F21 -> 0
D22: Combustível | E22: =HLOOKUP($C$2,'ORÇAMENTO PESSOAL'!$E$2:$P$92,36,FALSE) -> 0 | G22: =E22-F22 -> 0
D23: Metrô/Ônibus | E23: =HLOOKUP($C$2,'ORÇAMENTO PESSOAL'!$E$2:$P$92,37,FALSE) -> 0 | G23: =E23-F23 -> 0
D24: Taxi/Uber | E24: =HLOOKUP($C$2,'ORÇAMENTO PESSOAL'!$E$2:$P$92,38,FALSE) -> 0 | G24: =E24-F24 -> 0
D25: Estacionamento | E25: =HLOOKUP($C$2,'ORÇAMENTO PESSOAL'!$E$2:$P$92,39,FALSE) -> 0 | G25: =E25-F25 -> 0
D26: Outros | E26: =HLOOKUP($C$2,'ORÇAMENTO PESSOAL'!$E$2:$P$92,40,FALSE) -> 0 | G26: =E26-F26 -> 0
C27: Saúde | D27: Plano de Saúde | E27: =HLOOKUP($C$2,'ORÇAMENTO PESSOAL'!$E$2:$P$92,41,FALSE) -> 0 | G27: =E27-F27 -> 0
D28: Medicamentos | E28: =HLOOKUP($C$2,'ORÇAMENTO PESSOAL'!$E$2:$P$92,42,FALSE) -> 0 | G28: =E28-F28 -> 0
D29: Outros | E29: =HLOOKUP($C$2,'ORÇAMENTO PESSOAL'!$E$2:$P$92,43,FALSE) -> 0 | G29: =E29-F29 -> 0
C30: Alimentação | D30: Supermercado | E30: =HLOOKUP($C$2,'ORÇAMENTO PESSOAL'!$E$2:$P$92,44,FALSE) -> 0 | G30: =E30-F30 -> 0
D31: Feira | E31: =HLOOKUP($C$2,'ORÇAMENTO PESSOAL'!$E$2:$P$92,45,FALSE) -> 0 | G31: =E31-F31 -> 0
D32: Padaria | E32: =HLOOKUP($C$2,'ORÇAMENTO PESSOAL'!$E$2:$P$92,46,FALSE) -> 0 | G32: =E32-F32 -> 0
D33: Outros | E33: =HLOOKUP($C$2,'ORÇAMENTO PESSOAL'!$E$2:$P$92,47,FALSE) -> 0 | G33: =E33-F33 -> 0
C34: Educação | D34: Mensalidade | E34: =HLOOKUP($C$2,'ORÇAMENTO PESSOAL'!$E$2:$P$92,48,FALSE) -> 0 | G34: =E34-F34 -> 0
D35: Transporte Escolar | E35: =HLOOKUP($C$2,'ORÇAMENTO PESSOAL'!$E$2:$P$92,49,FALSE) -> 0 | G35: =E35-F35 -> 0
D36: Outros | E36: =HLOOKUP($C$2,'ORÇAMENTO PESSOAL'!$E$2:$P$92,50,FALSE) -> 0 | G36: =E36-F36 -> 0
C37: Animais de Estimação | D37: Ração | E37: =HLOOKUP($C$2,'ORÇAMENTO PESSOAL'!$E$2:$P$92,51,FALSE) -> 0 | G37: =E37-F37 -> 0
D38: Banho/Tosa | E38: =HLOOKUP($C$2,'ORÇAMENTO PESSOAL'!$E$2:$P$92,52,FALSE) -> 0 | G38: =E38-F38 -> 0
D39: Veterinário/Plano Pet | E39: =HLOOKUP($C$2,'ORÇAMENTO PESSOAL'!$E$2:$P$92,53,FALSE) -> 0 | G39: =E39-F39 -> 0
C40: Outros | D40: Seguro de Vida | E40: =HLOOKUP($C$2,'ORÇAMENTO PESSOAL'!$E$2:$P$92,54,FALSE) -> 0 | G40: =E40-F40 -> 0
D41: Tarifas Bancárias | E41: =HLOOKUP($C$2,'ORÇAMENTO PESSOAL'!$E$2:$P$92,55,FALSE) -> 0 | G41: =E41-F41 -> 0
D42: Empréstimos/Financiamentos | E42: =HLOOKUP($C$2,'ORÇAMENTO PESSOAL'!$E$2:$P$92,56,FALSE) -> 0 | G42: =E42-F42 -> 0
D43: Outros | E43: =HLOOKUP($C$2,'ORÇAMENTO PESSOAL'!$E$2:$P$92,57,FALSE) -> 0 | G43: =E43-F43 -> 0
B44: EVENTUAIS São as despesas que não acontecem com periodicidade definida ou são extraordinárias, para as quais precisamos estar preparadas quando acontecerem. | C44: Saúde | D44: Médico/Terapia | E44: =HLOOKUP($C$2,'ORÇAMENTO PESSOAL'!$E$2:$P$92,58,FALSE) -> 0 | G44: =E44-F44 -> 0
D45: Dentista | E45: =HLOOKUP($C$2,'ORÇAMENTO PESSOAL'!$E$2:$P$92,59,FALSE) -> 0 | G45: =E45-F45 -> 0
D46: Outros | E46: =HLOOKUP($C$2,'ORÇAMENTO PESSOAL'!$E$2:$P$92,60,FALSE) -> 0 | G46: =E46-F46 -> 0
C47: Impostos | D47: IPTU | E47: =HLOOKUP($C$2,'ORÇAMENTO PESSOAL'!$E$2:$P$92,61,FALSE) -> 0 | G47: =E47-F47 -> 0
D48: IPVA | E48: =HLOOKUP($C$2,'ORÇAMENTO PESSOAL'!$E$2:$P$92,62,FALSE) -> 0 | G48: =E48-F48 -> 0
D49: IR | E49: =HLOOKUP($C$2,'ORÇAMENTO PESSOAL'!$E$2:$P$92,63,FALSE) -> 0 | G49: =E49-F49 -> 0
D50: Outros | E50: =HLOOKUP($C$2,'ORÇAMENTO PESSOAL'!$E$2:$P$92,64,FALSE) -> 0 | G50: =E50-F50 -> 0
C51: Educação | D51: Material Escolar | E51: =HLOOKUP($C$2,'ORÇAMENTO PESSOAL'!$E$2:$P$92,65,FALSE) -> 0 | G51: =E51-F51 -> 0
D52: Uniforme | E52: =HLOOKUP($C$2,'ORÇAMENTO PESSOAL'!$E$2:$P$92,66,FALSE) -> 0 | G52: =E52-F52 -> 0
D53: Outros | E53: =HLOOKUP($C$2,'ORÇAMENTO PESSOAL'!$E$2:$P$92,67,FALSE) -> 0 | G53: =E53-F53 -> 0
C54: Outros | D54: Manutenção do Carro | E54: =HLOOKUP($C$2,'ORÇAMENTO PESSOAL'!$E$2:$P$92,68,FALSE) -> 0 | G54: =E54-F54 -> 0
D55: Manutenção da Casa | E55: =HLOOKUP($C$2,'ORÇAMENTO PESSOAL'!$E$2:$P$92,69,FALSE) -> 0 | G55: =E55-F55 -> 0
D56: Outros | E56: =HLOOKUP($C$2,'ORÇAMENTO PESSOAL'!$E$2:$P$92,70,FALSE) -> 0 | G56: =E56-F56 -> 0
C57: Total NECESSIDADES | E57: =SUM(E10:E56) -> 0 | F57: =SUM(F10:F56) -> 0 | G57: =E57-F57 -> 0
A58: VONTADES | B58: ADICIONAIS Aquelas que não precisam acontecer todos os meses, são variáveis e fazem parte do estilo de vida. | C58: Lazer | D58: Viagens/Passeios | E58: =HLOOKUP($C$2,'ORÇAMENTO PESSOAL'!$E$2:$P$92,73,FALSE) -> 0 | G58: =E58-F58 -> 0
D59: Restaurantes/Bares | E59: =HLOOKUP($C$2,'ORÇAMENTO PESSOAL'!$E$2:$P$92,74,FALSE) -> 0 | G59: =E59-F59 -> 0
D60: Apps de Comida | E60: =HLOOKUP($C$2,'ORÇAMENTO PESSOAL'!$E$2:$P$92,75,FALSE) -> 0 | G60: =E60-F60 -> 0
D61: Cinemas/Teatros/Shows | E61: =HLOOKUP($C$2,'ORÇAMENTO PESSOAL'!$E$2:$P$92,76,FALSE) -> 0 | G61: =E61-F61 -> 0
D62: Assinaturas Mensais | E62: =HLOOKUP($C$2,'ORÇAMENTO PESSOAL'!$E$2:$P$92,77,FALSE) -> 0 | G62: =E62-F62 -> 0
D63: Outros | E63: =HLOOKUP($C$2,'ORÇAMENTO PESSOAL'!$E$2:$P$92,78,FALSE) -> 0 | G63: =E63-F63 -> 0
C64: Vestuário | D64: Roupas | E64: =HLOOKUP($C$2,'ORÇAMENTO PESSOAL'!$E$2:$P$92,79,FALSE) -> 0 | G64: =E64-F64 -> 0
D65: Calçados | E65: =HLOOKUP($C$2,'ORÇAMENTO PESSOAL'!$E$2:$P$92,80,FALSE) -> 0 | G65: =E65-F65 -> 0
D66: Acessórios | E66: =HLOOKUP($C$2,'ORÇAMENTO PESSOAL'!$E$2:$P$92,81,FALSE) -> 0 | G66: =E66-F66 -> 0
C67: Cuidados Pessoais | D67: Beleza | E67: =HLOOKUP($C$2,'ORÇAMENTO PESSOAL'!$E$2:$P$92,82,FALSE) -> 0 | G67: =E67-F67 -> 0
D68: Cosméticos | E68: =HLOOKUP($C$2,'ORÇAMENTO PESSOAL'!$E$2:$P$92,83,FALSE) -> 0 | G68: =E68-F68 -> 0
D69: Academia | E69: =HLOOKUP($C$2,'ORÇAMENTO PESSOAL'!$E$2:$P$92,84,FALSE) -> 0 | G69: =E69-F69 -> 0
D70: Outros | E70: =HLOOKUP($C$2,'ORÇAMENTO PESSOAL'!$E$2:$P$92,85,FALSE) -> 0 | G70: =E70-F70 -> 0
C71: Outros | D71: Presentes | E71: =HLOOKUP($C$2,'ORÇAMENTO PESSOAL'!$E$2:$P$92,86,FALSE) -> 0 | G71: =E71-F71 -> 0
D72: Utilidades Doméstica e Decoração | E72: =HLOOKUP($C$2,'ORÇAMENTO PESSOAL'!$E$2:$P$92,87,FALSE) -> 0 | G72: =E72-F72 -> 0
D73: Cursos/Livros | E73: =HLOOKUP($C$2,'ORÇAMENTO PESSOAL'!$E$2:$P$92,88,FALSE) -> 0 | G73: =E73-F73 -> 0
D74: Despesas Não Identificadas | E74: =HLOOKUP($C$2,'ORÇAMENTO PESSOAL'!$E$2:$P$92,89,FALSE) -> 0 | G74: =E74-F74 -> 0
D75: Doações/Dízimos | E75: =HLOOKUP($C$2,'ORÇAMENTO PESSOAL'!$E$2:$P$92,90,FALSE) -> 0 | G75: =E75-F75 -> 0
D76: Outros | E76: =HLOOKUP($C$2,'ORÇAMENTO PESSOAL'!$E$2:$P$93,91,FALSE) -> 0 | G76: =E76-F76 -> 0
C77: Total VONTADES | E77: =SUM(E58:E76) -> 0 | F77: =SUM(F58:F76) -> 0 | G77: =E77-F77 -> 0

Sheet MAIO
A1: Acompanhamento Mensal
C2: MAIO | E2: Orçamento Previsto | F2: Gasto Atual | G2: Disponível | I2: RESUMO | K2: Orçamento Previsto | L2: Gasto Atual | M2: Disponível
A3: INVESTIMENTOS Insira aqui o montante mensal que você destinará aos seus investimentos. | D3: Meta 1 | E3: =HLOOKUP($C$2,'ORÇAMENTO PESSOAL'!$E$2:$P$92,16,FALSE) -> 0 | G3: =E3-F3 -> 0 | I3: Necessidades | K3: =E57 -> 0 | L3: =F57 -> 0 | M3: =K3-L3 -> 0
D4: Meta 2 | E4: =HLOOKUP($C$2,'ORÇAMENTO PESSOAL'!$E$2:$P$92,17,FALSE) -> 0 | G4: =E4-F4 -> 0 | I4: Vontades | K4: =E77 -> 0 | L4: =F77 -> 0 | M4: =K4-L4 -> 0
D5: Reserva de Emergência | E5: =HLOOKUP($C$2,'ORÇAMENTO PESSOAL'!$E$2:$P$92,18,FALSE) -> 0 | G5: =E5-F5 -> 0 | I5: Metas (Médio e Longo Prazo) | K5: =E3+E4+E7 -> 0 | L5: =F3+F4+F7 -> 0 | M5: =K5-L5 -> 0
D6: Aposentadoria/Independência Financeira | E6: =HLOOKUP($C$2,'ORÇAMENTO PESSOAL'!$E$2:$P$92,19,FALSE) -> 0 | G6: =E6-F6 -> 0 | I6: Reserva de Emergência | K6: =E5 -> 0 | L6: =F5 -> 0 | M6: =K6-L6 -> 0
D7: Outros | E7: =HLOOKUP($C$2,'ORÇAMENTO PESSOAL'!$E$2:$P$92,20,FALSE) -> 0 | G7: =E7-F7 -> 0 | I7: Aposentadoria/Independência Fin. | K7: =E6 -> 0 | L7: =F6 -> 0 | M7: =K7-L7 -> 0
D8: Total | E8: =SUM(E3:E7) -> 0 | F8: =SUM(F3:F7) -> 0 | G8: =SUM(G3:G7) -> 0 | I8: Total | K8: =SUM(K3:K7) -> 0 | L8: =SUM(L3:L7) -> 0 | M8: =K8-L8 -> 0
A10: NECESSIDADES / ESSENCIAIS | B10: DESPESAS FIXAS Aquelas que têm o mesmo valor mensalmente. e DESPESAS VARIÁVEIS Aquelas que acontecem todos os meses, podem variar de valor e podemos tentar reduzir. | C10: Habitação | D10: Aluguel | E10: =HLOOKUP($C$2,'ORÇAMENTO PESSOAL'!$E$2:$P$92,24,FALSE) -> 0 | G10: =E10-F10 -> 0
D11: Condomínio | E11: =HLOOKUP($C$2,'ORÇAMENTO PESSOAL'!$E$2:$P$92,25,FALSE) -> 0 | G11: =E11-F11 -> 0
D12: Prestação da Casa | E12: =HLOOKUP($C$2,'ORÇAMENTO PESSOAL'!$E$2:$P$92,26,FALSE) -> 0 | G12: =E12-F12 -> 0
D13: Diarista/Mensalista | E13: =HLOOKUP($C$2,'ORÇAMENTO PESSOAL'!$E$2:$P$92,27,FALSE) -> 0 | G13: =E13-F13 -> 0
D14: Luz | E14: =HLOOKUP($C$2,'ORÇAMENTO PESSOAL'!$E$2:$P$92,28,FALSE) -> 0 | G14: =E14-F14 -> 0
D15: Água | E15: =HLOOKUP($C$2,'ORÇAMENTO PESSOAL'!$E$2:$P$92,29,FALSE) -> 0 | G15: =E15-F15 -> 0
D16: Telefone | E16: =HLOOKUP($C$2,'ORÇAMENTO PESSOAL'!$E$2:$P$92,30,FALSE) -> 0 | G16: =E16-F16 -> 0
D17: Gás | E17: =HLOOKUP($C$2,'ORÇAMENTO PESSOAL'!$E$2:$P$92,31,FALSE) -> 0 | G17: =E17-F17 -> 0
D18: Internet | E18: =HLOOKUP($C$2,'ORÇAMENTO PESSOAL'!$E$2:$P$92,32,FALSE) -> 0 | G18: =E18-F18 -> 0
D19: Outros | E19: =HLOOKUP($C$2,'ORÇAMENTO PESSOAL'!$E$2:$P$92,33,FALSE) -> 0 | G19: =E19-F19 -> 0
C20: Transporte | D20: Prestação do Carro | E20: =HLOOKUP($C$2,'ORÇAMENTO PESSOAL'!$E$2:$P$92,34,FALSE) -> 0 | G20: =E20-F20 -> 0
D21: Seguro do Carro | E21: =HLOOKUP($C$2,'ORÇAMENTO PESSOAL'!$E$2:$P$92,35,FALSE) -> 0 | G21: =E21-F21 -> 0
D22: Combustível | E22: =HLOOKUP($C$2,'ORÇAMENTO PESSOAL'!$E$2:$P$92,36,FALSE) -> 0 | G22: =E22-F22 -> 0
D23: Metrô/Ônibus | E23: =HLOOKUP($C$2,'ORÇAMENTO PESSOAL'!$E$2:$P$92,37,FALSE) -> 0 | G23: =E23-F23 -> 0
D24: Taxi/Uber | E24: =HLOOKUP($C$2,'ORÇAMENTO PESSOAL'!$E$2:$P$92,38,FALSE) -> 0 | G24: =E24-F24 -> 0
D25: Estacionamento | E25: =HLOOKUP($C$2,'ORÇAMENTO PESSOAL'!$E$2:$P$92,39,FALSE) -> 0 | G25: =E25-F25 -> 0
D26: Outros | E26: =HLOOKUP($C$2,'ORÇAMENTO PESSOAL'!$E$2:$P$92,40,FALSE) -> 0 | G26: =E26-F26 -> 0
C27: Saúde | D27: Plano de Saúde | E27: =HLOOKUP($C$2,'ORÇAMENTO PESSOAL'!$E$2:$P$92,41,FALSE) -> 0 | G27: =E27-F27 -> 0
D28: Medicamentos | E28: =HLOOKUP($C$2,'ORÇAMENTO PESSOAL'!$E$2:$P$92,42,FALSE) -> 0 | G28: =E28-F28 -> 0
D29: Outros | E29: =HLOOKUP($C$2,'ORÇAMENTO PESSOAL'!$E$2:$P$92,43,FALSE) -> 0 | G29: =E29-F29 -> 0
C30: Alimentação | D30: Supermercado | E30: =HLOOKUP($C$2,'ORÇAMENTO PESSOAL'!$E$2:$P$92,44,FALSE) -> 0 | G30: =E30-F30 -> 0
D31: Feira | E31: =HLOOKUP($C$2,'ORÇAMENTO PESSOAL'!$E$2:$P$92,45,FALSE) -> 0 | G31: =E31-F31 -> 0
D32: Padaria | E32: =HLOOKUP($C$2,'ORÇAMENTO PESSOAL'!$E$2:$P$92,46,FALSE) -> 0 | G32: =E32-F32 -> 0
D33: Outros | E33: =HLOOKUP($C$2,'ORÇAMENTO PESSOAL'!$E$2:$P$92,47,FALSE) -> 0 | G33: =E33-F33 -> 0
C34: Educação | D34: Mensalidade | E34: =HLOOKUP($C$2,'ORÇAMENTO PESSOAL'!$E$2:$P$92,48,FALSE) -> 0 | G34: =E34-F34 -> 0
D35: Transporte Escolar | E35: =HLOOKUP($C$2,'ORÇAMENTO PESSOAL'!$E$2:$P$92,49,FALSE) -> 0 | G35: =E35-F35 -> 0
D36: Outros | E36: =HLOOKUP($C$2,'ORÇAMENTO PESSOAL'!$E$2:$P$92,50,FALSE) -> 0 | G36: =E36-F36 -> 0
C37: Animais de Estimação | D37: Ração | E37: =HLOOKUP($C$2,'ORÇAMENTO PESSOAL'!$E$2:$P$92,51,FALSE) -> 0 | G37: =E37-F37 -> 0
D38: Banho/Tosa | E38: =HLOOKUP($C$2,'ORÇAMENTO PESSOAL'!$E$2:$P$92,52,FALSE) -> 0 | G38: =E38-F38 -> 0
D39: Veterinário/Plano Pet | E39: =HLOOKUP($C$2,'ORÇAMENTO PESSOAL'!$E$2:$P$92,53,FALSE) -> 0 | G39: =E39-F39 -> 0
C40: Outros | D40: Seguro de Vida | E40: =HLOOKUP($C$2,'ORÇAMENTO PESSOAL'!$E$2:$P$92,54,FALSE) -> 0 | G40: =E40-F40 -> 0
D41: Tarifas Bancárias | E41: =HLOOKUP($C$2,'ORÇAMENTO PESSOAL'!$E$2:$P$92,55,FALSE) -> 0 | G41: =E41-F41 -> 0
D42: Empréstimos/Financiamentos | E42: =HLOOKUP($C$2,'ORÇAMENTO PESSOAL'!$E$2:$P$92,56,FALSE) -> 0 | G42: =E42-F42 -> 0
D43: Outros | E43: =HLOOKUP($C$2,'ORÇAMENTO PESSOAL'!$E$2:$P$92,57,FALSE) -> 0 | G43: =E43-F43 -> 0
B44: EVENTUAIS São as despesas que não acontecem com periodicidade definida ou são extraordinárias, para as quais precisamos estar preparadas quando acontecerem. | C44: Saúde | D44: Médico/Terapia | E44: =HLOOKUP($C$2,'ORÇAMENTO PESSOAL'!$E$2:$P$92,58,FALSE) -> 0 | G44: =E44-F44 -> 0
D45: Dentista | E45: =HLOOKUP($C$2,'ORÇAMENTO PESSOAL'!$E$2:$P$92,59,FALSE) -> 0 | G45: =E45-F45 -> 0
D46: Outros | E46: =HLOOKUP($C$2,'ORÇAMENTO PESSOAL'!$E$2:$P$92,60,FALSE) -> 0 | G46: =E46-F46 -> 0
C47: Impostos | D47: IPTU | E47: =HLOOKUP($C$2,'ORÇAMENTO PESSOAL'!$E$2:$P$92,61,FALSE) -> 0 | G47: =E47-F47 -> 0
D48: IPVA | E48: =HLOOKUP($C$2,'ORÇAMENTO PESSOAL'!$E$2:$P$92,62,FALSE) -> 0 | G48: =E48-F48 -> 0
D49: IR | E49: =HLOOKUP($C$2,'ORÇAMENTO PESSOAL'!$E$2:$P$92,63,FALSE) -> 0 | G49: =E49-F49 -> 0
D50: Outros | E50: =HLOOKUP($C$2,'ORÇAMENTO PESSOAL'!$E$2:$P$92,64,FALSE) -> 0 | G50: =E50-F50 -> 0
C51: Educação | D51: Material Escolar | E51: =HLOOKUP($C$2,'ORÇAMENTO PESSOAL'!$E$2:$P$92,65,FALSE) -> 0 | G51: =E51-F51 -> 0
D52: Uniforme | E52: =HLOOKUP($C$2,'ORÇAMENTO PESSOAL'!$E$2:$P$92,66,FALSE) -> 0 | G52: =E52-F52 -> 0
D53: Outros | E53: =HLOOKUP($C$2,'ORÇAMENTO PESSOAL'!$E$2:$P$92,67,FALSE) -> 0 | G53: =E53-F53 -> 0
C54: Outros | D54: Manutenção do Carro | E54: =HLOOKUP($C$2,'ORÇAMENTO PESSOAL'!$E$2:$P$92,68,FALSE) -> 0 | G54: =E54-F54 -> 0
D55: Manutenção da Casa | E55: =HLOOKUP($C$2,'ORÇAMENTO PESSOAL'!$E$2:$P$92,69,FALSE) -> 0 | G55: =E55-F55 -> 0
D56: Outros | E56: =HLOOKUP($C$2,'ORÇAMENTO PESSOAL'!$E$2:$P$92,70,FALSE) -> 0 | G56: =E56-F56 -> 0
C57: Total NECESSIDADES | E57: =SUM(E10:E56) -> 0 | F57: =SUM(F10:F56) -> 0 | G57: =E57-F57 -> 0
A58: VONTADES | B58: ADICIONAIS Aquelas que não precisam acontecer todos os meses, são variáveis e fazem parte do estilo de vida. | C58: Lazer | D58: Viagens/Passeios | E58: =HLOOKUP($C$2,'ORÇAMENTO PESSOAL'!$E$2:$P$92,73,FALSE) -> 0 | G58: =E58-F58 -> 0
D59: Restaurantes/Bares | E59: =HLOOKUP($C$2,'ORÇAMENTO PESSOAL'!$E$2:$P$92,74,FALSE) -> 0 | G59: =E59-F59 -> 0
D60: Apps de Comida | E60: =HLOOKUP($C$2,'ORÇAMENTO PESSOAL'!$E$2:$P$92,75,FALSE) -> 0 | G60: =E60-F60 -> 0
D61: Cinemas/Teatros/Shows | E61: =HLOOKUP($C$2,'ORÇAMENTO PESSOAL'!$E$2:$P$92,76,FALSE) -> 0 | G61: =E61-F61 -> 0
D62: Assinaturas Mensais | E62: =HLOOKUP($C$2,'ORÇAMENTO PESSOAL'!$E$2:$P$92,77,FALSE) -> 0 | G62: =E62-F62 -> 0
D63: Outros | E63: =HLOOKUP($C$2,'ORÇAMENTO PESSOAL'!$E$2:$P$92,78,FALSE) -> 0 | G63: =E63-F63 -> 0
C64: Vestuário | D64: Roupas | E64: =HLOOKUP($C$2,'ORÇAMENTO PESSOAL'!$E$2:$P$92,79,FALSE) -> 0 | G64: =E64-F64 -> 0
D65: Calçados | E65: =HLOOKUP($C$2,'ORÇAMENTO PESSOAL'!$E$2:$P$92,80,FALSE) -> 0 | G65: =E65-F65 -> 0
D66: Acessórios | E66: =HLOOKUP($C$2,'ORÇAMENTO PESSOAL'!$E$2:$P$92,81,FALSE) -> 0 | G66: =E66-F66 -> 0
C67: Cuidados Pessoais | D67: Beleza | E67: =HLOOKUP($C$2,'ORÇAMENTO PESSOAL'!$E$2:$P$92,82,FALSE) -> 0 | G67: =E67-F67 -> 0
D68: Cosméticos | E68: =HLOOKUP($C$2,'ORÇAMENTO PESSOAL'!$E$2:$P$92,83,FALSE) -> 0 | G68: =E68-F68 -> 0
D69: Academia | E69: =HLOOKUP($C$2,'ORÇAMENTO PESSOAL'!$E$2:$P$92,84,FALSE) -> 0 | G69: =E69-F69 -> 0
D70: Outros | E70: =HLOOKUP($C$2,'ORÇAMENTO PESSOAL'!$E$2:$P$92,85,FALSE) -> 0 | G70: =E70-F70 -> 0
C71: Outros | D71: Presentes | E71: =HLOOKUP($C$2,'ORÇAMENTO PESSOAL'!$E$2:$P$92,86,FALSE) -> 0 | G71: =E71-F71 -> 0
D72: Utilidades Doméstica e Decoração | E72: =HLOOKUP($C$2,'ORÇAMENTO PESSOAL'!$E$2:$P$92,87,FALSE) -> 0 | G72: =E72-F72 -> 0
D73: Cursos/Livros | E73: =HLOOKUP($C$2,'ORÇAMENTO PESSOAL'!$E$2:$P$92,88,FALSE) -> 0 | G73: =E73-F73 -> 0
D74: Despesas Não Identificadas | E74: =HLOOKUP($C$2,'ORÇAMENTO PESSOAL'!$E$2:$P$92,89,FALSE) -> 0 | G74: =E74-F74 -> 0
D75: Doações/Dízimos | E75: =HLOOKUP($C$2,'ORÇAMENTO PESSOAL'!$E$2:$P$92,90,FALSE) -> 0 | G75: =E75-F75 -> 0
D76: Outros | E76: =HLOOKUP($C$2,'ORÇAMENTO PESSOAL'!$E$2:$P$93,91,FALSE) -> 0 | G76: =E76-F76 -> 0
C77: Total VONTADES | E77: =SUM(E58:E76) -> 0 | F77: =SUM(F58:F76) -> 0 | G77: =E77-F77 -> 0

Sheet JUNHO
A1: Acompanhamento Mensal
C2: JUNHO | E2: Orçamento Previsto | F2: Gasto Atual | G2: Disponível | I2: RESUMO | K2: Orçamento Previsto | L2: Gasto Atual | M2: Disponível
A3: INVESTIMENTOS Insira aqui o montante mensal que você destinará aos seus investimentos. | D3: Meta 1 | E3: =HLOOKUP($C$2,'ORÇAMENTO PESSOAL'!$E$2:$P$92,16,FALSE) -> 0 | G3: =E3-F3 -> 0 | I3: Necessidades | K3: =E57 -> 0 | L3: =F57 -> 0 | M3: =K3-L3 -> 0
D4: Meta 2 | E4: =HLOOKUP($C$2,'ORÇAMENTO PESSOAL'!$E$2:$P$92,17,FALSE) -> 0 | G4: =E4-F4 -> 0 | I4: Vontades | K4: =E77 -> 0 | L4: =F77 -> 0 | M4: =K4-L4 -> 0
D5: Reserva de Emergência | E5: =HLOOKUP($C$2,'ORÇAMENTO PESSOAL'!$E$2:$P$92,18,FALSE) -> 0 | G5: =E5-F5 -> 0 | I5: Metas (Médio e Longo Prazo) | K5: =E3+E4+E7 -> 0 | L5: =F3+F4+F7 -> 0 | M5: =K5-L5 -> 0
D6: Aposentadoria/Independência Financeira | E6: =HLOOKUP($C$2,'ORÇAMENTO PESSOAL'!$E$2:$P$92,19,FALSE) -> 0 | G6: =E6-F6 -> 0 | I6: Reserva de Emergência | K6: =E5 -> 0 | L6: =F5 -> 0 | M6: =K6-L6 -> 0
D7: Outros | E7: =HLOOKUP($C$2,'ORÇAMENTO PESSOAL'!$E$2:$P$92,20,FALSE) -> 0 | G7: =E7-F7 -> 0 | I7: Aposentadoria/Independência Fin. | K7: =E6 -> 0 | L7: =F6 -> 0 | M7: =K7-L7 -> 0
D8: Total | E8: =SUM(E3:E7) -> 0 | F8: =SUM(F3:F7) -> 0 | G8: =SUM(G3:G7) -> 0 | I8: Total | K8: =SUM(K3:K7) -> 0 | L8: =SUM(L3:L7) -> 0 | M8: =K8-L8 -> 0
A10: NECESSIDADES / ESSENCIAIS | B10: DESPESAS FIXAS Aquelas que têm o mesmo valor mensalmente. e DESPESAS VARIÁVEIS Aquelas que acontecem todos os meses, podem variar de valor e podemos tentar reduzir. | C10: Habitação | D10: Aluguel | E10: =HLOOKUP($C$2,'ORÇAMENTO PESSOAL'!$E$2:$P$92,24,FALSE) -> 0 | G10: =E10-F10 -> 0
D11: Condomínio | E11: =HLOOKUP($C$2,'ORÇAMENTO PESSOAL'!$E$2:$P$92,25,FALSE) -> 0 | G11: =E11-F11 -> 0
D12: Prestação da Casa | E12: =HLOOKUP($C$2,'ORÇAMENTO PESSOAL'!$E$2:$P$92,26,FALSE) -> 0 | G12: =E12-F12 -> 0
D13: Diarista/Mensalista | E13: =HLOOKUP($C$2,'ORÇAMENTO PESSOAL'!$E$2:$P$92,27,FALSE) -> 0 | G13: =E13-F13 -> 0
D14: Luz | E14: =HLOOKUP($C$2,'ORÇAMENTO PESSOAL'!$E$2:$P$92,28,FALSE) -> 0 | G14: =E14-F14 -> 0
D15: Água | E15: =HLOOKUP($C$2,'ORÇAMENTO PESSOAL'!$E$2:$P$92,29,FALSE) -> 0 | G15: =E15-F15 -> 0
D16: Telefone | E16: =HLOOKUP($C$2,'ORÇAMENTO PESSOAL'!$E$2:$P$92,30,FALSE) -> 0 | G16: =E16-F16 -> 0
D17: Gás | E17: =HLOOKUP($C$2,'ORÇAMENTO PESSOAL'!$E$2:$P$92,31,FALSE) -> 0 | G17: =E17-F17 -> 0
D18: Internet | E18: =HLOOKUP($C$2,'ORÇAMENTO PESSOAL'!$E$2:$P$92,32,FALSE) -> 0 | G18: =E18-F18 -> 0
D19: Outros | E19: =HLOOKUP($C$2,'ORÇAMENTO PESSOAL'!$E$2:$P$92,33,FALSE) -> 0 | G19: =E19-F19 -> 0
C20: Transporte | D20: Prestação do Carro | E20: =HLOOKUP($C$2,'ORÇAMENTO PESSOAL'!$E$2:$P$92,34,FALSE) -> 0 | G20: =E20-F20 -> 0
D21: Seguro do Carro | E21: =HLOOKUP($C$2,'ORÇAMENTO PESSOAL'!$E$2:$P$92,35,FALSE) -> 0 | G21: =E21-F21 -> 0
D22: Combustível | E22: =HLOOKUP($C$2,'ORÇAMENTO PESSOAL'!$E$2:$P$92,36,FALSE) -> 0 | G22: =E22-F22 -> 0
D23: Metrô/Ônibus | E23: =HLOOKUP($C$2,'ORÇAMENTO PESSOAL'!$E$2:$P$92,37,FALSE) -> 0 | G23: =E23-F23 -> 0
D24: Taxi/Uber | E24: =HLOOKUP($C$2,'ORÇAMENTO PESSOAL'!$E$2:$P$92,38,FALSE) -> 0 | G24: =E24-F24 -> 0
D25: Estacionamento | E25: =HLOOKUP($C$2,'ORÇAMENTO PESSOAL'!$E$2:$P$92,39,FALSE) -> 0 | G25: =E25-F25 -> 0
D26: Outros | E26: =HLOOKUP($C$2,'ORÇAMENTO PESSOAL'!$E$2:$P$92,40,FALSE) -> 0 | G26: =E26-F26 -> 0
C27: Saúde | D27: Plano de Saúde | E27: =HLOOKUP($C$2,'ORÇAMENTO PESSOAL'!$E$2:$P$92,41,FALSE) -> 0 | G27: =E27-F27 -> 0
D28: Medicamentos | E28: =HLOOKUP($C$2,'ORÇAMENTO PESSOAL'!$E$2:$P$92,42,FALSE) -> 0 | G28: =E28-F28 -> 0
D29: Outros | E29: =HLOOKUP($C$2,'ORÇAMENTO PESSOAL'!$E$2:$P$92,43,FALSE) -> 0 | G29: =E29-F29 -> 0
C30: Alimentação | D30: Supermercado | E30: =HLOOKUP($C$2,'ORÇAMENTO PESSOAL'!$E$2:$P$92,44,FALSE) -> 0 | G30: =E30-F30 -> 0
D31: Feira | E31: =HLOOKUP($C$2,'ORÇAMENTO PESSOAL'!$E$2:$P$92,45,FALSE) -> 0 | G31: =E31-F31 -> 0
D32: Padaria | E32: =HLOOKUP($C$2,'ORÇAMENTO PESSOAL'!$E$2:$P$92,46,FALSE) -> 0 | G32: =E32-F32 -> 0
D33: Outros | E33: =HLOOKUP($C$2,'ORÇAMENTO PESSOAL'!$E$2:$P$92,47,FALSE) -> 0 | G33: =E33-F33 -> 0
C34: Educação | D34: Mensalidade | E34: =HLOOKUP($C$2,'ORÇAMENTO PESSOAL'!$E$2:$P$92,48,FALSE) -> 0 | G34: =E34-F34 -> 0
D35: Transporte Escolar | E35: =HLOOKUP($C$2,'ORÇAMENTO PESSOAL'!$E$2:$P$92,49,FALSE) -> 0 | G35: =E35-F35 -> 0
D36: Outros | E36: =HLOOKUP($C$2,'ORÇAMENTO PESSOAL'!$E$2:$P$92,50,FALSE) -> 0 | G36: =E36-F36 -> 0
C37: Animais de Estimação | D37: Ração | E37: =HLOOKUP($C$2,'ORÇAMENTO PESSOAL'!$E$2:$P$92,51,FALSE) -> 0 | G37: =E37-F37 -> 0
D38: Banho/Tosa | E38: =HLOOKUP($C$2,'ORÇAMENTO PESSOAL'!$E$2:$P$92,52,FALSE) -> 0 | G38: =E38-F38 -> 0
D39: Veterinário/Plano Pet | E39: =HLOOKUP($C$2,'ORÇAMENTO PESSOAL'!$E$2:$P$92,53,FALSE) -> 0 | G39: =E39-F39 -> 0
C40: Outros | D40: Seguro de Vida | E40: =HLOOKUP($C$2,'ORÇAMENTO PESSOAL'!$E$2:$P$92,54,FALSE) -> 0 | G40: =E40-F40 -> 0
D41: Tarifas Bancárias | E41: =HLOOKUP($C$2,'ORÇAMENTO PESSOAL'!$E$2:$P$92,55,FALSE) -> 0 | G41: =E41-F41 -> 0
D42: Empréstimos/Financiamentos | E42: =HLOOKUP($C$2,'ORÇAMENTO PESSOAL'!$E$2:$P$92,56,FALSE) -> 0 | G42: =E42-F42 -> 0
D43: Outros | E43: =HLOOKUP($C$2,'ORÇAMENTO PESSOAL'!$E$2:$P$92,57,FALSE) -> 0 | G43: =E43-F43 -> 0
B44: EVENTUAIS São as despesas que não acontecem com periodicidade definida ou são extraordinárias, para as quais precisamos estar preparadas quando acontecerem. | C44: Saúde | D44: Médico/Terapia | E44: =HLOOKUP($C$2,'ORÇAMENTO PESSOAL'!$E$2:$P$92,58,FALSE) -> 0 | G44: =E44-F44 -> 0
D45: Dentista | E45: =HLOOKUP($C$2,'ORÇAMENTO PESSOAL'!$E$2:$P$92,59,FALSE) -> 0 | G45: =E45-F45 -> 0
D46: Outros | E46: =HLOOKUP($C$2,'ORÇAMENTO PESSOAL'!$E$2:$P$92,60,FALSE) -> 0 | G46: =E46-F46 -> 0
C47: Impostos | D47: IPTU | E47: =HLOOKUP($C$2,'ORÇAMENTO PESSOAL'!$E$2:$P$92,61,FALSE) -> 0 | G47: =E47-F47 -> 0
D48: IPVA | E48: =HLOOKUP($C$2,'ORÇAMENTO PESSOAL'!$E$2:$P$92,62,FALSE) -> 0 | G48: =E48-F48 -> 0
D49: IR | E49: =HLOOKUP($C$2,'ORÇAMENTO PESSOAL'!$E$2:$P$92,63,FALSE) -> 0 | G49: =E49-F49 -> 0
D50: Outros | E50: =HLOOKUP($C$2,'ORÇAMENTO PESSOAL'!$E$2:$P$92,64,FALSE) -> 0 | G50: =E50-F50 -> 0
C51: Educação | D51: Material Escolar | E51: =HLOOKUP($C$2,'ORÇAMENTO PESSOAL'!$E$2:$P$92,65,FALSE) -> 0 | G51: =E51-F51 -> 0
D52: Uniforme | E52: =HLOOKUP($C$2,'ORÇAMENTO PESSOAL'!$E$2:$P$92,66,FALSE) -> 0 | G52: =E52-F52 -> 0
D53: Outros | E53: =HLOOKUP($C$2,'ORÇAMENTO PESSOAL'!$E$2:$P$92,67,FALSE) -> 0 | G53: =E53-F53 -> 0
C54: Outros | D54: Manutenção do Carro | E54: =HLOOKUP($C$2,'ORÇAMENTO PESSOAL'!$E$2:$P$92,68,FALSE) -> 0 | G54: =E54-F54 -> 0
D55: Manutenção da Casa | E55: =HLOOKUP($C$2,'ORÇAMENTO PESSOAL'!$E$2:$P$92,69,FALSE) -> 0 | G55: =E55-F55 -> 0
D56: Outros | E56: =HLOOKUP($C$2,'ORÇAMENTO PESSOAL'!$E$2:$P$92,70,FALSE) -> 0 | G56: =E56-F56 -> 0
C57: Total NECESSIDADES | E57: =SUM(E10:E56) -> 0 | F57: =SUM(F10:F56) -> 0 | G57: =E57-F57 -> 0
A58: VONTADES | B58: ADICIONAIS Aquelas que não precisam acontecer todos os meses, são variáveis e fazem parte do estilo de vida. | C58: Lazer | D58: Viagens/Passeios | E58: =HLOOKUP($C$2,'ORÇAMENTO PESSOAL'!$E$2:$P$92,73,FALSE) -> 0 | G58: =E58-F58 -> 0
D59: Restaurantes/Bares | E59: =HLOOKUP($C$2,'ORÇAMENTO PESSOAL'!$E$2:$P$92,74,FALSE) -> 0 | G59: =E59-F59 -> 0
D60: Apps de Comida | E60: =HLOOKUP($C$2,'ORÇAMENTO PESSOAL'!$E$2:$P$92,75,FALSE) -> 0 | G60: =E60-F60 -> 0
D61: Cinemas/Teatros/Shows | E61: =HLOOKUP($C$2,'ORÇAMENTO PESSOAL'!$E$2:$P$92,76,FALSE) -> 0 | G61: =E61-F61 -> 0
D62: Assinaturas Mensais | E62: =HLOOKUP($C$2,'ORÇAMENTO PESSOAL'!$E$2:$P$92,77,FALSE) -> 0 | G62: =E62-F62 -> 0
D63: Outros | E63: =HLOOKUP($C$2,'ORÇAMENTO PESSOAL'!$E$2:$P$92,78,FALSE) -> 0 | G63: =E63-F63 -> 0
C64: Vestuário | D64: Roupas | E64: =HLOOKUP($C$2,'ORÇAMENTO PESSOAL'!$E$2:$P$92,79,FALSE) -> 0 | G64: =E64-F64 -> 0
D65: Calçados | E65: =HLOOKUP($C$2,'ORÇAMENTO PESSOAL'!$E$2:$P$92,80,FALSE) -> 0 | G65: =E65-F65 -> 0
D66: Acessórios | E66: =HLOOKUP($C$2,'ORÇAMENTO PESSOAL'!$E$2:$P$92,81,FALSE) -> 0 | G66: =E66-F66 -> 0
C67: Cuidados Pessoais | D67: Beleza | E67: =HLOOKUP($C$2,'ORÇAMENTO PESSOAL'!$E$2:$P$92,82,FALSE) -> 0 | G67: =E67-F67 -> 0
D68: Cosméticos | E68: =HLOOKUP($C$2,'ORÇAMENTO PESSOAL'!$E$2:$P$92,83,FALSE) -> 0 | G68: =E68-F68 -> 0
D69: Academia | E69: =HLOOKUP($C$2,'ORÇAMENTO PESSOAL'!$E$2:$P$92,84,FALSE) -> 0 | G69: =E69-F69 -> 0
D70: Outros | E70: =HLOOKUP($C$2,'ORÇAMENTO PESSOAL'!$E$2:$P$92,85,FALSE) -> 0 | G70: =E70-F70 -> 0
C71: Outros | D71: Presentes | E71: =HLOOKUP($C$2,'ORÇAMENTO PESSOAL'!$E$2:$P$92,86,FALSE) -> 0 | G71: =E71-F71 -> 0
D72: Utilidades Doméstica e Decoração | E72: =HLOOKUP($C$2,'ORÇAMENTO PESSOAL'!$E$2:$P$92,87,FALSE) -> 0 | G72: =E72-F72 -> 0
D73: Cursos/Livros | E73: =HLOOKUP($C$2,'ORÇAMENTO PESSOAL'!$E$2:$P$92,88,FALSE) -> 0 | G73: =E73-F73 -> 0
D74: Despesas Não Identificadas | E74: =HLOOKUP($C$2,'ORÇAMENTO PESSOAL'!$E$2:$P$92,89,FALSE) -> 0 | G74: =E74-F74 -> 0
D75: Doações/Dízimos | E75: =HLOOKUP($C$2,'ORÇAMENTO PESSOAL'!$E$2:$P$92,90,FALSE) -> 0 | G75: =E75-F75 -> 0
D76: Outros | E76: =HLOOKUP($C$2,'ORÇAMENTO PESSOAL'!$E$2:$P$93,91,FALSE) -> 0 | G76: =E76-F76 -> 0
C77: Total VONTADES | E77: =SUM(E58:E76) -> 0 | F77: =SUM(F58:F76) -> 0 | G77: =E77-F77 -> 0

Sheet JULHO
A1: Acompanhamento Mensal
C2: JULHO | E2: Orçamento Previsto | F2: Gasto Atual | G2: Disponível | I2: RESUMO | K2: Orçamento Previsto | L2: Gasto Atual | M2: Disponível
A3: INVESTIMENTOS Insira aqui o montante mensal que você destinará aos seus investimentos. | D3: Meta 1 | E3: =HLOOKUP($C$2,'ORÇAMENTO PESSOAL'!$E$2:$P$92,16,FALSE) -> 0 | G3: =E3-F3 -> 0 | I3: Necessidades | K3: =E57 -> 0 | L3: =F57 -> 0 | M3: =K3-L3 -> 0
D4: Meta 2 | E4: =HLOOKUP($C$2,'ORÇAMENTO PESSOAL'!$E$2:$P$92,17,FALSE) -> 0 | G4: =E4-F4 -> 0 | I4: Vontades | K4: =E77 -> 0 | L4: =F77 -> 0 | M4: =K4-L4 -> 0
D5: Reserva de Emergência | E5: =HLOOKUP($C$2,'ORÇAMENTO PESSOAL'!$E$2:$P$92,18,FALSE) -> 0 | G5: =E5-F5 -> 0 | I5: Metas (Médio e Longo Prazo) | K5: =E3+E4+E7 -> 0 | L5: =F3+F4+F7 -> 0 | M5: =K5-L5 -> 0
D6: Aposentadoria/Independência Financeira | E6: =HLOOKUP($C$2,'ORÇAMENTO PESSOAL'!$E$2:$P$92,19,FALSE) -> 0 | G6: =E6-F6 -> 0 | I6: Reserva de Emergência | K6: =E5 -> 0 | L6: =F5 -> 0 | M6: =K6-L6 -> 0
D7: Outros | E7: =HLOOKUP($C$2,'ORÇAMENTO PESSOAL'!$E$2:$P$92,20,FALSE) -> 0 | G7: =E7-F7 -> 0 | I7: Aposentadoria/Independência Fin. | K7: =E6 -> 0 | L7: =F6 -> 0 | M7: =K7-L7 -> 0
D8: Total | E8: =SUM(E3:E7) -> 0 | F8: =SUM(F3:F7) -> 0 | G8: =SUM(G3:G7) -> 0 | I8: Total | K8: =SUM(K3:K7) -> 0 | L8: =SUM(L3:L7) -> 0 | M8: =K8-L8 -> 0
A10: NECESSIDADES / ESSENCIAIS | B10: DESPESAS FIXAS Aquelas que têm o mesmo valor mensalmente. e DESPESAS VARIÁVEIS Aquelas que acontecem todos os meses, podem variar de valor e podemos tentar reduzir. | C10: Habitação | D10: Aluguel | E10: =HLOOKUP($C$2,'ORÇAMENTO PESSOAL'!$E$2:$P$92,24,FALSE) -> 0 | G10: =E10-F10 -> 0
D11: Condomínio | E11: =HLOOKUP($C$2,'ORÇAMENTO PESSOAL'!$E$2:$P$92,25,FALSE) -> 0 | G11: =E11-F11 -> 0
D12: Prestação da Casa | E12: =HLOOKUP($C$2,'ORÇAMENTO PESSOAL'!$E$2:$P$92,26,FALSE) -> 0 | G12: =E12-F12 -> 0
D13: Diarista/Mensalista | E13: =HLOOKUP($C$2,'ORÇAMENTO PESSOAL'!$E$2:$P$92,27,FALSE) -> 0 | G13: =E13-F13 -> 0
D14: Luz | E14: =HLOOKUP($C$2,'ORÇAMENTO PESSOAL'!$E$2:$P$92,28,FALSE) -> 0 | G14: =E14-F14 -> 0
D15: Água | E15: =HLOOKUP($C$2,'ORÇAMENTO PESSOAL'!$E$2:$P$92,29,FALSE) -> 0 | G15: =E15-F15 -> 0
D16: Telefone | E16: =HLOOKUP($C$2,'ORÇAMENTO PESSOAL'!$E$2:$P$92,30,FALSE) -> 0 | G16: =E16-F16 -> 0
D17: Gás | E17: =HLOOKUP($C$2,'ORÇAMENTO PESSOAL'!$E$2:$P$92,31,FALSE) -> 0 | G17: =E17-F17 -> 0
D18: Internet | E18: =HLOOKUP($C$2,'ORÇAMENTO PESSOAL'!$E$2:$P$92,32,FALSE) -> 0 | G18: =E18-F18 -> 0
D19: Outros | E19: =HLOOKUP($C$2,'ORÇAMENTO PESSOAL'!$E$2:$P$92,33,FALSE) -> 0 | G19: =E19-F19 -> 0
C20: Transporte | D20: Prestação do Carro | E20: =HLOOKUP($C$2,'ORÇAMENTO PESSOAL'!$E$2:$P$92,34,FALSE) -> 0 | G20: =E20-F20 -> 0
D21: Seguro do Carro | E21: =HLOOKUP($C$2,'ORÇAMENTO PESSOAL'!$E$2:$P$92,35,FALSE) -> 0 | G21: =E21-F21 -> 0
D22: Combustível | E22: =HLOOKUP($C$2,'ORÇAMENTO PESSOAL'!$E$2:$P$92,36,FALSE) -> 0 | G22: =E22-F22 -> 0
D23: Metrô/Ônibus | E23: =HLOOKUP($C$2,'ORÇAMENTO PESSOAL'!$E$2:$P$92,37,FALSE) -> 0 | G23: =E23-F23 -> 0
D24: Taxi/Uber | E24: =HLOOKUP($C$2,'ORÇAMENTO PESSOAL'!$E$2:$P$92,38,FALSE) -> 0 | G24: =E24-F24 -> 0
D25: Estacionamento | E25: =HLOOKUP($C$2,'ORÇAMENTO PESSOAL'!$E$2:$P$92,39,FALSE) -> 0 | G25: =E25-F25 -> 0
D26: Outros | E26: =HLOOKUP($C$2,'ORÇAMENTO PESSOAL'!$E$2:$P$92,40,FALSE) -> 0 | G26: =E26-F26 -> 0
C27: Saúde | D27: Plano de Saúde | E27: =HLOOKUP($C$2,'ORÇAMENTO PESSOAL'!$E$2:$P$92,41,FALSE) -> 0 | G27: =E27-F27 -> 0
D28: Medicamentos | E28: =HLOOKUP($C$2,'ORÇAMENTO PESSOAL'!$E$2:$P$92,42,FALSE) -> 0 | G28: =E28-F28 -> 0
D29: Outros | E29: =HLOOKUP($C$2,'ORÇAMENTO PESSOAL'!$E$2:$P$92,43,FALSE) -> 0 | G29: =E29-F29 -> 0
C30: Alimentação | D30: Supermercado | E30: =HLOOKUP($C$2,'ORÇAMENTO PESSOAL'!$E$2:$P$92,44,FALSE) -> 0 | G30: =E30-F30 -> 0
D31: Feira | E31: =HLOOKUP($C$2,'ORÇAMENTO PESSOAL'!$E$2:$P$92,45,FALSE) -> 0 | G31: =E31-F31 -> 0
D32: Padaria | E32: =HLOOKUP($C$2,'ORÇAMENTO PESSOAL'!$E$2:$P$92,46,FALSE) -> 0 | G32: =E32-F32 -> 0
D33: Outros | E33: =HLOOKUP($C$2,'ORÇAMENTO PESSOAL'!$E$2:$P$92,47,FALSE) -> 0 | G33: =E33-F33 -> 0
C34: Educação | D34: Mensalidade | E34: =HLOOKUP($C$2,'ORÇAMENTO PESSOAL'!$E$2:$P$92,48,FALSE) -> 0 | G34: =E34-F34 -> 0
D35: Transporte Escolar | E35: =HLOOKUP($C$2,'ORÇAMENTO PESSOAL'!$E$2:$P$92,49,FALSE) -> 0 | G35: =E35-F35 -> 0
D36: Outros | E36: =HLOOKUP($C$2,'ORÇAMENTO PESSOAL'!$E$2:$P$92,50,FALSE) -> 0 | G36: =E36-F36 -> 0
C37: Animais de Estimação | D37: Ração | E37: =HLOOKUP($C$2,'ORÇAMENTO PESSOAL'!$E$2:$P$92,51,FALSE) -> 0 | G37: =E37-F37 -> 0
D38: Banho/Tosa | E38: =HLOOKUP($C$2,'ORÇAMENTO PESSOAL'!$E$2:$P$92,52,FALSE) -> 0 | G38: =E38-F38 -> 0
D39: Veterinário/Plano Pet | E39: =HLOOKUP($C$2,'ORÇAMENTO PESSOAL'!$E$2:$P$92,53,FALSE) -> 0 | G39: =E39-F39 -> 0
C40: Outros | D40: Seguro de Vida | E40: =HLOOKUP($C$2,'ORÇAMENTO PESSOAL'!$E$2:$P$92,54,FALSE) -> 0 | G40: =E40-F40 -> 0
D41: Tarifas Bancárias | E41: =HLOOKUP($C$2,'ORÇAMENTO PESSOAL'!$E$2:$P$92,55,FALSE) -> 0 | G41: =E41-F41 -> 0
D42: Empréstimos/Financiamentos | E42: =HLOOKUP($C$2,'ORÇAMENTO PESSOAL'!$E$2:$P$92,56,FALSE) -> 0 | G42: =E42-F42 -> 0
D43: Outros | E43: =HLOOKUP($C$2,'ORÇAMENTO PESSOAL'!$E$2:$P$92,57,FALSE) -> 0 | G43: =E43-F43 -> 0
B44: EVENTUAIS São as despesas que não acontecem com periodicidade definida ou são extraordinárias, para as quais precisamos estar preparadas quando acontecerem. | C44: Saúde | D44: Médico/Terapia | E44: =HLOOKUP($C$2,'ORÇAMENTO PESSOAL'!$E$2:$P$92,58,FALSE) -> 0 | G44: =E44-F44 -> 0
D45: Dentista | E45: =HLOOKUP($C$2,'ORÇAMENTO PESSOAL'!$E$2:$P$92,59,FALSE) -> 0 | G45: =E45-F45 -> 0
D46: Outros | E46: =HLOOKUP($C$2,'ORÇAMENTO PESSOAL'!$E$2:$P$92,60,FALSE) -> 0 | G46: =E46-F46 -> 0
C47: Impostos | D47: IPTU | E47: =HLOOKUP($C$2,'ORÇAMENTO PESSOAL'!$E$2:$P$92,61,FALSE) -> 0 | G47: =E47-F47 -> 0
D48: IPVA | E48: =HLOOKUP($C$2,'ORÇAMENTO PESSOAL'!$E$2:$P$92,62,FALSE) -> 0 | G48: =E48-F48 -> 0
D49: IR | E49: =HLOOKUP($C$2,'ORÇAMENTO PESSOAL'!$E$2:$P$92,63,FALSE) -> 0 | G49: =E49-F49 -> 0
D50: Outros | E50: =HLOOKUP($C$2,'ORÇAMENTO PESSOAL'!$E$2:$P$92,64,FALSE) -> 0 | G50: =E50-F50 -> 0
C51: Educação | D51: Material Escolar | E51: =HLOOKUP($C$2,'ORÇAMENTO PESSOAL'!$E$2:$P$92,65,FALSE) -> 0 | G51: =E51-F51 -> 0
D52: Uniforme | E52: =HLOOKUP($C$2,'ORÇAMENTO PESSOAL'!$E$2:$P$92,66,FALSE) -> 0 | G52: =E52-F52 -> 0
D53: Outros | E53: =HLOOKUP($C$2,'ORÇAMENTO PESSOAL'!$E$2:$P$92,67,FALSE) -> 0 | G53: =E53-F53 -> 0
C54: Outros | D54: Manutenção do Carro | E54: =HLOOKUP($C$2,'ORÇAMENTO PESSOAL'!$E$2:$P$92,68,FALSE) -> 0 | G54: =E54-F54 -> 0
D55: Manutenção da Casa | E55: =HLOOKUP($C$2,'ORÇAMENTO PESSOAL'!$E$2:$P$92,69,FALSE) -> 0 | G55: =E55-F55 -> 0
D56: Outros | E56: =HLOOKUP($C$2,'ORÇAMENTO PESSOAL'!$E$2:$P$92,70,FALSE) -> 0 | G56: =E56-F56 -> 0
C57: Total NECESSIDADES | E57: =SUM(E10:E56) -> 0 | F57: =SUM(F10:F56) -> 0 | G57: =E57-F57 -> 0
A58: VONTADES | B58: ADICIONAIS Aquelas que não precisam acontecer todos os meses, são variáveis e fazem parte do estilo de vida. | C58: Lazer | D58: Viagens/Passeios | E58: =HLOOKUP($C$2,'ORÇAMENTO PESSOAL'!$E$2:$P$92,73,FALSE) -> 0 | G58: =E58-F58 -> 0
D59: Restaurantes/Bares | E59: =HLOOKUP($C$2,'ORÇAMENTO PESSOAL'!$E$2:$P$92,74,FALSE) -> 0 | G59: =E59-F59 -> 0
D60: Apps de Comida | E60: =HLOOKUP($C$2,'ORÇAMENTO PESSOAL'!$E$2:$P$92,75,FALSE) -> 0 | G60: =E60-F60 -> 0
D61: Cinemas/Teatros/Shows | E61: =HLOOKUP($C$2,'ORÇAMENTO PESSOAL'!$E$2:$P$92,76,FALSE) -> 0 | G61: =E61-F61 -> 0
D62: Assinaturas Mensais | E62: =HLOOKUP($C$2,'ORÇAMENTO PESSOAL'!$E$2:$P$92,77,FALSE) -> 0 | G62: =E62-F62 -> 0
D63: Outros | E63: =HLOOKUP($C$2,'ORÇAMENTO PESSOAL'!$E$2:$P$92,78,FALSE) -> 0 | G63: =E63-F63 -> 0
C64: Vestuário | D64: Roupas | E64: =HLOOKUP($C$2,'ORÇAMENTO PESSOAL'!$E$2:$P$92,79,FALSE) -> 0 | G64: =E64-F64 -> 0
D65: Calçados | E65: =HLOOKUP($C$2,'ORÇAMENTO PESSOAL'!$E$2:$P$92,80,FALSE) -> 0 | G65: =E65-F65 -> 0
D66: Acessórios | E66: =HLOOKUP($C$2,'ORÇAMENTO PESSOAL'!$E$2:$P$92,81,FALSE) -> 0 | G66: =E66-F66 -> 0
C67: Cuidados Pessoais | D67: Beleza | E67: =HLOOKUP($C$2,'ORÇAMENTO PESSOAL'!$E$2:$P$92,82,FALSE) -> 0 | G67: =E67-F67 -> 0
D68: Cosméticos | E68: =HLOOKUP($C$2,'ORÇAMENTO PESSOAL'!$E$2:$P$92,83,FALSE) -> 0 | G68: =E68-F68 -> 0
D69: Academia | E69: =HLOOKUP($C$2,'ORÇAMENTO PESSOAL'!$E$2:$P$92,84,FALSE) -> 0 | G69: =E69-F69 -> 0
D70: Outros | E70: =HLOOKUP($C$2,'ORÇAMENTO PESSOAL'!$E$2:$P$92,85,FALSE) -> 0 | G70: =E70-F70 -> 0
C71: Outros | D71: Presentes | E71: =HLOOKUP($C$2,'ORÇAMENTO PESSOAL'!$E$2:$P$92,86,FALSE) -> 0 | G71: =E71-F71 -> 0
D72: Utilidades Doméstica e Decoração | E72: =HLOOKUP($C$2,'ORÇAMENTO PESSOAL'!$E$2:$P$92,87,FALSE) -> 0 | G72: =E72-F72 -> 0
D73: Cursos/Livros | E73: =HLOOKUP($C$2,'ORÇAMENTO PESSOAL'!$E$2:$P$92,88,FALSE) -> 0 | G73: =E73-F73 -> 0
D74: Despesas Não Identificadas | E74: =HLOOKUP($C$2,'ORÇAMENTO PESSOAL'!$E$2:$P$92,89,FALSE) -> 0 | G74: =E74-F74 -> 0
D75: Doações/Dízimos | E75: =HLOOKUP($C$2,'ORÇAMENTO PESSOAL'!$E$2:$P$92,90,FALSE) -> 0 | G75: =E75-F75 -> 0
D76: Outros | E76: =HLOOKUP($C$2,'ORÇAMENTO PESSOAL'!$E$2:$P$93,91,FALSE) -> 0 | G76: =E76-F76 -> 0
C77: Total VONTADES | E77: =SUM(E58:E76) -> 0 | F77: =SUM(F58:F76) -> 0 | G77: =E77-F77 -> 0

Sheet AGOSTO
A1: Acompanhamento Mensal
C2: AGOSTO | E2: Orçamento Previsto | F2: Gasto Atual | G2: Disponível | I2: RESUMO | K2: Orçamento Previsto | L2: Gasto Atual | M2: Disponível
A3: INVESTIMENTOS Insira aqui o montante mensal que você destinará aos seus investimentos. | D3: Meta 1 | E3: =HLOOKUP($C$2,'ORÇAMENTO PESSOAL'!$E$2:$P$92,16,FALSE) -> 0 | G3: =E3-F3 -> 0 | I3: Necessidades | K3: =E57 -> 0 | L3: =F57 -> 0 | M3: =K3-L3 -> 0
D4: Meta 2 | E4: =HLOOKUP($C$2,'ORÇAMENTO PESSOAL'!$E$2:$P$92,17,FALSE) -> 0 | G4: =E4-F4 -> 0 | I4: Vontades | K4: =E77 -> 0 | L4: =F77 -> 0 | M4: =K4-L4 -> 0
D5: Reserva de Emergência | E5: =HLOOKUP($C$2,'ORÇAMENTO PESSOAL'!$E$2:$P$92,18,FALSE) -> 0 | G5: =E5-F5 -> 0 | I5: Metas (Médio e Longo Prazo) | K5: =E3+E4+E7 -> 0 | L5: =F3+F4+F7 -> 0 | M5: =K5-L5 -> 0
D6: Aposentadoria/Independência Financeira | E6: =HLOOKUP($C$2,'ORÇAMENTO PESSOAL'!$E$2:$P$92,19,FALSE) -> 0 | G6: =E6-F6 -> 0 | I6: Reserva de Emergência | K6: =E5 -> 0 | L6: =F5 -> 0 | M6: =K6-L6 -> 0
D7: Outros | E7: =HLOOKUP($C$2,'ORÇAMENTO PESSOAL'!$E$2:$P$92,20,FALSE) -> 0 | G7: =E7-F7 -> 0 | I7: Aposentadoria/Independência Fin. | K7: =E6 -> 0 | L7: =F6 -> 0 | M7: =K7-L7 -> 0
D8: Total | E8: =SUM(E3:E7) -> 0 | F8: =SUM(F3:F7) -> 0 | G8: =SUM(G3:G7) -> 0 | I8: Total | K8: =SUM(K3:K7) -> 0 | L8: =SUM(L3:L7) -> 0 | M8: =K8-L8 -> 0
A10: NECESSIDADES / ESSENCIAIS | B10: DESPESAS FIXAS Aquelas que têm o mesmo valor mensalmente. e DESPESAS VARIÁVEIS Aquelas que acontecem todos os meses, podem variar de valor e podemos tentar reduzir. | C10: Habitação | D10: Aluguel | E10: =HLOOKUP($C$2,'ORÇAMENTO PESSOAL'!$E$2:$P$92,24,FALSE) -> 0 | G10: =E10-F10 -> 0
D11: Condomínio | E11: =HLOOKUP($C$2,'ORÇAMENTO PESSOAL'!$E$2:$P$92,25,FALSE) -> 0 | G11: =E11-F11 -> 0
D12: Prestação da Casa | E12: =HLOOKUP($C$2,'ORÇAMENTO PESSOAL'!$E$2:$P$92,26,FALSE) -> 0 | G12: =E12-F12 -> 0
D13: Diarista/Mensalista | E13: =HLOOKUP($C$2,'ORÇAMENTO PESSOAL'!$E$2:$P$92,27,FALSE) -> 0 | G13: =E13-F13 -> 0
D14: Luz | E14: =HLOOKUP($C$2,'ORÇAMENTO PESSOAL'!$E$2:$P$92,28,FALSE) -> 0 | G14: =E14-F14 -> 0
D15: Água | E15: =HLOOKUP($C$2,'ORÇAMENTO PESSOAL'!$E$2:$P$92,29,FALSE) -> 0 | G15: =E15-F15 -> 0
D16: Telefone | E16: =HLOOKUP($C$2,'ORÇAMENTO PESSOAL'!$E$2:$P$92,30,FALSE) -> 0 | G16: =E16-F16 -> 0
D17: Gás | E17: =HLOOKUP($C$2,'ORÇAMENTO PESSOAL'!$E$2:$P$92,31,FALSE) -> 0 | G17: =E17-F17 -> 0
D18: Internet | E18: =HLOOKUP($C$2,'ORÇAMENTO PESSOAL'!$E$2:$P$92,32,FALSE) -> 0 | G18: =E18-F18 -> 0
D19: Outros | E19: =HLOOKUP($C$2,'ORÇAMENTO PESSOAL'!$E$2:$P$92,33,FALSE) -> 0 | G19: =E19-F19 -> 0
C20: Transporte | D20: Prestação do Carro | E20: =HLOOKUP($C$2,'ORÇAMENTO PESSOAL'!$E$2:$P$92,34,FALSE) -> 0 | G20: =E20-F20 -> 0
D21: Seguro do Carro | E21: =HLOOKUP($C$2,'ORÇAMENTO PESSOAL'!$E$2:$P$92,35,FALSE) -> 0 | G21: =E21-F21 -> 0
D22: Combustível | E22: =HLOOKUP($C$2,'ORÇAMENTO PESSOAL'!$E$2:$P$92,36,FALSE) -> 0 | G22: =E22-F22 -> 0
D23: Metrô/Ônibus | E23: =HLOOKUP($C$2,'ORÇAMENTO PESSOAL'!$E$2:$P$92,37,FALSE) -> 0 | G23: =E23-F23 -> 0
D24: Taxi/Uber | E24: =HLOOKUP($C$2,'ORÇAMENTO PESSOAL'!$E$2:$P$92,38,FALSE) -> 0 | G24: =E24-F24 -> 0
D25: Estacionamento | E25: =HLOOKUP($C$2,'ORÇAMENTO PESSOAL'!$E$2:$P$92,39,FALSE) -> 0 | G25: =E25-F25 -> 0
D26: Outros | E26: =HLOOKUP($C$2,'ORÇAMENTO PESSOAL'!$E$2:$P$92,40,FALSE) -> 0 | G26: =E26-F26 -> 0
C27: Saúde | D27: Plano de Saúde | E27: =HLOOKUP($C$2,'ORÇAMENTO PESSOAL'!$E$2:$P$92,41,FALSE) -> 0 | G27: =E27-F27 -> 0
D28: Medicamentos | E28: =HLOOKUP($C$2,'ORÇAMENTO PESSOAL'!$E$2:$P$92,42,FALSE) -> 0 | G28: =E28-F28 -> 0
D29: Outros | E29: =HLOOKUP($C$2,'ORÇAMENTO PESSOAL'!$E$2:$P$92,43,FALSE) -> 0 | G29: =E29-F29 -> 0
C30: Alimentação | D30: Supermercado | E30: =HLOOKUP($C$2,'ORÇAMENTO PESSOAL'!$E$2:$P$92,44,FALSE) -> 0 | G30: =E30-F30 -> 0
D31: Feira | E31: =HLOOKUP($C$2,'ORÇAMENTO PESSOAL'!$E$2:$P$92,45,FALSE) -> 0 | G31: =E31-F31 -> 0
D32: Padaria | E32: =HLOOKUP($C$2,'ORÇAMENTO PESSOAL'!$E$2:$P$92,46,FALSE) -> 0 | G32: =E32-F32 -> 0
D33: Outros | E33: =HLOOKUP($C$2,'ORÇAMENTO PESSOAL'!$E$2:$P$92,47,FALSE) -> 0 | G33: =E33-F33 -> 0
C34: Educação | D34: Mensalidade | E34: =HLOOKUP($C$2,'ORÇAMENTO PESSOAL'!$E$2:$P$92,48,FALSE) -> 0 | G34: =E34-F34 -> 0
D35: Transporte Escolar | E35: =HLOOKUP($C$2,'ORÇAMENTO PESSOAL'!$E$2:$P$92,49,FALSE) -> 0 | G35: =E35-F35 -> 0
D36: Outros | E36: =HLOOKUP($C$2,'ORÇAMENTO PESSOAL'!$E$2:$P$92,50,FALSE) -> 0 | G36: =E36-F36 -> 0
C37: Animais de Estimação | D37: Ração | E37: =HLOOKUP($C$2,'ORÇAMENTO PESSOAL'!$E$2:$P$92,51,FALSE) -> 0 | G37: =E37-F37 -> 0
D38: Banho/Tosa | E38: =HLOOKUP($C$2,'ORÇAMENTO PESSOAL'!$E$2:$P$92,52,FALSE) -> 0 | G38: =E38-F38 -> 0
D39: Veterinário/Plano Pet | E39: =HLOOKUP($C$2,'ORÇAMENTO PESSOAL'!$E$2:$P$92,53,FALSE) -> 0 | G39: =E39-F39 -> 0
C40: Outros | D40: Seguro de Vida | E40: =HLOOKUP($C$2,'ORÇAMENTO PESSOAL'!$E$2:$P$92,54,FALSE) -> 0 | G40: =E40-F40 -> 0
D41: Tarifas Bancárias | E41: =HLOOKUP($C$2,'ORÇAMENTO PESSOAL'!$E$2:$P$92,55,FALSE) -> 0 | G41: =E41-F41 -> 0
D42: Empréstimos/Financiamentos | E42: =HLOOKUP($C$2,'ORÇAMENTO PESSOAL'!$E$2:$P$92,56,FALSE) -> 0 | G42: =E42-F42 -> 0
D43: Outros | E43: =HLOOKUP($C$2,'ORÇAMENTO PESSOAL'!$E$2:$P$92,57,FALSE) -> 0 | G43: =E43-F43 -> 0
B44: EVENTUAIS São as despesas que não acontecem com periodicidade definida ou são extraordinárias, para as quais precisamos estar preparadas quando acontecerem. | C44: Saúde | D44: Médico/Terapia | E44: =HLOOKUP($C$2,'ORÇAMENTO PESSOAL'!$E$2:$P$92,58,FALSE) -> 0 | G44: =E44-F44 -> 0
D45: Dentista | E45: =HLOOKUP($C$2,'ORÇAMENTO PESSOAL'!$E$2:$P$92,59,FALSE) -> 0 | G45: =E45-F45 -> 0
D46: Outros | E46: =HLOOKUP($C$2,'ORÇAMENTO PESSOAL'!$E$2:$P$92,60,FALSE) -> 0 | G46: =E46-F46 -> 0
C47: Impostos | D47: IPTU | E47: =HLOOKUP($C$2,'ORÇAMENTO PESSOAL'!$E$2:$P$92,61,FALSE) -> 0 | G47: =E47-F47 -> 0
D48: IPVA | E48: =HLOOKUP($C$2,'ORÇAMENTO PESSOAL'!$E$2:$P$92,62,FALSE) -> 0 | G48: =E48-F48 -> 0
D49: IR | E49: =HLOOKUP($C$2,'ORÇAMENTO PESSOAL'!$E$2:$P$92,63,FALSE) -> 0 | G49: =E49-F49 -> 0
D50: Outros | E50: =HLOOKUP($C$2,'ORÇAMENTO PESSOAL'!$E$2:$P$92,64,FALSE) -> 0 | G50: =E50-F50 -> 0
C51: Educação | D51: Material Escolar | E51: =HLOOKUP($C$2,'ORÇAMENTO PESSOAL'!$E$2:$P$92,65,FALSE) -> 0 | G51: =E51-F51 -> 0
D52: Uniforme | E52: =HLOOKUP($C$2,'ORÇAMENTO PESSOAL'!$E$2:$P$92,66,FALSE) -> 0 | G52: =E52-F52 -> 0
D53: Outros | E53: =HLOOKUP($C$2,'ORÇAMENTO PESSOAL'!$E$2:$P$92,67,FALSE) -> 0 | G53: =E53-F53 -> 0
C54: Outros | D54: Manutenção do Carro | E54: =HLOOKUP($C$2,'ORÇAMENTO PESSOAL'!$E$2:$P$92,68,FALSE) -> 0 | G54: =E54-F54 -> 0
D55: Manutenção da Casa | E55: =HLOOKUP($C$2,'ORÇAMENTO PESSOAL'!$E$2:$P$92,69,FALSE) -> 0 | G55: =E55-F55 -> 0
D56: Outros | E56: =HLOOKUP($C$2,'ORÇAMENTO PESSOAL'!$E$2:$P$92,70,FALSE) -> 0 | G56: =E56-F56 -> 0
C57: Total NECESSIDADES | E57: =SUM(E10:E56) -> 0 | F57: =SUM(F10:F56) -> 0 | G57: =E57-F57 -> 0
A58: VONTADES | B58: ADICIONAIS Aquelas que não precisam acontecer todos os meses, são variáveis e fazem parte do estilo de vida. | C58: Lazer | D58: Viagens/Passeios | E58: =HLOOKUP($C$2,'ORÇAMENTO PESSOAL'!$E$2:$P$92,73,FALSE) -> 0 | G58: =E58-F58 -> 0
D59: Restaurantes/Bares | E59: =HLOOKUP($C$2,'ORÇAMENTO PESSOAL'!$E$2:$P$92,74,FALSE) -> 0 | G59: =E59-F59 -> 0
D60: Apps de Comida | E60: =HLOOKUP($C$2,'ORÇAMENTO PESSOAL'!$E$2:$P$92,75,FALSE) -> 0 | G60: =E60-F60 -> 0
D61: Cinemas/Teatros/Shows | E61: =HLOOKUP($C$2,'ORÇAMENTO PESSOAL'!$E$2:$P$92,76,FALSE) -> 0 | G61: =E61-F61 -> 0
D62: Assinaturas Mensais | E62: =HLOOKUP($C$2,'ORÇAMENTO PESSOAL'!$E$2:$P$92,77,FALSE) -> 0 | G62: =E62-F62 -> 0
D63: Outros | E63: =HLOOKUP($C$2,'ORÇAMENTO PESSOAL'!$E$2:$P$92,78,FALSE) -> 0 | G63: =E63-F63 -> 0
C64: Vestuário | D64: Roupas | E64: =HLOOKUP($C$2,'ORÇAMENTO PESSOAL'!$E$2:$P$92,79,FALSE) -> 0 | G64: =E64-F64 -> 0
D65: Calçados | E65: =HLOOKUP($C$2,'ORÇAMENTO PESSOAL'!$E$2:$P$92,80,FALSE) -> 0 | G65: =E65-F65 -> 0
D66: Acessórios | E66: =HLOOKUP($C$2,'ORÇAMENTO PESSOAL'!$E$2:$P$92,81,FALSE) -> 0 | G66: =E66-F66 -> 0
C67: Cuidados Pessoais | D67: Beleza | E67: =HLOOKUP($C$2,'ORÇAMENTO PESSOAL'!$E$2:$P$92,82,FALSE) -> 0 | G67: =E67-F67 -> 0
D68: Cosméticos | E68: =HLOOKUP($C$2,'ORÇAMENTO PESSOAL'!$E$2:$P$92,83,FALSE) -> 0 | G68: =E68-F68 -> 0
D69: Academia | E69: =HLOOKUP($C$2,'ORÇAMENTO PESSOAL'!$E$2:$P$92,84,FALSE) -> 0 | G69: =E69-F69 -> 0
D70: Outros | E70: =HLOOKUP($C$2,'ORÇAMENTO PESSOAL'!$E$2:$P$92,85,FALSE) -> 0 | G70: =E70-F70 -> 0
C71: Outros | D71: Presentes | E71: =HLOOKUP($C$2,'ORÇAMENTO PESSOAL'!$E$2:$P$92,86,FALSE) -> 0 | G71: =E71-F71 -> 0
D72: Utilidades Doméstica e Decoração | E72: =HLOOKUP($C$2,'ORÇAMENTO PESSOAL'!$E$2:$P$92,87,FALSE) -> 0 | G72: =E72-F72 -> 0
D73: Cursos/Livros | E73: =HLOOKUP($C$2,'ORÇAMENTO PESSOAL'!$E$2:$P$92,88,FALSE) -> 0 | G73: =E73-F73 -> 0
D74: Despesas Não Identificadas | E74: =HLOOKUP($C$2,'ORÇAMENTO PESSOAL'!$E$2:$P$92,89,FALSE) -> 0 | G74: =E74-F74 -> 0
D75: Doações/Dízimos | E75: =HLOOKUP($C$2,'ORÇAMENTO PESSOAL'!$E$2:$P$92,90,FALSE) -> 0 | G75: =E75-F75 -> 0
D76: Outros | E76: =HLOOKUP($C$2,'ORÇAMENTO PESSOAL'!$E$2:$P$93,91,FALSE) -> 0 | G76: =E76-F76 -> 0
C77: Total VONTADES | E77: =SUM(E58:E76) -> 0 | F77: =SUM(F58:F76) -> 0 | G77: =E77-F77 -> 0

Sheet SETEMBRO
A1: Acompanhamento Mensal
C2: SETEMBRO | E2: Orçamento Previsto | F2: Gasto Atual | G2: Disponível | I2: RESUMO | K2: Orçamento Previsto | L2: Gasto Atual | M2: Disponível
A3: INVESTIMENTOS Insira aqui o montante mensal que você destinará aos seus investimentos. | D3: Meta 1 | E3: =HLOOKUP($C$2,'ORÇAMENTO PESSOAL'!$E$2:$P$92,16,FALSE) -> 0 | G3: =E3-F3 -> 0 | I3: Necessidades | K3: =E57 -> 0 | L3: =F57 -> 0 | M3: =K3-L3 -> 0
D4: Meta 2 | E4: =HLOOKUP($C$2,'ORÇAMENTO PESSOAL'!$E$2:$P$92,17,FALSE) -> 0 | G4: =E4-F4 -> 0 | I4: Vontades | K4: =E77 -> 0 | L4: =F77 -> 0 | M4: =K4-L4 -> 0
D5: Reserva de Emergência | E5: =HLOOKUP($C$2,'ORÇAMENTO PESSOAL'!$E$2:$P$92,18,FALSE) -> 0 | G5: =E5-F5 -> 0 | I5: Metas (Médio e Longo Prazo) | K5: =E3+E4+E7 -> 0 | L5: =F3+F4+F7 -> 0 | M5: =K5-L5 -> 0
D6: Aposentadoria/Independência Financeira | E6: =HLOOKUP($C$2,'ORÇAMENTO PESSOAL'!$E$2:$P$92,19,FALSE) -> 0 | G6: =E6-F6 -> 0 | I6: Reserva de Emergência | K6: =E5 -> 0 | L6: =F5 -> 0 | M6: =K6-L6 -> 0
D7: Outros | E7: =HLOOKUP($C$2,'ORÇAMENTO PESSOAL'!$E$2:$P$92,20,FALSE) -> 0 | G7: =E7-F7 -> 0 | I7: Aposentadoria/Independência Fin. | K7: =E6 -> 0 | L7: =F6 -> 0 | M7: =K7-L7 -> 0
D8: Total | E8: =SUM(E3:E7) -> 0 | F8: =SUM(F3:F7) -> 0 | G8: =SUM(G3:G7) -> 0 | I8: Total | K8: =SUM(K3:K7) -> 0 | L8: =SUM(L3:L7) -> 0 | M8: =K8-L8 -> 0
A10: NECESSIDADES / ESSENCIAIS | B10: DESPESAS FIXAS Aquelas que têm o mesmo valor mensalmente. e DESPESAS VARIÁVEIS Aquelas que acontecem todos os meses, podem variar de valor e podemos tentar reduzir. | C10: Habitação | D10: Aluguel | E10: =HLOOKUP($C$2,'ORÇAMENTO PESSOAL'!$E$2:$P$92,24,FALSE) -> 0 | G10: =E10-F10 -> 0
D11: Condomínio | E11: =HLOOKUP($C$2,'ORÇAMENTO PESSOAL'!$E$2:$P$92,25,FALSE) -> 0 | G11: =E11-F11 -> 0
D12: Prestação da Casa | E12: =HLOOKUP($C$2,'ORÇAMENTO PESSOAL'!$E$2:$P$92,26,FALSE) -> 0 | G12: =E12-F12 -> 0
D13: Diarista/Mensalista | E13: =HLOOKUP($C$2,'ORÇAMENTO PESSOAL'!$E$2:$P$92,27,FALSE) -> 0 | G13: =E13-F13 -> 0
D14: Luz | E14: =HLOOKUP($C$2,'ORÇAMENTO PESSOAL'!$E$2:$P$92,28,FALSE) -> 0 | G14: =E14-F14 -> 0
D15: Água | E15: =HLOOKUP($C$2,'ORÇAMENTO PESSOAL'!$E$2:$P$92,29,FALSE) -> 0 | G15: =E15-F15 -> 0
D16: Telefone | E16: =HLOOKUP($C$2,'ORÇAMENTO PESSOAL'!$E$2:$P$92,30,FALSE) -> 0 | G16: =E16-F16 -> 0
D17: Gás | E17: =HLOOKUP($C$2,'ORÇAMENTO PESSOAL'!$E$2:$P$92,31,FALSE) -> 0 | G17: =E17-F17 -> 0
D18: Internet | E18: =HLOOKUP($C$2,'ORÇAMENTO PESSOAL'!$E$2:$P$92,32,FALSE) -> 0 | G18: =E18-F18 -> 0
D19: Outros | E19: =HLOOKUP($C$2,'ORÇAMENTO PESSOAL'!$E$2:$P$92,33,FALSE) -> 0 | G19: =E19-F19 -> 0
C20: Transporte | D20: Prestação do Carro | E20: =HLOOKUP($C$2,'ORÇAMENTO PESSOAL'!$E$2:$P$92,34,FALSE) -> 0 | G20: =E20-F20 -> 0
D21: Seguro do Carro | E21: =HLOOKUP($C$2,'ORÇAMENTO PESSOAL'!$E$2:$P$92,35,FALSE) -> 0 | G21: =E21-F21 -> 0
D22: Combustível | E22: =HLOOKUP($C$2,'ORÇAMENTO PESSOAL'!$E$2:$P$92,36,FALSE) -> 0 | G22: =E22-F22 -> 0
D23: Metrô/Ônibus | E23: =HLOOKUP($C$2,'ORÇAMENTO PESSOAL'!$E$2:$P$92,37,FALSE) -> 0 | G23: =E23-F23 -> 0
D24: Taxi/Uber | E24: =HLOOKUP($C$2,'ORÇAMENTO PESSOAL'!$E$2:$P$92,38,FALSE) -> 0 | G24: =E24-F24 -> 0
D25: Estacionamento | E25: =HLOOKUP($C$2,'ORÇAMENTO PESSOAL'!$E$2:$P$92,39,FALSE) -> 0 | G25: =E25-F25 -> 0
D26: Outros | E26: =HLOOKUP($C$2,'ORÇAMENTO PESSOAL'!$E$2:$P$92,40,FALSE) -> 0 | G26: =E26-F26 -> 0
C27: Saúde | D27: Plano de Saúde | E27: =HLOOKUP($C$2,'ORÇAMENTO PESSOAL'!$E$2:$P$92,41,FALSE) -> 0 | G27: =E27-F27 -> 0
D28: Medicamentos | E28: =HLOOKUP($C$2,'ORÇAMENTO PESSOAL'!$E$2:$P$92,42,FALSE) -> 0 | G28: =E28-F28 -> 0
D29: Outros | E29: =HLOOKUP($C$2,'ORÇAMENTO PESSOAL'!$E$2:$P$92,43,FALSE) -> 0 | G29: =E29-F29 -> 0
C30: Alimentação | D30: Supermercado | E30: =HLOOKUP($C$2,'ORÇAMENTO PESSOAL'!$E$2:$P$92,44,FALSE) -> 0 | G30: =E30-F30 -> 0
D31: Feira | E31: =HLOOKUP($C$2,'ORÇAMENTO PESSOAL'!$E$2:$P$92,45,FALSE) -> 0 | G31: =E31-F31 -> 0
D32: Padaria | E32: =HLOOKUP($C$2,'ORÇAMENTO PESSOAL'!$E$2:$P$92,46,FALSE) -> 0 | G32: =E32-F32 -> 0
D33: Outros | E33: =HLOOKUP($C$2,'ORÇAMENTO PESSOAL'!$E$2:$P$92,47,FALSE) -> 0 | G33: =E33-F33 -> 0
C34: Educação | D34: Mensalidade | E34: =HLOOKUP($C$2,'ORÇAMENTO PESSOAL'!$E$2:$P$92,48,FALSE) -> 0 | G34: =E34-F34 -> 0
D35: Transporte Escolar | E35: =HLOOKUP($C$2,'ORÇAMENTO PESSOAL'!$E$2:$P$92,49,FALSE) -> 0 | G35: =E35-F35 -> 0
D36: Outros | E36: =HLOOKUP($C$2,'ORÇAMENTO PESSOAL'!$E$2:$P$92,50,FALSE) -> 0 | G36: =E36-F36 -> 0
C37: Animais de Estimação | D37: Ração | E37: =HLOOKUP($C$2,'ORÇAMENTO PESSOAL'!$E$2:$P$92,51,FALSE) -> 0 | G37: =E37-F37 -> 0
D38: Banho/Tosa | E38: =HLOOKUP($C$2,'ORÇAMENTO PESSOAL'!$E$2:$P$92,52,FALSE) -> 0 | G38: =E38-F38 -> 0
D39: Veterinário/Plano Pet | E39: =HLOOKUP($C$2,'ORÇAMENTO PESSOAL'!$E$2:$P$92,53,FALSE) -> 0 | G39: =E39-F39 -> 0
C40: Outros | D40: Seguro de Vida | E40: =HLOOKUP($C$2,'ORÇAMENTO PESSOAL'!$E$2:$P$92,54,FALSE) -> 0 | G40: =E40-F40 -> 0
D41: Tarifas Bancárias | E41: =HLOOKUP($C$2,'ORÇAMENTO PESSOAL'!$E$2:$P$92,55,FALSE) -> 0 | G41: =E41-F41 -> 0
D42: Empréstimos/Financiamentos | E42: =HLOOKUP($C$2,'ORÇAMENTO PESSOAL'!$E$2:$P$92,56,FALSE) -> 0 | G42: =E42-F42 -> 0
D43: Outros | E43: =HLOOKUP($C$2,'ORÇAMENTO PESSOAL'!$E$2:$P$92,57,FALSE) -> 0 | G43: =E43-F43 -> 0
B44: EVENTUAIS São as despesas que não acontecem com periodicidade definida ou são extraordinárias, para as quais precisamos estar preparadas quando acontecerem. | C44: Saúde | D44: Médico/Terapia | E44: =HLOOKUP($C$2,'ORÇAMENTO PESSOAL'!$E$2:$P$92,58,FALSE) -> 0 | G44: =E44-F44 -> 0
D45: Dentista | E45: =HLOOKUP($C$2,'ORÇAMENTO PESSOAL'!$E$2:$P$92,59,FALSE) -> 0 | G45: =E45-F45 -> 0
D46: Outros | E46: =HLOOKUP($C$2,'ORÇAMENTO PESSOAL'!$E$2:$P$92,60,FALSE) -> 0 | G46: =E46-F46 -> 0
C47: Impostos | D47: IPTU | E47: =HLOOKUP($C$2,'ORÇAMENTO PESSOAL'!$E$2:$P$92,61,FALSE) -> 0 | G47: =E47-F47 -> 0
D48: IPVA | E48: =HLOOKUP($C$2,'ORÇAMENTO PESSOAL'!$E$2:$P$92,62,FALSE) -> 0 | G48: =E48-F48 -> 0
D49: IR | E49: =HLOOKUP($C$2,'ORÇAMENTO PESSOAL'!$E$2:$P$92,63,FALSE) -> 0 | G49: =E49-F49 -> 0
D50: Outros | E50: =HLOOKUP($C$2,'ORÇAMENTO PESSOAL'!$E$2:$P$92,64,FALSE) -> 0 | G50: =E50-F50 -> 0
C51: Educação | D51: Material Escolar | E51: =HLOOKUP($C$2,'ORÇAMENTO PESSOAL'!$E$2:$P$92,65,FALSE) -> 0 | G51: =E51-F51 -> 0
D52: Uniforme | E52: =HLOOKUP($C$2,'ORÇAMENTO PESSOAL'!$E$2:$P$92,66,FALSE) -> 0 | G52: =E52-F52 -> 0
D53: Outros | E53: =HLOOKUP($C$2,'ORÇAMENTO PESSOAL'!$E$2:$P$92,67,FALSE) -> 0 | G53: =E53-F53 -> 0
C54: Outros | D54: Manutenção do Carro | E54: =HLOOKUP($C$2,'ORÇAMENTO PESSOAL'!$E$2:$P$92,68,FALSE) -> 0 | G54: =E54-F54 -> 0
D55: Manutenção da Casa | E55: =HLOOKUP($C$2,'ORÇAMENTO PESSOAL'!$E$2:$P$92,69,FALSE) -> 0 | G55: =E55-F55 -> 0
D56: Outros | E56: =HLOOKUP($C$2,'ORÇAMENTO PESSOAL'!$E$2:$P$92,70,FALSE) -> 0 | G56: =E56-F56 -> 0
C57: Total NECESSIDADES | E57: =SUM(E10:E56) -> 0 | F57: =SUM(F10:F56) -> 0 | G57: =E57-F57 -> 0
A58: VONTADES | B58: ADICIONAIS Aquelas que não precisam acontecer todos os meses, são variáveis e fazem parte do estilo de vida. | C58: Lazer | D58: Viagens/Passeios | E58: =HLOOKUP($C$2,'ORÇAMENTO PESSOAL'!$E$2:$P$92,73,FALSE) -> 0 | G58: =E58-F58 -> 0
D59: Restaurantes/Bares | E59: =HLOOKUP($C$2,'ORÇAMENTO PESSOAL'!$E$2:$P$92,74,FALSE) -> 0 | G59: =E59-F59 -> 0
D60: Apps de Comida | E60: =HLOOKUP($C$2,'ORÇAMENTO PESSOAL'!$E$2:$P$92,75,FALSE) -> 0 | G60: =E60-F60 -> 0
D61: Cinemas/Teatros/Shows | E61: =HLOOKUP($C$2,'ORÇAMENTO PESSOAL'!$E$2:$P$92,76,FALSE) -> 0 | G61: =E61-F61 -> 0
D62: Assinaturas Mensais | E62: =HLOOKUP($C$2,'ORÇAMENTO PESSOAL'!$E$2:$P$92,77,FALSE) -> 0 | G62: =E62-F62 -> 0
D63: Outros | E63: =HLOOKUP($C$2,'ORÇAMENTO PESSOAL'!$E$2:$P$92,78,FALSE) -> 0 | G63: =E63-F63 -> 0
C64: Vestuário | D64: Roupas | E64: =HLOOKUP($C$2,'ORÇAMENTO PESSOAL'!$E$2:$P$92,79,FALSE) -> 0 | G64: =E64-F64 -> 0
D65: Calçados | E65: =HLOOKUP($C$2,'ORÇAMENTO PESSOAL'!$E$2:$P$92,80,FALSE) -> 0 | G65: =E65-F65 -> 0
D66: Acessórios | E66: =HLOOKUP($C$2,'ORÇAMENTO PESSOAL'!$E$2:$P$92,81,FALSE) -> 0 | G66: =E66-F66 -> 0
C67: Cuidados Pessoais | D67: Beleza | E67: =HLOOKUP($C$2,'ORÇAMENTO PESSOAL'!$E$2:$P$92,82,FALSE) -> 0 | G67: =E67-F67 -> 0
D68: Cosméticos | E68: =HLOOKUP($C$2,'ORÇAMENTO PESSOAL'!$E$2:$P$92,83,FALSE) -> 0 | G68: =E68-F68 -> 0
D69: Academia | E69: =HLOOKUP($C$2,'ORÇAMENTO PESSOAL'!$E$2:$P$92,84,FALSE) -> 0 | G69: =E69-F69 -> 0
D70: Outros | E70: =HLOOKUP($C$2,'ORÇAMENTO PESSOAL'!$E$2:$P$92,85,FALSE) -> 0 | G70: =E70-F70 -> 0
C71: Outros | D71: Presentes | E71: =HLOOKUP($C$2,'ORÇAMENTO PESSOAL'!$E$2:$P$92,86,FALSE) -> 0 | G71: =E71-F71 -> 0
D72: Utilidades Doméstica e Decoração | E72: =HLOOKUP($C$2,'ORÇAMENTO PESSOAL'!$E$2:$P$92,87,FALSE) -> 0 | G72: =E72-F72 -> 0
D73: Cursos/Livros | E73: =HLOOKUP($C$2,'ORÇAMENTO PESSOAL'!$E$2:$P$92,88,FALSE) -> 0 | G73: =E73-F73 -> 0
D74: Despesas Não Identificadas | E74: =HLOOKUP($C$2,'ORÇAMENTO PESSOAL'!$E$2:$P$92,89,FALSE) -> 0 | G74: =E74-F74 -> 0
D75: Doações/Dízimos | E75: =HLOOKUP($C$2,'ORÇAMENTO PESSOAL'!$E$2:$P$92,90,FALSE) -> 0 | G75: =E75-F75 -> 0
D76: Outros | E76: =HLOOKUP($C$2,'ORÇAMENTO PESSOAL'!$E$2:$P$93,91,FALSE) -> 0 | G76: =E76-F76 -> 0
C77: Total VONTADES | E77: =SUM(E58:E76) -> 0 | F77: =SUM(F58:F76) -> 0 | G77: =E77-F77 -> 0

Sheet OUTUBRO
A1: Acompanhamento Mensal
C2: OUTUBRO | E2: Orçamento Previsto | F2: Gasto Atual | G2: Disponível | I2: RESUMO | K2: Orçamento Previsto | L2: Gasto Atual | M2: Disponível
A3: INVESTIMENTOS Insira aqui o montante mensal que você destinará aos seus investimentos. | D3: Meta 1 | E3: =HLOOKUP($C$2,'ORÇAMENTO PESSOAL'!$E$2:$P$92,16,FALSE) -> 0 | G3: =E3-F3 -> 0 | I3: Necessidades | K3: =E57 -> 0 | L3: =F57 -> 0 | M3: =K3-L3 -> 0
D4: Meta 2 | E4: =HLOOKUP($C$2,'ORÇAMENTO PESSOAL'!$E$2:$P$92,17,FALSE) -> 0 | G4: =E4-F4 -> 0 | I4: Vontades | K4: =E77 -> 0 | L4: =F77 -> 0 | M4: =K4-L4 -> 0
D5: Reserva de Emergência | E5: =HLOOKUP($C$2,'ORÇAMENTO PESSOAL'!$E$2:$P$92,18,FALSE) -> 0 | G5: =E5-F5 -> 0 | I5: Metas (Médio e Longo Prazo) | K5: =E3+E4+E7 -> 0 | L5: =F3+F4+F7 -> 0 | M5: =K5-L5 -> 0
D6: Aposentadoria/Independência Financeira | E6: =HLOOKUP($C$2,'ORÇAMENTO PESSOAL'!$E$2:$P$92,19,FALSE) -> 0 | G6: =E6-F6 -> 0 | I6: Reserva de Emergência | K6: =E5 -> 0 | L6: =F5 -> 0 | M6: =K6-L6 -> 0
D7: Outros | E7: =HLOOKUP($C$2,'ORÇAMENTO PESSOAL'!$E$2:$P$92,20,FALSE) -> 0 | G7: =E7-F7 -> 0 | I7: Aposentadoria/Independência Fin. | K7: =E6 -> 0 | L7: =F6 -> 0 | M7: =K7-L7 -> 0
D8: Total | E8: =SUM(E3:E7) -> 0 | F8: =SUM(F3:F7) -> 0 | G8: =SUM(G3:G7) -> 0 | I8: Total | K8: =SUM(K3:K7) -> 0 | L8: =SUM(L3:L7) -> 0 | M8: =K8-L8 -> 0
A10: NECESSIDADES / ESSENCIAIS | B10: DESPESAS FIXAS Aquelas que têm o mesmo valor mensalmente. e DESPESAS VARIÁVEIS Aquelas que acontecem todos os meses, podem variar de valor e podemos tentar reduzir. | C10: Habitação | D10: Aluguel | E10: =HLOOKUP($C$2,'ORÇAMENTO PESSOAL'!$E$2:$P$92,24,FALSE) -> 0 | G10: =E10-F10 -> 0
D11: Condomínio | E11: =HLOOKUP($C$2,'ORÇAMENTO PESSOAL'!$E$2:$P$92,25,FALSE) -> 0 | G11: =E11-F11 -> 0
D12: Prestação da Casa | E12: =HLOOKUP($C$2,'ORÇAMENTO PESSOAL'!$E$2:$P$92,26,FALSE) -> 0 | G12: =E12-F12 -> 0
D13: Diarista/Mensalista | E13: =HLOOKUP($C$2,'ORÇAMENTO PESSOAL'!$E$2:$P$92,27,FALSE) -> 0 | G13: =E13-F13 -> 0
D14: Luz | E14: =HLOOKUP($C$2,'ORÇAMENTO PESSOAL'!$E$2:$P$92,28,FALSE) -> 0 | G14: =E14-F14 -> 0
D15: Água | E15: =HLOOKUP($C$2,'ORÇAMENTO PESSOAL'!$E$2:$P$92,29,FALSE) -> 0 | G15: =E15-F15 -> 0
D16: Telefone | E16: =HLOOKUP($C$2,'ORÇAMENTO PESSOAL'!$E$2:$P$92,30,FALSE) -> 0 | G16: =E16-F16 -> 0
D17: Gás | E17: =HLOOKUP($C$2,'ORÇAMENTO PESSOAL'!$E$2:$P$92,31,FALSE) -> 0 | G17: =E17-F17 -> 0
D18: Internet | E18: =HLOOKUP($C$2,'ORÇAMENTO PESSOAL'!$E$2:$P$92,32,FALSE) -> 0 | G18: =E18-F18 -> 0
D19: Outros | E19: =HLOOKUP($C$2,'ORÇAMENTO PESSOAL'!$E$2:$P$92,33,FALSE) -> 0 | G19: =E19-F19 -> 0
C20: Transporte | D20: Prestação do Carro | E20: =HLOOKUP($C$2,'ORÇAMENTO PESSOAL'!$E$2:$P$92,34,FALSE) -> 0 | G20: =E20-F20 -> 0
D21: Seguro do Carro | E21: =HLOOKUP($C$2,'ORÇAMENTO PESSOAL'!$E$2:$P$92,35,FALSE) -> 0 | G21: =E21-F21 -> 0
D22: Combustível | E22: =HLOOKUP($C$2,'ORÇAMENTO PESSOAL'!$E$2:$P$92,36,FALSE) -> 0 | G22: =E22-F22 -> 0
D23: Metrô/Ônibus | E23: =HLOOKUP($C$2,'ORÇAMENTO PESSOAL'!$E$2:$P$92,37,FALSE) -> 0 | G23: =E23-F23 -> 0
D24: Taxi/Uber | E24: =HLOOKUP($C$2,'ORÇAMENTO PESSOAL'!$E$2:$P$92,38,FALSE) -> 0 | G24: =E24-F24 -> 0
D25: Estacionamento | E25: =HLOOKUP($C$2,'ORÇAMENTO PESSOAL'!$E$2:$P$92,39,FALSE) -> 0 | G25: =E25-F25 -> 0
D26: Outros | E26: =HLOOKUP($C$2,'ORÇAMENTO PESSOAL'!$E$2:$P$92,40,FALSE) -> 0 | G26: =E26-F26 -> 0
C27: Saúde | D27: Plano de Saúde | E27: =HLOOKUP($C$2,'ORÇAMENTO PESSOAL'!$E$2:$P$92,41,FALSE) -> 0 | G27: =E27-F27 -> 0
D28: Medicamentos | E28: =HLOOKUP($C$2,'ORÇAMENTO PESSOAL'!$E$2:$P$92,42,FALSE) -> 0 | G28: =E28-F28 -> 0
D29: Outros | E29: =HLOOKUP($C$2,'ORÇAMENTO PESSOAL'!$E$2:$P$92,43,FALSE) -> 0 | G29: =E29-F29 -> 0
C30: Alimentação | D30: Supermercado | E30: =HLOOKUP($C$2,'ORÇAMENTO PESSOAL'!$E$2:$P$92,44,FALSE) -> 0 | G30: =E30-F30 -> 0
D31: Feira | E31: =HLOOKUP($C$2,'ORÇAMENTO PESSOAL'!$E$2:$P$92,45,FALSE) -> 0 | G31: =E31-F31 -> 0
D32: Padaria | E32: =HLOOKUP($C$2,'ORÇAMENTO PESSOAL'!$E$2:$P$92,46,FALSE) -> 0 | G32: =E32-F32 -> 0
D33: Outros | E33: =HLOOKUP($C$2,'ORÇAMENTO PESSOAL'!$E$2:$P$92,47,FALSE) -> 0 | G33: =E33-F33 -> 0
C34: Educação | D34: Mensalidade | E34: =HLOOKUP($C$2,'ORÇAMENTO PESSOAL'!$E$2:$P$92,48,FALSE) -> 0 | G34: =E34-F34 -> 0
D35: Transporte Escolar | E35: =HLOOKUP($C$2,'ORÇAMENTO PESSOAL'!$E$2:$P$92,49,FALSE) -> 0 | G35: =E35-F35 -> 0
D36: Outros | E36: =HLOOKUP($C$2,'ORÇAMENTO PESSOAL'!$E$2:$P$92,50,FALSE) -> 0 | G36: =E36-F36 -> 0
C37: Animais de Estimação | D37: Ração | E37: =HLOOKUP($C$2,'ORÇAMENTO PESSOAL'!$E$2:$P$92,51,FALSE) -> 0 | G37: =E37-F37 -> 0
D38: Banho/Tosa | E38: =HLOOKUP($C$2,'ORÇAMENTO PESSOAL'!$E$2:$P$92,52,FALSE) -> 0 | G38: =E38-F38 -> 0
D39: Veterinário/Plano Pet | E39: =HLOOKUP($C$2,'ORÇAMENTO PESSOAL'!$E$2:$P$92,53,FALSE) -> 0 | G39: =E39-F39 -> 0
C40: Outros | D40: Seguro de Vida | E40: =HLOOKUP($C$2,'ORÇAMENTO PESSOAL'!$E$2:$P$92,54,FALSE) -> 0 | G40: =E40-F40 -> 0
D41: Tarifas Bancárias | E41: =HLOOKUP($C$2,'ORÇAMENTO PESSOAL'!$E$2:$P$92,55,FALSE) -> 0 | G41: =E41-F41 -> 0
D42: Empréstimos/Financiamentos | E42: =HLOOKUP($C$2,'ORÇAMENTO PESSOAL'!$E$2:$P$92,56,FALSE) -> 0 | G42: =E42-F42 -> 0
D43: Outros | E43: =HLOOKUP($C$2,'ORÇAMENTO PESSOAL'!$E$2:$P$92,57,FALSE) -> 0 | G43: =E43-F43 -> 0
B44: EVENTUAIS São as despesas que não acontecem com periodicidade definida ou são extraordinárias, para as quais precisamos estar preparadas quando acontecerem. | C44: Saúde | D44: Médico/Terapia | E44: =HLOOKUP($C$2,'ORÇAMENTO PESSOAL'!$E$2:$P$92,58,FALSE) -> 0 | G44: =E44-F44 -> 0
D45: Dentista | E45: =HLOOKUP($C$2,'ORÇAMENTO PESSOAL'!$E$2:$P$92,59,FALSE) -> 0 | G45: =E45-F45 -> 0
D46: Outros | E46: =HLOOKUP($C$2,'ORÇAMENTO PESSOAL'!$E$2:$P$92,60,FALSE) -> 0 | G46: =E46-F46 -> 0
C47: Impostos | D47: IPTU | E47: =HLOOKUP($C$2,'ORÇAMENTO PESSOAL'!$E$2:$P$92,61,FALSE) -> 0 | G47: =E47-F47 -> 0
D48: IPVA | E48: =HLOOKUP($C$2,'ORÇAMENTO PESSOAL'!$E$2:$P$92,62,FALSE) -> 0 | G48: =E48-F48 -> 0
D49: IR | E49: =HLOOKUP($C$2,'ORÇAMENTO PESSOAL'!$E$2:$P$92,63,FALSE) -> 0 | G49: =E49-F49 -> 0
D50: Outros | E50: =HLOOKUP($C$2,'ORÇAMENTO PESSOAL'!$E$2:$P$92,64,FALSE) -> 0 | G50: =E50-F50 -> 0
C51: Educação | D51: Material Escolar | E51: =HLOOKUP($C$2,'ORÇAMENTO PESSOAL'!$E$2:$P$92,65,FALSE) -> 0 | G51: =E51-F51 -> 0
D52: Uniforme | E52: =HLOOKUP($C$2,'ORÇAMENTO PESSOAL'!$E$2:$P$92,66,FALSE) -> 0 | G52: =E52-F52 -> 0
D53: Outros | E53: =HLOOKUP($C$2,'ORÇAMENTO PESSOAL'!$E$2:$P$92,67,FALSE) -> 0 | G53: =E53-F53 -> 0
C54: Outros | D54: Manutenção do Carro | E54: =HLOOKUP($C$2,'ORÇAMENTO PESSOAL'!$E$2:$P$92,68,FALSE) -> 0 | G54: =E54-F54 -> 0
D55: Manutenção da Casa | E55: =HLOOKUP($C$2,'ORÇAMENTO PESSOAL'!$E$2:$P$92,69,FALSE) -> 0 | G55: =E55-F55 -> 0
D56: Outros | E56: =HLOOKUP($C$2,'ORÇAMENTO PESSOAL'!$E$2:$P$92,70,FALSE) -> 0 | G56: =E56-F56 -> 0
C57: Total NECESSIDADES | E57: =SUM(E10:E56) -> 0 | F57: =SUM(F10:F56) -> 0 | G57: =E57-F57 -> 0
A58: VONTADES | B58: ADICIONAIS Aquelas que não precisam acontecer todos os meses, são variáveis e fazem parte do estilo de vida. | C58: Lazer | D58: Viagens/Passeios | E58: =HLOOKUP($C$2,'ORÇAMENTO PESSOAL'!$E$2:$P$92,73,FALSE) -> 0 | G58: =E58-F58 -> 0
D59: Restaurantes/Bares | E59: =HLOOKUP($C$2,'ORÇAMENTO PESSOAL'!$E$2:$P$92,74,FALSE) -> 0 | G59: =E59-F59 -> 0
D60: Apps de Comida | E60: =HLOOKUP($C$2,'ORÇAMENTO PESSOAL'!$E$2:$P$92,75,FALSE) -> 0 | G60: =E60-F60 -> 0
D61: Cinemas/Teatros/Shows | E61: =HLOOKUP($C$2,'ORÇAMENTO PESSOAL'!$E$2:$P$92,76,FALSE) -> 0 | G61: =E61-F61 -> 0
D62: Assinaturas Mensais | E62: =HLOOKUP($C$2,'ORÇAMENTO PESSOAL'!$E$2:$P$92,77,FALSE) -> 0 | G62: =E62-F62 -> 0
D63: Outros | E63: =HLOOKUP($C$2,'ORÇAMENTO PESSOAL'!$E$2:$P$92,78,FALSE) -> 0 | G63: =E63-F63 -> 0
C64: Vestuário | D64: Roupas | E64: =HLOOKUP($C$2,'ORÇAMENTO PESSOAL'!$E$2:$P$92,79,FALSE) -> 0 | G64: =E64-F64 -> 0
D65: Calçados | E65: =HLOOKUP($C$2,'ORÇAMENTO PESSOAL'!$E$2:$P$92,80,FALSE) -> 0 | G65: =E65-F65 -> 0
D66: Acessórios | E66: =HLOOKUP($C$2,'ORÇAMENTO PESSOAL'!$E$2:$P$92,81,FALSE) -> 0 | G66: =E66-F66 -> 0
C67: Cuidados Pessoais | D67: Beleza | E67: =HLOOKUP($C$2,'ORÇAMENTO PESSOAL'!$E$2:$P$92,82,FALSE) -> 0 | G67: =E67-F67 -> 0
D68: Cosméticos | E68: =HLOOKUP($C$2,'ORÇAMENTO PESSOAL'!$E$2:$P$92,83,FALSE) -> 0 | G68: =E68-F68 -> 0
D69: Academia | E69: =HLOOKUP($C$2,'ORÇAMENTO PESSOAL'!$E$2:$P$92,84,FALSE) -> 0 | G69: =E69-F69 -> 0
D70: Outros | E70: =HLOOKUP($C$2,'ORÇAMENTO PESSOAL'!$E$2:$P$92,85,FALSE) -> 0 | G70: =E70-F70 -> 0
C71: Outros | D71: Presentes | E71: =HLOOKUP($C$2,'ORÇAMENTO PESSOAL'!$E$2:$P$92,86,FALSE) -> 0 | G71: =E71-F71 -> 0
D72: Utilidades Doméstica e Decoração | E72: =HLOOKUP($C$2,'ORÇAMENTO PESSOAL'!$E$2:$P$92,87,FALSE) -> 0 | G72: =E72-F72 -> 0
D73: Cursos/Livros | E73: =HLOOKUP($C$2,'ORÇAMENTO PESSOAL'!$E$2:$P$92,88,FALSE) -> 0 | G73: =E73-F73 -> 0
D74: Despesas Não Identificadas | E74: =HLOOKUP($C$2,'ORÇAMENTO PESSOAL'!$E$2:$P$92,89,FALSE) -> 0 | G74: =E74-F74 -> 0
D75: Doações/Dízimos | E75: =HLOOKUP($C$2,'ORÇAMENTO PESSOAL'!$E$2:$P$92,90,FALSE) -> 0 | G75: =E75-F75 -> 0
D76: Outros | E76: =HLOOKUP($C$2,'ORÇAMENTO PESSOAL'!$E$2:$P$93,91,FALSE) -> 0 | G76: =E76-F76 -> 0
C77: Total VONTADES | E77: =SUM(E58:E76) -> 0 | F77: =SUM(F58:F76) -> 0 | G77: =E77-F77 -> 0

Sheet NOVEMBRO
A1: Acompanhamento Mensal
C2: NOVEMBRO | E2: Orçamento Previsto | F2: Gasto Atual | G2: Disponível | I2: RESUMO | K2: Orçamento Previsto | L2: Gasto Atual | M2: Disponível
A3: INVESTIMENTOS Insira aqui o montante mensal que você destinará aos seus investimentos. | D3: Meta 1 | E3: =HLOOKUP($C$2,'ORÇAMENTO PESSOAL'!$E$2:$P$92,16,FALSE) -> 0 | G3: =E3-F3 -> 0 | I3: Necessidades | K3: =E57 -> 0 | L3: =F57 -> 0 | M3: =K3-L3 -> 0
D4: Meta 2 | E4: =HLOOKUP($C$2,'ORÇAMENTO PESSOAL'!$E$2:$P$92,17,FALSE) -> 0 | G4: =E4-F4 -> 0 | I4: Vontades | K4: =E77 -> 0 | L4: =F77 -> 0 | M4: =K4-L4 -> 0
D5: Reserva de Emergência | E5: =HLOOKUP($C$2,'ORÇAMENTO PESSOAL'!$E$2:$P$92,18,FALSE) -> 0 | G5: =E5-F5 -> 0 | I5: Metas (Médio e Longo Prazo) | K5: =E3+E4+E7 -> 0 | L5: =F3+F4+F7 -> 0 | M5: =K5-L5 -> 0
D6: Aposentadoria/Independência Financeira | E6: =HLOOKUP($C$2,'ORÇAMENTO PESSOAL'!$E$2:$P$92,19,FALSE) -> 0 | G6: =E6-F6 -> 0 | I6: Reserva de Emergência | K6: =E5 -> 0 | L6: =F5 -> 0 | M6: =K6-L6 -> 0
D7: Outros | E7: =HLOOKUP($C$2,'ORÇAMENTO PESSOAL'!$E$2:$P$92,20,FALSE) -> 0 | G7: =E7-F7 -> 0 | I7: Aposentadoria/Independência Fin. | K7: =E6 -> 0 | L7: =F6 -> 0 | M7: =K7-L7 -> 0
D8: Total | E8: =SUM(E3:E7) -> 0 | F8: =SUM(F3:F7) -> 0 | G8: =SUM(G3:G7) -> 0 | I8: Total | K8: =SUM(K3:K7) -> 0 | L8: =SUM(L3:L7) -> 0 | M8: =K8-L8 -> 0
A10: NECESSIDADES / ESSENCIAIS | B10: DESPESAS FIXAS Aquelas que têm o mesmo valor mensalmente. e DESPESAS VARIÁVEIS Aquelas que acontecem todos os meses, podem variar de valor e podemos tentar reduzir. | C10: Habitação | D10: Aluguel | E10: =HLOOKUP($C$2,'ORÇAMENTO PESSOAL'!$E$2:$P$92,24,FALSE) -> 0 | G10: =E10-F10 -> 0
D11: Condomínio | E11: =HLOOKUP($C$2,'ORÇAMENTO PESSOAL'!$E$2:$P$92,25,FALSE) -> 0 | G11: =E11-F11 -> 0
D12: Prestação da Casa | E12: =HLOOKUP($C$2,'ORÇAMENTO PESSOAL'!$E$2:$P$92,26,FALSE) -> 0 | G12: =E12-F12 -> 0
D13: Diarista/Mensalista | E13: =HLOOKUP($C$2,'ORÇAMENTO PESSOAL'!$E$2:$P$92,27,FALSE) -> 0 | G13: =E13-F13 -> 0
D14: Luz | E14: =HLOOKUP($C$2,'ORÇAMENTO PESSOAL'!$E$2:$P$92,28,FALSE) -> 0 | G14: =E14-F14 -> 0
D15: Água | E15: =HLOOKUP($C$2,'ORÇAMENTO PESSOAL'!$E$2:$P$92,29,FALSE) -> 0 | G15: =E15-F15 -> 0
D16: Telefone | E16: =HLOOKUP($C$2,'ORÇAMENTO PESSOAL'!$E$2:$P$92,30,FALSE) -> 0 | G16: =E16-F16 -> 0
D17: Gás | E17: =HLOOKUP($C$2,'ORÇAMENTO PESSOAL'!$E$2:$P$92,31,FALSE) -> 0 | G17: =E17-F17 -> 0
D18: Internet | E18: =HLOOKUP($C$2,'ORÇAMENTO PESSOAL'!$E$2:$P$92,32,FALSE) -> 0 | G18: =E18-F18 -> 0
D19: Outros | E19: =HLOOKUP($C$2,'ORÇAMENTO PESSOAL'!$E$2:$P$92,33,FALSE) -> 0 | G19: =E19-F19 -> 0
C20: Transporte | D20: Prestação do Carro | E20: =HLOOKUP($C$2,'ORÇAMENTO PESSOAL'!$E$2:$P$92,34,FALSE) -> 0 | G20: =E20-F20 -> 0
D21: Seguro do Carro | E21: =HLOOKUP($C$2,'ORÇAMENTO PESSOAL'!$E$2:$P$92,35,FALSE) -> 0 | G21: =E21-F21 -> 0
D22: Combustível | E22: =HLOOKUP($C$2,'ORÇAMENTO PESSOAL'!$E$2:$P$92,36,FALSE) -> 0 | G22: =E22-F22 -> 0
D23: Metrô/Ônibus | E23: =HLOOKUP($C$2,'ORÇAMENTO PESSOAL'!$E$2:$P$92,37,FALSE) -> 0 | G23: =E23-F23 -> 0
D24: Taxi/Uber | E24: =HLOOKUP($C$2,'ORÇAMENTO PESSOAL'!$E$2:$P$92,38,FALSE) -> 0 | G24: =E24-F24 -> 0
D25: Estacionamento | E25: =HLOOKUP($C$2,'ORÇAMENTO PESSOAL'!$E$2:$P$92,39,FALSE) -> 0 | G25: =E25-F25 -> 0
D26: Outros | E26: =HLOOKUP($C$2,'ORÇAMENTO PESSOAL'!$E$2:$P$92,40,FALSE) -> 0 | G26: =E26-F26 -> 0
C27: Saúde | D27: Plano de Saúde | E27: =HLOOKUP($C$2,'ORÇAMENTO PESSOAL'!$E$2:$P$92,41,FALSE) -> 0 | G27: =E27-F27 -> 0
D28: Medicamentos | E28: =HLOOKUP($C$2,'ORÇAMENTO PESSOAL'!$E$2:$P$92,42,FALSE) -> 0 | G28: =E28-F28 -> 0
D29: Outros | E29: =HLOOKUP($C$2,'ORÇAMENTO PESSOAL'!$E$2:$P$92,43,FALSE) -> 0 | G29: =E29-F29 -> 0
C30: Alimentação | D30: Supermercado | E30: =HLOOKUP($C$2,'ORÇAMENTO PESSOAL'!$E$2:$P$92,44,FALSE) -> 0 | G30: =E30-F30 -> 0
D31: Feira | E31: =HLOOKUP($C$2,'ORÇAMENTO PESSOAL'!$E$2:$P$92,45,FALSE) -> 0 | G31: =E31-F31 -> 0
D32: Padaria | E32: =HLOOKUP($C$2,'ORÇAMENTO PESSOAL'!$E$2:$P$92,46,FALSE) -> 0 | G32: =E32-F32 -> 0
D33: Outros | E33: =HLOOKUP($C$2,'ORÇAMENTO PESSOAL'!$E$2:$P$92,47,FALSE) -> 0 | G33: =E33-F33 -> 0
C34: Educação | D34: Mensalidade | E34: =HLOOKUP($C$2,'ORÇAMENTO PESSOAL'!$E$2:$P$92,48,FALSE) -> 0 | G34: =E34-F34 -> 0
D35: Transporte Escolar | E35: =HLOOKUP($C$2,'ORÇAMENTO PESSOAL'!$E$2:$P$92,49,FALSE) -> 0 | G35: =E35-F35 -> 0
D36: Outros | E36: =HLOOKUP($C$2,'ORÇAMENTO PESSOAL'!$E$2:$P$92,50,FALSE) -> 0 | G36: =E36-F36 -> 0
C37: Animais de Estimação | D37: Ração | E37: =HLOOKUP($C$2,'ORÇAMENTO PESSOAL'!$E$2:$P$92,51,FALSE) -> 0 | G37: =E37-F37 -> 0
D38: Banho/Tosa | E38: =HLOOKUP($C$2,'ORÇAMENTO PESSOAL'!$E$2:$P$92,52,FALSE) -> 0 | G38: =E38-F38 -> 0
D39: Veterinário/Plano Pet | E39: =HLOOKUP($C$2,'ORÇAMENTO PESSOAL'!$E$2:$P$92,53,FALSE) -> 0 | G39: =E39-F39 -> 0
C40: Outros | D40: Seguro de Vida | E40: =HLOOKUP($C$2,'ORÇAMENTO PESSOAL'!$E$2:$P$92,54,FALSE) -> 0 | G40: =E40-F40 -> 0
D41: Tarifas Bancárias | E41: =HLOOKUP($C$2,'ORÇAMENTO PESSOAL'!$E$2:$P$92,55,FALSE) -> 0 | G41: =E41-F41 -> 0
D42: Empréstimos/Financiamentos | E42: =HLOOKUP($C$2,'ORÇAMENTO PESSOAL'!$E$2:$P$92,56,FALSE) -> 0 | G42: =E42-F42 -> 0
D43: Outros | E43: =HLOOKUP($C$2,'ORÇAMENTO PESSOAL'!$E$2:$P$92,57,FALSE) -> 0 | G43: =E43-F43 -> 0
B44: EVENTUAIS São as despesas que não acontecem com periodicidade definida ou são extraordinárias, para as quais precisamos estar preparadas quando acontecerem. | C44: Saúde | D44: Médico/Terapia | E44: =HLOOKUP($C$2,'ORÇAMENTO PESSOAL'!$E$2:$P$92,58,FALSE) -> 0 | G44: =E44-F44 -> 0
D45: Dentista | E45: =HLOOKUP($C$2,'ORÇAMENTO PESSOAL'!$E$2:$P$92,59,FALSE) -> 0 | G45: =E45-F45 -> 0
D46: Outros | E46: =HLOOKUP($C$2,'ORÇAMENTO PESSOAL'!$E$2:$P$92,60,FALSE) -> 0 | G46: =E46-F46 -> 0
C47: Impostos | D47: IPTU | E47: =HLOOKUP($C$2,'ORÇAMENTO PESSOAL'!$E$2:$P$92,61,FALSE) -> 0 | G47: =E47-F47 -> 0
D48: IPVA | E48: =HLOOKUP($C$2,'ORÇAMENTO PESSOAL'!$E$2:$P$92,62,FALSE) -> 0 | G48: =E48-F48 -> 0
D49: IR | E49: =HLOOKUP($C$2,'ORÇAMENTO PESSOAL'!$E$2:$P$92,63,FALSE) -> 0 | G49: =E49-F49 -> 0
D50: Outros | E50: =HLOOKUP($C$2,'ORÇAMENTO PESSOAL'!$E$2:$P$92,64,FALSE) -> 0 | G50: =E50-F50 -> 0
C51: Educação | D51: Material Escolar | E51: =HLOOKUP($C$2,'ORÇAMENTO PESSOAL'!$E$2:$P$92,65,FALSE) -> 0 | G51: =E51-F51 -> 0
D52: Uniforme | E52: =HLOOKUP($C$2,'ORÇAMENTO PESSOAL'!$E$2:$P$92,66,FALSE) -> 0 | G52: =E52-F52 -> 0
D53: Outros | E53: =HLOOKUP($C$2,'ORÇAMENTO PESSOAL'!$E$2:$P$92,67,FALSE) -> 0 | G53: =E53-F53 -> 0
C54: Outros | D54: Manutenção do Carro | E54: =HLOOKUP($C$2,'ORÇAMENTO PESSOAL'!$E$2:$P$92,68,FALSE) -> 0 | G54: =E54-F54 -> 0
D55: Manutenção da Casa | E55: =HLOOKUP($C$2,'ORÇAMENTO PESSOAL'!$E$2:$P$92,69,FALSE) -> 0 | G55: =E55-F55 -> 0
D56: Outros | E56: =HLOOKUP($C$2,'ORÇAMENTO PESSOAL'!$E$2:$P$92,70,FALSE) -> 0 | G56: =E56-F56 -> 0
C57: Total NECESSIDADES | E57: =SUM(E10:E56) -> 0 | F57: =SUM(F10:F56) -> 0 | G57: =E57-F57 -> 0
A58: VONTADES | B58: ADICIONAIS Aquelas que não precisam acontecer todos os meses, são variáveis e fazem parte do estilo de vida. | C58: Lazer | D58: Viagens/Passeios | E58: =HLOOKUP($C$2,'ORÇAMENTO PESSOAL'!$E$2:$P$92,73,FALSE) -> 0 | G58: =E58-F58 -> 0
D59: Restaurantes/Bares | E59: =HLOOKUP($C$2,'ORÇAMENTO PESSOAL'!$E$2:$P$92,74,FALSE) -> 0 | G59: =E59-F59 -> 0
D60: Apps de Comida | E60: =HLOOKUP($C$2,'ORÇAMENTO PESSOAL'!$E$2:$P$92,75,FALSE) -> 0 | G60: =E60-F60 -> 0
D61: Cinemas/Teatros/Shows | E61: =HLOOKUP($C$2,'ORÇAMENTO PESSOAL'!$E$2:$P$92,76,FALSE) -> 0 | G61: =E61-F61 -> 0
D62: Assinaturas Mensais | E62: =HLOOKUP($C$2,'ORÇAMENTO PESSOAL'!$E$2:$P$92,77,FALSE) -> 0 | G62: =E62-F62 -> 0
D63: Outros | E63: =HLOOKUP($C$2,'ORÇAMENTO PESSOAL'!$E$2:$P$92,78,FALSE) -> 0 | G63: =E63-F63 -> 0
C64: Vestuário | D64: Roupas | E64: =HLOOKUP($C$2,'ORÇAMENTO PESSOAL'!$E$2:$P$92,79,FALSE) -> 0 | G64: =E64-F64 -> 0
D65: Calçados | E65: =HLOOKUP($C$2,'ORÇAMENTO PESSOAL'!$E$2:$P$92,80,FALSE) -> 0 | G65: =E65-F65 -> 0
D66: Acessórios | E66: =HLOOKUP($C$2,'ORÇAMENTO PESSOAL'!$E$2:$P$92,81,FALSE) -> 0 | G66: =E66-F66 -> 0
C67: Cuidados Pessoais | D67: Beleza | E67: =HLOOKUP($C$2,'ORÇAMENTO PESSOAL'!$E$2:$P$92,82,FALSE) -> 0 | G67: =E67-F67 -> 0
D68: Cosméticos | E68: =HLOOKUP($C$2,'ORÇAMENTO PESSOAL'!$E$2:$P$92,83,FALSE) -> 0 | G68: =E68-F68 -> 0
D69: Academia | E69: =HLOOKUP($C$2,'ORÇAMENTO PESSOAL'!$E$2:$P$92,84,FALSE) -> 0 | G69: =E69-F69 -> 0
D70: Outros | E70: =HLOOKUP($C$2,'ORÇAMENTO PESSOAL'!$E$2:$P$92,85,FALSE) -> 0 | G70: =E70-F70 -> 0
C71: Outros | D71: Presentes | E71: =HLOOKUP($C$2,'ORÇAMENTO PESSOAL'!$E$2:$P$92,86,FALSE) -> 0 | G71: =E71-F71 -> 0
D72: Utilidades Doméstica e Decoração | E72: =HLOOKUP($C$2,'ORÇAMENTO PESSOAL'!$E$2:$P$92,87,FALSE) -> 0 | G72: =E72-F72 -> 0
D73: Cursos/Livros | E73: =HLOOKUP($C$2,'ORÇAMENTO PESSOAL'!$E$2:$P$92,88,FALSE) -> 0 | G73: =E73-F73 -> 0
D74: Despesas Não Identificadas | E74: =HLOOKUP($C$2,'ORÇAMENTO PESSOAL'!$E$2:$P$92,89,FALSE) -> 0 | G74: =E74-F74 -> 0
D75: Doações/Dízimos | E75: =HLOOKUP($C$2,'ORÇAMENTO PESSOAL'!$E$2:$P$92,90,FALSE) -> 0 | G75: =E75-F75 -> 0
D76: Outros | E76: =HLOOKUP($C$2,'ORÇAMENTO PESSOAL'!$E$2:$P$93,91,FALSE) -> 0 | G76: =E76-F76 -> 0
C77: Total VONTADES | E77: =SUM(E58:E76) -> 0 | F77: =SUM(F58:F76) -> 0 | G77: =E77-F77 -> 0

Sheet DEZEMBRO
A1: Acompanhamento Mensal
C2: DEZEMBRO | E2: Orçamento Previsto | F2: Gasto Atual | G2: Disponível | I2: RESUMO | K2: Orçamento Previsto | L2: Gasto Atual | M2: Disponível
A3: INVESTIMENTOS Insira aqui o montante mensal que você destinará aos seus investimentos. | D3: Meta 1 | E3: =HLOOKUP($C$2,'ORÇAMENTO PESSOAL'!$E$2:$P$92,16,FALSE) -> 0 | G3: =E3-F3 -> 0 | I3: Necessidades | K3: =E57 -> 0 | L3: =F57 -> 0 | M3: =K3-L3 -> 0
D4: Meta 2 | E4: =HLOOKUP($C$2,'ORÇAMENTO PESSOAL'!$E$2:$P$92,17,FALSE) -> 0 | G4: =E4-F4 -> 0 | I4: Vontades | K4: =E77 -> 0 | L4: =F77 -> 0 | M4: =K4-L4 -> 0
D5: Reserva de Emergência | E5: =HLOOKUP($C$2,'ORÇAMENTO PESSOAL'!$E$2:$P$92,18,FALSE) -> 0 | G5: =E5-F5 -> 0 | I5: Metas (Médio e Longo Prazo) | K5: =E3+E4+E7 -> 0 | L5: =F3+F4+F7 -> 0 | M5: =K5-L5 -> 0
D6: Aposentadoria/Independência Financeira | E6: =HLOOKUP($C$2,'ORÇAMENTO PESSOAL'!$E$2:$P$92,19,FALSE) -> 0 | G6: =E6-F6 -> 0 | I6: Reserva de Emergência | K6: =E5 -> 0 | L6: =F5 -> 0 | M6: =K6-L6 -> 0
D7: Outros | E7: =HLOOKUP($C$2,'ORÇAMENTO PESSOAL'!$E$2:$P$92,20,FALSE) -> 0 | G7: =E7-F7 -> 0 | I7: Aposentadoria/Independência Fin. | K7: =E6 -> 0 | L7: =F6 -> 0 | M7: =K7-L7 -> 0
D8: Total | E8: =SUM(E3:E7) -> 0 | F8: =SUM(F3:F7) -> 0 | G8: =SUM(G3:G7) -> 0 | I8: Total | K8: =SUM(K3:K7) -> 0 | L8: =SUM(L3:L7) -> 0 | M8: =K8-L8 -> 0
A10: NECESSIDADES / ESSENCIAIS | B10: DESPESAS FIXAS Aquelas que têm o mesmo valor mensalmente. e DESPESAS VARIÁVEIS Aquelas que acontecem todos os meses, podem variar de valor e podemos tentar reduzir. | C10: Habitação | D10: Aluguel | E10: =HLOOKUP($C$2,'ORÇAMENTO PESSOAL'!$E$2:$P$92,24,FALSE) -> 0 | G10: =E10-F10 -> 0
D11: Condomínio | E11: =HLOOKUP($C$2,'ORÇAMENTO PESSOAL'!$E$2:$P$92,25,FALSE) -> 0 | G11: =E11-F11 -> 0
D12: Prestação da Casa | E12: =HLOOKUP($C$2,'ORÇAMENTO PESSOAL'!$E$2:$P$92,26,FALSE) -> 0 | G12: =E12-F12 -> 0
D13: Diarista/Mensalista | E13: =HLOOKUP($C$2,'ORÇAMENTO PESSOAL'!$E$2:$P$92,27,FALSE) -> 0 | G13: =E13-F13 -> 0
D14: Luz | E14: =HLOOKUP($C$2,'ORÇAMENTO PESSOAL'!$E$2:$P$92,28,FALSE) -> 0 | G14: =E14-F14 -> 0
D15: Água | E15: =HLOOKUP($C$2,'ORÇAMENTO PESSOAL'!$E$2:$P$92,29,FALSE) -> 0 | G15: =E15-F15 -> 0
D16: Telefone | E16: =HLOOKUP($C$2,'ORÇAMENTO PESSOAL'!$E$2:$P$92,30,FALSE) -> 0 | G16: =E16-F16 -> 0
D17: Gás | E17: =HLOOKUP($C$2,'ORÇAMENTO PESSOAL'!$E$2:$P$92,31,FALSE) -> 0 | G17: =E17-F17 -> 0
D18: Internet | E18: =HLOOKUP($C$2,'ORÇAMENTO PESSOAL'!$E$2:$P$92,32,FALSE) -> 0 | G18: =E18-F18 -> 0
D19: Outros | E19: =HLOOKUP($C$2,'ORÇAMENTO PESSOAL'!$E$2:$P$92,33,FALSE) -> 0 | G19: =E19-F19 -> 0
C20: Transporte | D20: Prestação do Carro | E20: =HLOOKUP($C$2,'ORÇAMENTO PESSOAL'!$E$2:$P$92,34,FALSE) -> 0 | G20: =E20-F20 -> 0
D21: Seguro do Carro | E21: =HLOOKUP($C$2,'ORÇAMENTO PESSOAL'!$E$2:$P$92,35,FALSE) -> 0 | G21: =E21-F21 -> 0
D22: Combustível | E22: =HLOOKUP($C$2,'ORÇAMENTO PESSOAL'!$E$2:$P$92,36,FALSE) -> 0 | G22: =E22-F22 -> 0
D23: Metrô/Ônibus | E23: =HLOOKUP($C$2,'ORÇAMENTO PESSOAL'!$E$2:$P$92,37,FALSE) -> 0 | G23: =E23-F23 -> 0
D24: Taxi/Uber | E24: =HLOOKUP($C$2,'ORÇAMENTO PESSOAL'!$E$2:$P$92,38,FALSE) -> 0 | G24: =E24-F24 -> 0
D25: Estacionamento | E25: =HLOOKUP($C$2,'ORÇAMENTO PESSOAL'!$E$2:$P$92,39,FALSE) -> 0 | G25: =E25-F25 -> 0
D26: Outros | E26: =HLOOKUP($C$2,'ORÇAMENTO PESSOAL'!$E$2:$P$92,40,FALSE) -> 0 | G26: =E26-F26 -> 0
C27: Saúde | D27: Plano de Saúde | E27: =HLOOKUP($C$2,'ORÇAMENTO PESSOAL'!$E$2:$P$92,41,FALSE) -> 0 | G27: =E27-F27 -> 0
D28: Medicamentos | E28: =HLOOKUP($C$2,'ORÇAMENTO PESSOAL'!$E$2:$P$92,42,FALSE) -> 0 | G28: =E28-F28 -> 0
D29: Outros | E29: =HLOOKUP($C$2,'ORÇAMENTO PESSOAL'!$E$2:$P$92,43,FALSE) -> 0 | G29: =E29-F29 -> 0
C30: Alimentação | D30: Supermercado | E30: =HLOOKUP($C$2,'ORÇAMENTO PESSOAL'!$E$2:$P$92,44,FALSE) -> 0 | G30: =E30-F30 -> 0
D31: Feira | E31: =HLOOKUP($C$2,'ORÇAMENTO PESSOAL'!$E$2:$P$92,45,FALSE) -> 0 | G31: =E31-F31 -> 0
D32: Padaria | E32: =HLOOKUP($C$2,'ORÇAMENTO PESSOAL'!$E$2:$P$92,46,FALSE) -> 0 | G32: =E32-F32 -> 0
D33: Outros | E33: =HLOOKUP($C$2,'ORÇAMENTO PESSOAL'!$E$2:$P$92,47,FALSE) -> 0 | G33: =E33-F33 -> 0
C34: Educação | D34: Mensalidade | E34: =HLOOKUP($C$2,'ORÇAMENTO PESSOAL'!$E$2:$P$92,48,FALSE) -> 0 | G34: =E34-F34 -> 0
D35: Transporte Escolar | E35: =HLOOKUP($C$2,'ORÇAMENTO PESSOAL'!$E$2:$P$92,49,FALSE) -> 0 | G35: =E35-F35 -> 0
D36: Outros | E36: =HLOOKUP($C$2,'ORÇAMENTO PESSOAL'!$E$2:$P$92,50,FALSE) -> 0 | G36: =E36-F36 -> 0
C37: Animais de Estimação | D37: Ração | E37: =HLOOKUP($C$2,'ORÇAMENTO PESSOAL'!$E$2:$P$92,51,FALSE) -> 0 | G37: =E37-F37 -> 0
D38: Banho/Tosa | E38: =HLOOKUP($C$2,'ORÇAMENTO PESSOAL'!$E$2:$P$92,52,FALSE) -> 0 | G38: =E38-F38 -> 0
D39: Veterinário/Plano Pet | E39: =HLOOKUP($C$2,'ORÇAMENTO PESSOAL'!$E$2:$P$92,53,FALSE) -> 0 | G39: =E39-F39 -> 0
C40: Outros | D40: Seguro de Vida | E40: =HLOOKUP($C$2,'ORÇAMENTO PESSOAL'!$E$2:$P$92,54,FALSE) -> 0 | G40: =E40-F40 -> 0
D41: Tarifas Bancárias | E41: =HLOOKUP($C$2,'ORÇAMENTO PESSOAL'!$E$2:$P$92,55,FALSE) -> 0 | G41: =E41-F41 -> 0
D42: Empréstimos/Financiamentos | E42: =HLOOKUP($C$2,'ORÇAMENTO PESSOAL'!$E$2:$P$92,56,FALSE) -> 0 | G42: =E42-F42 -> 0
D43: Outros | E43: =HLOOKUP($C$2,'ORÇAMENTO PESSOAL'!$E$2:$P$92,57,FALSE) -> 0 | G43: =E43-F43 -> 0
B44: EVENTUAIS São as despesas que não acontecem com periodicidade definida ou são extraordinárias, para as quais precisamos estar preparadas quando acontecerem. | C44: Saúde | D44: Médico/Terapia | E44: =HLOOKUP($C$2,'ORÇAMENTO PESSOAL'!$E$2:$P$92,58,FALSE) -> 0 | G44: =E44-F44 -> 0
D45: Dentista | E45: =HLOOKUP($C$2,'ORÇAMENTO PESSOAL'!$E$2:$P$92,59,FALSE) -> 0 | G45: =E45-F45 -> 0
D46: Outros | E46: =HLOOKUP($C$2,'ORÇAMENTO PESSOAL'!$E$2:$P$92,60,FALSE) -> 0 | G46: =E46-F46 -> 0
C47: Impostos | D47: IPTU | E47: =HLOOKUP($C$2,'ORÇAMENTO PESSOAL'!$E$2:$P$92,61,FALSE) -> 0 | G47: =E47-F47 -> 0
D48: IPVA | E48: =HLOOKUP($C$2,'ORÇAMENTO PESSOAL'!$E$2:$P$92,62,FALSE) -> 0 | G48: =E48-F48 -> 0
D49: IR | E49: =HLOOKUP($C$2,'ORÇAMENTO PESSOAL'!$E$2:$P$92,63,FALSE) -> 0 | G49: =E49-F49 -> 0
D50: Outros | E50: =HLOOKUP($C$2,'ORÇAMENTO PESSOAL'!$E$2:$P$92,64,FALSE) -> 0 | G50: =E50-F50 -> 0
C51: Educação | D51: Material Escolar | E51: =HLOOKUP($C$2,'ORÇAMENTO PESSOAL'!$E$2:$P$92,65,FALSE) -> 0 | G51: =E51-F51 -> 0
D52: Uniforme | E52: =HLOOKUP($C$2,'ORÇAMENTO PESSOAL'!$E$2:$P$92,66,FALSE) -> 0 | G52: =E52-F52 -> 0
D53: Outros | E53: =HLOOKUP($C$2,'ORÇAMENTO PESSOAL'!$E$2:$P$92,67,FALSE) -> 0 | G53: =E53-F53 -> 0
C54: Outros | D54: Manutenção do Carro | E54: =HLOOKUP($C$2,'ORÇAMENTO PESSOAL'!$E$2:$P$92,68,FALSE) -> 0 | G54: =E54-F54 -> 0
D55: Manutenção da Casa | E55: =HLOOKUP($C$2,'ORÇAMENTO PESSOAL'!$E$2:$P$92,69,FALSE) -> 0 | G55: =E55-F55 -> 0
D56: Outros | E56: =HLOOKUP($C$2,'ORÇAMENTO PESSOAL'!$E$2:$P$92,70,FALSE) -> 0 | G56: =E56-F56 -> 0
C57: Total NECESSIDADES | E57: =SUM(E10:E56) -> 0 | F57: =SUM(F10:F56) -> 0 | G57: =E57-F57 -> 0
A58: VONTADES | B58: ADICIONAIS Aquelas que não precisam acontecer todos os meses, são variáveis e fazem parte do estilo de vida. | C58: Lazer | D58: Viagens/Passeios | E58: =HLOOKUP($C$2,'ORÇAMENTO PESSOAL'!$E$2:$P$92,73,FALSE) -> 0 | G58: =E58-F58 -> 0
D59: Restaurantes/Bares | E59: =HLOOKUP($C$2,'ORÇAMENTO PESSOAL'!$E$2:$P$92,74,FALSE) -> 0 | G59: =E59-F59 -> 0
D60: Apps de Comida | E60: =HLOOKUP($C$2,'ORÇAMENTO PESSOAL'!$E$2:$P$92,75,FALSE) -> 0 | G60: =E60-F60 -> 0
D61: Cinemas/Teatros/Shows | E61: =HLOOKUP($C$2,'ORÇAMENTO PESSOAL'!$E$2:$P$92,76,FALSE) -> 0 | G61: =E61-F61 -> 0
D62: Assinaturas Mensais | E62: =HLOOKUP($C$2,'ORÇAMENTO PESSOAL'!$E$2:$P$92,77,FALSE) -> 0 | G62: =E62-F62 -> 0
D63: Outros | E63: =HLOOKUP($C$2,'ORÇAMENTO PESSOAL'!$E$2:$P$92,78,FALSE) -> 0 | G63: =E63-F63 -> 0
C64: Vestuário | D64: Roupas | E64: =HLOOKUP($C$2,'ORÇAMENTO PESSOAL'!$E$2:$P$92,79,FALSE) -> 0 | G64: =E64-F64 -> 0
D65: Calçados | E65: =HLOOKUP($C$2,'ORÇAMENTO PESSOAL'!$E$2:$P$92,80,FALSE) -> 0 | G65: =E65-F65 -> 0
D66: Acessórios | E66: =HLOOKUP($C$2,'ORÇAMENTO PESSOAL'!$E$2:$P$92,81,FALSE) -> 0 | G66: =E66-F66 -> 0
C67: Cuidados Pessoais | D67: Beleza | E67: =HLOOKUP($C$2,'ORÇAMENTO PESSOAL'!$E$2:$P$92,82,FALSE) -> 0 | G67: =E67-F67 -> 0
D68: Cosméticos | E68: =HLOOKUP($C$2,'ORÇAMENTO PESSOAL'!$E$2:$P$92,83,FALSE) -> 0 | G68: =E68-F68 -> 0
D69: Academia | E69: =HLOOKUP($C$2,'ORÇAMENTO PESSOAL'!$E$2:$P$92,84,FALSE) -> 0 | G69: =E69-F69 -> 0
D70: Outros | E70: =HLOOKUP($C$2,'ORÇAMENTO PESSOAL'!$E$2:$P$92,85,FALSE) -> 0 | G70: =E70-F70 -> 0
C71: Outros | D71: Presentes | E71: =HLOOKUP($C$2,'ORÇAMENTO PESSOAL'!$E$2:$P$92,86,FALSE) -> 0 | G71: =E71-F71 -> 0
D72: Utilidades Doméstica e Decoração | E72: =HLOOKUP($C$2,'ORÇAMENTO PESSOAL'!$E$2:$P$92,87,FALSE) -> 0 | G72: =E72-F72 -> 0
D73: Cursos/Livros | E73: =HLOOKUP($C$2,'ORÇAMENTO PESSOAL'!$E$2:$P$92,88,FALSE) -> 0 | G73: =E73-F73 -> 0
D74: Despesas Não Identificadas | E74: =HLOOKUP($C$2,'ORÇAMENTO PESSOAL'!$E$2:$P$92,89,FALSE) -> 0 | G74: =E74-F74 -> 0
D75: Doações/Dízimos | E75: =HLOOKUP($C$2,'ORÇAMENTO PESSOAL'!$E$2:$P$92,90,FALSE) -> 0 | G75: =E75-F75 -> 0
D76: Outros | E76: =HLOOKUP($C$2,'ORÇAMENTO PESSOAL'!$E$2:$P$93,91,FALSE) -> 0 | G76: =E76-F76 -> 0
C77: Total VONTADES | E77: =SUM(E58:E76) -> 0 | F77: =SUM(F58:F76) -> 0 | G77: =E77-F77 -> 0
